Workbook

Sheet CARGOS E SAL BASE
A1: ITEM | B1: CARGO | C1: QUANTIDADE | E1: CARGA HORÁRIA h | F1: SALÁRIO BASE R$ | G1: VALOR DO POSTO DE TRABALHO R$ | H1: VALOR DO POSTO DE TRABALHO R$ | K1: FONTE | L1: CBO | M1: VALOR FINAL R$
C2: LICITADA | D2: SOLICITADA | H2: com adicional Insalubridade médio | I2: com adicional Insalubridade máximo | J2: com adicional Noturno
A3: 1 | B3: AUXILIAR ADMINISTRATIVO 44 HR SEMANAIS | C3: 120 | D3: 120 | E3: 44H | F3: 1589.96 | G3: ='COMPARAÇÃO PMPA'!C79 -> 4924.4841 | K3: MG000612/2020 | L3: 4110-05 | M3: =C3*G3 -> 590938.1
A4: 2 | B4: AUXILIAR ADMINISTRATIVO 12X36 HORAS DIURNO | C4: 25 | D4: 25 | E4: 12X36 | F4: 1589.96 | G4: ='COMPARAÇÃO PMPA'!L3 -> 4604.1426 | K4: MG000612/2020 | L4: 4110-05 | M4: =C4*G4 -> 115103.56
A5: 3 | B5: RECEPCIONISTA 44 HR SEMANAIS | C5: 60 | D5: 60 | E5: 44H | F5: 1855.15 | G5: ='COMPARAÇÃO PMPA'!L4 -> 5437.8884 | K5: MG000612/2020 | L5: 4221-05 | M5: =C5*G5 -> 326273.31
A6: 4 | B6: RECEPCIONISTA 12X36 DIURNO | C6: 30 | D6: 30 | E6: 12X36 | F6: 1855.15 | G6: ='COMPARAÇÃO PMPA'!L5 -> 5117.5468 | K6: MG000612/2020 | L6: 4221-05 | M6: =C6*G6 -> 153526.41
A7: 5 | B7: RECEPCIONISTA 12X36 NOTURNO | C7: 30 | D7: 30 | E7: 12X36 | F7: 1855.15 | G7: ='COMPARAÇÃO PMPA'!L6 -> 5739.1221 | K7: MG000612/2020 | L7: 4221-05 | M7: =C7*G7 -> 172173.66
A8: 6 | B8: AUXILIAR DE COZINHA 44HR | C8: 150 | D8: 150 | E8: 44H | F8: 1086.46 | G8: ='COMPARAÇÃO PMPA'!L7 -> 4049.6405 | K8: MG000471/2020 | L8: 5135-05 | M8: =C8*G8 -> 607446.07
A9: 7 | B9: AUXILIAR DE COZINHA 12X36 DIA | C9: 20 | D9: 20 | E9: 12X36 | F9: 1086.46 | G9: ='COMPARAÇÃO PMPA'!L8 -> 3828.6777 | K9: MG000471/2020 | L9: 5135-05 | M9: =C9*G9 -> 76573.555
A10: 8 | B10: AUX DE LIMPEZA/FAXINEIRO/SERVIÇOS GERAIS 44HR | C10: 450 | D10: 450 | E10: 44H | F10: 1137.23 | G10: ='COMPARAÇÃO PMPA'!L9 -> 4009.0882 | K10: MG000612/2020 | L10: 5143-20 | M10: =C10*G10 -> 1804089.7
A11: 9 | B11: AUX DE LIMP/FAXINEIRO/SERV GERAIS 44HR INSALUBRE 20% | C11: 100 | D11: 100 | E11: 44H | F11: 1137.23 | G11: ='COMPARAÇÃO PMPA'!L10 -> 4428.077 | K11: MG000612/2020 | L11: 5143-20 | M11: =C11*G11 -> 442807.7
A12: 10 | B12: AUX DE LIMP/FAXINEIRO/SERV GERAIS 44HR INSALUBRE 40% | C12: 100 | D12: 100 | E12: 44H | F12: 1137.23 | G12: ='COMPARAÇÃO PMPA'!L11 -> 4847.0659 | K12: MG000612/2020 | L12: 5143-20 | M12: =C12*G12 -> 484706.59
A13: 11 | B13: AUX DE LIMP/FAXINEIRO/SERV GERAIS 12X36 DIA SEM INSAL | C13: 18 | D13: 18 | E13: 12X36 | F13: 1137.23 | G13: ='COMPARAÇÃO PMPA'!L12 -> 3688.7469 | K13: MG000612/2020 | L13: 5143-20 | M13: =C13*G13 -> 66397.445
A14: 12 | B14: AUX DE LIMP/FAXINEIRO/SERV GERAIS 12X36 DIA COM 20% INSAL | C14: 50 | D14: 50 | E14: 12X36 | F14: 1137.23 | G14: ='COMPARAÇÃO PMPA'!L13 -> 4107.7358 | K14: MG000612/2020 | L14: 5143-20 | M14: =C14*G14 -> 205386.79
A15: 13 | B15: AUX DE LIMP/FAXINEIRO/SERV GERAIS 12X36 DIA COM 40% INSAL | C15: 150 | D15: 150 | E15: 12X36 | F15: 1137.23 | G15: ='COMPARAÇÃO PMPA'!L14 -> 4526.7246 | K15: MG000612/2020 | L15: 5143-20 | M15: =C15*G15 -> 679008.69
... A26: 24 | B26: TELEFONISTA 36HR | C26: 40 | D26: 40 | E26: 36H | F26: 1832.78 | G26: ='COMPARAÇÃO PMPA'!L25 -> 4665.1316 | K26: MG001424/2020 | L26: 4222-05 | M26: =C26*G26 -> 186605.26
A27: 25 | B27: MONITOR DE TRANSPORTES/CRECHE/ESCOLA | C27: 400 | D27: 400 | E27: 44H | F27: 1054 | G27: ='COMPARAÇÃO PMPA'!H26 -> 3662.3252 | K27: MG001841 2019 | L27: 3341-15 | M27: =C27*G27 -> 1464930.1
A28: 26 | B28: MOTORISTA DE CAMINHÃO/MÁQUINA PESADA | C28: 18 | D28: 18 | E28: 44H | F28: 1865.86 | G28: ='COMPARAÇÃO PMPA'!L27 -> 5288.9061 | K28: MG002447/2020 | L28: 7825-10 | M28: =C28*G28 -> 95200.311
A29: 27 | B29: MOTORISTA DE ÔNIBUS ESCOLAR/MICROONIBUS ESCOLAR | C29: 50 | D29: 50 | E29: 44H | F29: 2719.91 | G29: ='COMPARAÇÃO PMPA'!L28 -> 7426.7387 | K29: MG002447/2020 | L29: 7824-05 | M29: =C29*G29 -> 371336.94
A30: 28 | B30: MOTORISTA DE CARRO ATE 7 LUGARES | C30: 20 | D30: 20 | E30: 44H | F30: 1832.02 | G30: ='COMPARAÇÃO PMPA'!L29 -> 5190.7889 | K30: MG002447/2020 | L30: 7823-05 | M30: =C30*G30 -> 103815.78
A31: 29 | B31: MOTORISTA AMBULANCIA 12X36 DIA | C31: 30 | D31: 30 | E31: 12X36 | F31: 2719.91 | G31: ='COMPARAÇÃO PMPA'!L30 -> 8127.6991 | K31: MG002447/2020 | L31: 7823-20 | M31: =C31*G31 -> 243830.97
A32: 30 | B32: MOTORISTA AMBULANCIA 12X36 NOITE | C32: 30 | D32: 30 | E32: 12X36 | F32: 2719.91 | G32: ='COMPARAÇÃO PMPA'!L31 -> 9179.0673 | K32: MG002447/2020 | L32: 7823-20 | M32: =C32*G32 -> 275372.02
A33: 31 | B33: PORTEIRO | C33: 250 | D33: 250 | E33: 44H | F33: 1398.79 | G33: ='COMPARAÇÃO PMPA'!L32 -> 4495.1113 | K33: CC MG000612/2020 | L33: 5174-10 | M33: =C33*G33 -> 1123777.8
A34: 32 | B34: PORTEIRO 12 X 36 DIURNO | C34: 50 | D34: 50 | E34: 12X36 | F34: 1398.79 | G34: ='COMPARAÇÃO PMPA'!L33 -> 4167.9971 | K34: CC MG000612/2020 | L34: 5174-10 | M34: =C34*G34 -> 208399.86
A35: 33 | B35: PORTEIRO 12 X 36 NOTURNO | C35: 50 | D35: 50 | E35: 12X36 | F35: 1398.79 | G35: ='COMPARAÇÃO PMPA'!L34 -> 4890.6036 | K35: CC MG000612/2020 | L35: 5174-10 | M35: =C35*G35 -> 244530.18
A36: 34 | B36: FARMACEUTICO 40HR | C36: 18 | D36: 18 | E36: 40H | F36: 4314.76 | G36: ='COMPARAÇÃO PMPA'!L35 -> 9452.9595 | K36: SIND FARMACEUTICOS MG CCT 2020/2021 | L36: 2234-05 | M36: =C36*G36 -> 170153.27
A37: 35 | B37: TECNICO LABORATORIO 44HR | C37: 18 | D37: 18 | E37: 44H | F37: 1252.64 | G37: ='COMPARAÇÃO PMPA'!L36 -> 3800.102 | K37: SIND TEC LABORATORIO MG CCT 2017/2019 | L37: 3242-05 | M37: =C37*G37 -> 68401.836
A38: 36 | B38: TECNICO LABORATORIO 12X36 DIA | C38: 18 | D38: 18 | E38: 12X36 | F38: 1252.64 | G38: ='COMPARAÇÃO PMPA'!L37 -> 3715.2001 | K38: SIND TEC LABORATORIO MG CCT 2017/2019 | L38: 3242-05 | M38: =C38*G38 -> 66873.601
A39: 37 | B39: TECNICO LABORATORIO 12X36 NOITE | C39: 18 | D39: 18 | E39: 12X36 | F39: 1252.64 | G39: ='COMPARAÇÃO PMPA'!L38 -> 4419.2054 | K39: SIND TEC LABORATORIO MG CCT 2017/2019 | L39: 3242-05 | M39: =C39*G39 -> 79545.696
... A54: 52 | B54: ASSISTENTE SOCIAL | C54: 18 | D54: 18 | E54: 30H | F54: 2990.48 | G54: ='COMPARAÇÃO PMPA'!L53 -> 6788.8176 | K54: SITE SALARIOBR.COM.BR | L54: 2516-05 | M54: =C54*G54 -> 122198.72
A55: 53 | B55: FARMACEUTICO BIOQUIMICO 12X36 DIA | C55: 18 | D55: 18 | E55: 12X36 | F55: ='COMPARAÇÃO PMPA'!G54 -> 2133.1 | G55: ='COMPARAÇÃO PMPA'!L54 -> 6129.8932 | K55: SITE SALARIOBR.COM.BR | L55: 2234-10 | M55: =C55*G55 -> 110338.08
A56: 54 | B56: FARMACEUTICO BIOQUIMICO 12X36 NOITE | C56: 18 | D56: 18 | E56: 12X36 | F56: 2133.1 | G56: ='COMPARAÇÃO PMPA'!L55 -> 6895.7078 | K56: SITE SALARIOBR.COM.BR | L56: 2234-10 | M56: =C56*G56 -> 124122.74
A57: 55 | B57: DENTISTA | C57: 18 | D57: 18 | E57: 30H | F57: 3824.18 | G57: ='COMPARAÇÃO PMPA'!L56 -> 9520.0573 | K57: SITE SALARIOBR.COM.BR | L57: 2232-08 | M57: =C57*G57 -> 171361.03
A58: 56 | B58: FONOAUDIOLOGO | C58: 18 | D58: 18 | E58: 30H | F58: ='COMPARAÇÃO PMPA'!G57 -> 2070.47 | G58: ='COMPARAÇÃO PMPA'!L57 -> 6004.9919 | K58: SITE SALARIOBR.COM.BR | L58: 2238-10 | M58: =C58*G58 -> 108089.85
A59: 57 | B59: NUTRICIONISTA | C59: 18 | D59: 18 | E59: 40H | F59: ='COMPARAÇÃO PMPA'!G58 -> 2331.89 | G59: ='COMPARAÇÃO PMPA'!L58 -> 6528.4141 | K59: SITE SALARIOBR.COM.BR | L59: 2237-10 | M59: =C59*G59 -> 117511.45
A60: 58 | B60: PSICOLOGO | C60: 18 | D60: 18 | E60: 30H | F60: ='COMPARAÇÃO PMPA'!G59 -> 2388.88 | G60: ='COMPARAÇÃO PMPA'!L59 -> 6642.6638 | K60: SITE SALARIOBR.COM.BR | L60: 2515-10 | M60: =C60*G60 -> 119567.95
A61: 59 | B61: TERAPEUTA OCUPACIONAL | C61: 18 | D61: 18 | E61: 30H | F61: ='COMPARAÇÃO PMPA'!G60 -> 2768.03 | G61: ='COMPARAÇÃO PMPA'!L60 -> 7402.7584 | K61: SITE SALARIOBR.COM.BR | L61: 2239-05 | M61: =C61*G61 -> 133249.65
A62: 60 | B62: MEDICO CLINICO GENERALISTA | C62: 60 | D62: 60 | E62: 20H | F62: ='COMPARAÇÃO PMPA'!G61 -> 5155.85 | G62: ='COMPARAÇÃO PMPA'!L61 -> 12189.7 | K62: SITE SALARIOBR.COM.BR | L62: 2251-25 | M62: =C62*G62 -> 731382.02
A63: 61 | B63: MEDICO CLINICO GENERALISTA | C63: 60 | D63: 60 | E63: 40H | F63: ='COMPARAÇÃO PMPA'!G62 -> 10311.7 | G63: ='COMPARAÇÃO PMPA'!L62 -> 22525.804 | K63: SITE SALARIOBR.COM.BR | L63: 2251-25 | M63: =C63*G63 -> 1351548.2
A64: 62 | B64: MEDICO PLANTONISTA 12 HORAS | C64: 100 | D64: 100 | E64: 12H | F64: 1500 | G64: ='COMPARAÇÃO PMPA'!H63 -> 3078.007 | K64: SITE SALARIOBR.COM.BR | L64: 2251-25 | M64: =C64*G64 -> 307800.7
A65: 63 | B65: MEDICO ESPECIALISTA | C65: 60 | D65: 60 | E65: 20H | F65: ='COMPARAÇÃO PMPA'!G64 -> 7661.93 | G65: ='COMPARAÇÃO PMPA'!L64 -> 17213.722 | K65: SITE SALARIOBR.COM.BR | L65: 2251-05 | M65: =C65*G65 -> 1032823.3
A66: 64 | B66: PEDREIRO | C66: 100 | D66: 100 | E66: 44H | F66: 1752 | G66: ='COMPARAÇÃO PMPA'!L65 -> 6997.194 | K66: SIND TRAB IND CONSTRUÇÃO SUL DE MINAS 2018/2019 | L66: 7152-10 | M66: =C66*G66 -> 699719.4
A67: 65 | B67: AJUDANTE DE OBRAS/SERVENTE | C67: 100 | D67: 100 | E67: 44H | F67: 1116 | G67: ='COMPARAÇÃO PMPA'!L66 -> 5383.4034 | K67: SIND TRAB IND CONSTRUÇÃO SUL DE MINAS 2018/2019 | L67: 7170-20 | M67: =C67*G67 -> 538340.34
A68: 66 | B68: BOMBEIRO HIDRAULICO | C68: 18 | D68: 18 | E68: 44H | F68: 1752 | G68: ='COMPARAÇÃO PMPA'!L67 -> 6997.194 | K68: SIND TRAB IND CONSTRUÇÃO SUL DE MINAS 2018/2019 | L68: 7241-10 | M68: =C68*G68 -> 125949.49
A69: 67 | B69: ELETRICISTA | C69: 18 | D69: 18 | E69: 44H | F69: 1752 | G69: ='COMPARAÇÃO PMPA'!L68 -> 6997.194 | K69: SIND TRAB IND CONSTRUÇÃO SUL DE MINAS 2018/2019 | L69: 7156-15 | M69: =C69*G69 -> 125949.49
A70: 68 | B70: PINTOR DE OBRAS | C70: 18 | D70: 18 | E70: 44H | F70: 1752 | G70: ='COMPARAÇÃO PMPA'!L69 -> 6997.194 | K70: SIND TRAB IND CONSTRUÇÃO SUL DE MINAS 2018/2019 | L70: 7166-10 | M70: =C70*G70 -> 125949.49
A71: 69 | B71: MARCENEIRO | C71: 18 | D71: 18 | E71: 44H | F71: 1752 | G71: ='COMPARAÇÃO PMPA'!L70 -> 6997.194 | K71: SIND TRAB IND CONSTRUÇÃO SUL DE MINAS 2018/2019 | L71: 7711-05 | M71: =C71*G71 -> 125949.49
A72: 70 | B72: CALCETEIRO | C72: 180000 | D72: 180000 | E72: 1MT | F72: 150 | G72: 150 | K72: Site de Média Salarial | L72: 7152-05 | M72: =C72*G72/12 -> 2250000
A73: 71 | B73: ENGENHEIRO JUNIOR | C73: 18 | D73: 18 | E73: 40H | F73: ='COMPARAÇÃO PMPA'!G72 -> 7328.67 | G73: ='COMPARAÇÃO PMPA'!L72 -> 21423.399 | K73: Site de Média Salarial | L73: 2142-05 | M73: =G73*C73 -> 385621.18
A74: 72 | B74: ENGENHEIRO PLENO | C74: 18 | D74: 18 | E74: 40H | F74: ='COMPARAÇÃO PMPA'!G73 -> 12229.83 | G74: ='COMPARAÇÃO PMPA'!L73 -> 34196.572 | K74: Site de Média Salarial | L74: 2142-05 | M74: =G74*C74 -> 615538.29
A75: 73 | B75: ENGENHEIRO SENIOR | C75: 18 | D75: 18 | E75: 40H | F75: ='COMPARAÇÃO PMPA'!G74 -> 13429.67 | G75: ='COMPARAÇÃO PMPA'!L74 -> 37323.538 | K75: Site de Média Salarial | L75: 2142-05 | M75: =G75*C75 -> 671823.69
A76: 74 | B76: TECNICO DE INFORMATICA | C76: 18 | D76: 18 | E76: 44H | F76: ='COMPARAÇÃO PMPA'!$G$75 -> 2156.69 | G76: ='COMPARAÇÃO PMPA'!$L$75 -> 6170.4523 | K76: Sind. dos Trab. de Processamento de Dados | L76: 3172-10 | M76: =G76*C76 -> 111068.14
K77: VALOR TOTAL MENSAL | M77: =SUM(M3:M76) -> 27590542
K78: VALOR TOTAL ANUAL | M78: =M77*12 -> 3.310865e+08
A80: TOTAL A SEREM CONTRATADOS EM REGISTRO DE PREÇO | F80: =SUM(C3:C72) -> 184447

Sheet COMPARAÇÃO PMPA
A1: Nº | B1: CARGO | C1: QTD. LICITADA | D1: UTILZA | E1: Carga Horária Mensal | F1: Carga Horária por Dia | G1: S.B | H1: Despesa Média Mensal | I1: Valor da Hora Extra | J1: Total de Horas p/ mês p/ Equiparação | K1: Total de Hrs/Mês em $ | L1: Despesa com equiparação de horas
A2: 1 | B2: AUXILIAR ADMINISTRATIVO 44 HORAS | C2: 1 | D2: 1 | E2: 220 | F2: 8H | G2: 1589.93 | H2: ='AUXILIAR ADMINISTRATIVO'!H87:J87 -> 4924.4841 | I2: =(H2/E2)+50% -> 22.884019 | J2: 0 | K2: =J2*I2 -> 0 | L2: =H2+K2 -> 4924.4841
A3: 2 | B3: AUXILIAR ADMINISTRATIVO 12X36 DIURNO | C3: 1 | D3: 1 | E3: 180 | F3: 12X36 | G3: 1589.93 | H3: ='AUX ADM 12X36 DIURNO'!H86:J86 -> 4604.1426 | I3: =(H3/210)+50% -> 22.424488 | J3: 0 | K3: =J3*I3 -> 0 | L3: =H3+K3 -> 4604.1426
A4: 3 | B4: RECEPCIONISTA 44 HR SEMANAIS | C4: 1 | D4: 1 | E4: 220 | F4: 8H | G4: 1855.15 | H4: ='RECEPCIONISTA 44'!H86:J86 -> 5437.8884 | I4: =(H4/E4)+50% -> 25.217675 | J4: 0 | K4: =J4*I4 -> 0 | L4: =H4+K4 -> 5437.8884
A5: 4 | B5: RECEPCIONISTA 12X36 NOTURNO | C5: 1 | D5: 1 | E5: 180 | F5: 12X36 | G5: 1855.15 | H5: ='RECEPCIONISTA 12X36'!H86:J86 -> 5117.5468 | I5: =(H5/210)+50% -> 24.869271 | J5: 0 | K5: =J5*I5 -> 0 | L5: =H5+K5 -> 5117.5468
A6: 5 | B6: RECEPCIONISTA 12X36 DIURNO | C6: 1 | D6: 1 | E6: 180 | F6: 12X36 | G6: 1855.15 | H6: ='RECEPCIONISTA 12X36 N'!H86:J86 -> 5739.1221 | I6: =(H6/210)+50% -> 27.829153 | J6: 0 | K6: =J6*I6 -> 0 | L6: =H6+K6 -> 5739.1221
A7: 6 | B7: AUXILIAR DE COZINHA 44HR | C7: 1 | D7: 1 | E7: 220 | F7: 8H | G7: 1086.46 | H7: ='AUXILIAR DE COZINHA'!H87:J87 -> 4049.6405 | I7: =(H7/E7)+75% -> 19.157457 | J7: 0 | K7: =J7*I7 -> 0 | L7: =H7+K7 -> 4049.6405
A8: 7 | B8: AUXILIAR DE COZINHA 12X36 DIA | C8: 1 | D8: 1 | E8: 180 | F8: 12X36 | G8: 1086.46 | H8: ='AUXILIAR DE COZINHA 12X36'!H87:J87 -> 3828.6777 | I8: =(H8/E8)+75% -> 22.020432 | J8: 0 | K8: =J8*I8 -> 0 | L8: =H8+K8 -> 3828.6777
A9: 8 | B9: AUX DE LIMPEZA/FAXINEIRO/SERVIÇOS GERAIS 44HR | C9: 1 | D9: 1 | E9: 220 | F9: 8H | G9: 1137.23 | H9: ='AUXILIAR DE LIMPEZA'!H86:J86 -> 4009.0882 | I9: =(H9/210)+50% -> 19.590896 | J9: 0 | K9: =J9*I9 -> 0 | L9: =H9+K9 -> 4009.0882
A10: 9 | B10: AUX DE LIMP/FAXINEIRO/SERV GERAIS 44HR INSALUBRE 20% | C10: 1 | D10: 1 | E10: 220 | F10: 8H | G10: 1137.23 | H10: ='AUXILIAR DE LIMPEZA S INS'!H86:J86 -> 4428.077 | I10: =(H10/210)+50% -> 21.586081 | J10: 0 | K10: =J10*I10 -> 0 | L10: =H10+K10 -> 4428.077
A11: 10 | B11: AUX DE LIMP/FAXINEIRO/SERV GERAIS 44HR INSALUBRE 40% | C11: 1 | D11: 1 | E11: 220 | F11: 8H | G11: 1137.23 | H11: ='AUXILIAR DE LIMPEZA C IN 40'!H86:J86 -> 4847.0659 | I11: =(H11/210)+50% -> 23.581266 | J11: 0 | K11: =J11*I11 -> 0 | L11: =H11+K11 -> 4847.0659
A12: 11 | B12: AUX DE LIMP/FAXINEIRO/SERV GERAIS 12X36 DIA SEM INSAL | C12: 1 | D12: 1 | E12: 180 | F12: 12X36 | G12: 1137.23 | H12: ='AUX LIM 12X36 S INS'!H86:J86 -> 3688.7469 | I12: =(H12/210)+50% -> 18.065462 | J12: 0 | K12: =J12*I12 -> 0 | L12: =H12+K12 -> 3688.7469
A13: 12 | B13: AUX DE LIMP/FAXINEIRO/SERV GERAIS 12X36 DIA COM 20% INSAL | C13: 1 | D13: 1 | E13: 180 | F13: 12X36 | G13: 1137.23 | H13: ='AUX LIM 12X36 C INS 20%'!H86:J86 -> 4107.7358 | I13: =(H13/210)+50% -> 20.060646 | J13: 0 | K13: =J13*I13 -> 0 | L13: =H13+K13 -> 4107.7358
A14: 13 | B14: AUX DE LIMP/FAXINEIRO/SERV GERAIS 12X36 DIA COM 40% INSAL | C14: 1 | D14: 1 | E14: 180 | F14: 12X36 | G14: 1137.23 | H14: ='AUX LIM 12X36 C INS 40%'!H86:J86 -> 4526.7246 | I14: =(H14/210)+50% -> 22.055831 | J14: 0 | K14: =J14*I14 -> 0 | L14: =H14+K14 -> 4526.7246
A15: 14 | B15: AUX DE LIMP/FAXINEIRO/SERV GERAIS 12X36 NOITE SEM INSAL | C15: 1 | D15: 1 | E15: 180 | F15: 12X36 | G15: 1137.23 | H15: ='AUX LIM 12X36 N SEM INS'!H86:J86 -> 4069.7799 | I15: =(H15/210)+50% -> 19.879904 | J15: 0 | K15: =J15*I15 -> 0 | L15: =H15+K15 -> 4069.7799
A16: 15 | B16: AUX DE LIMP/FAXINEIRO/SERV GERAIS 12X36 NOITE COM 20% INSAL | C16: 1 | D16: 1 | E16: 180 | F16: 12X36 | G16: 1137.23 | H16: ='AUX LIM 12X36 N COM 20%'!H86:J86 -> 4558.795 | I16: =(H16/210)+50% -> 22.208547 | J16: 0 | K16: =J16*I16 -> 0 | L16: =H16+K16 -> 4558.795
A17: 16 | B17: AUX DE LIMP/FAXINEIRO/SERV GERAIS 12X36 NOITE COM 40% INSAL | C17: 1 | D17: 1 | E17: 180 | F17: 12X36 | G17: 1137.23 | H17: ='AUX LIM 12X36 N COM 40%'!H86:J86 -> 5047.81 | I17: =(H17/210)+50% -> 24.53719 | J17: 0 | K17: =J17*I17 -> 0 | L17: =H17+K17 -> 5047.81
A18: 17 | B18: VARREDEIRA/GARI/OPERADOR DE ROÇADEIRA/CARRINHEIRO | C18: 1 | D18: 1 | E18: 220 | F18: 7,20H | G18: 1079.94 | H18: ='GARI-VARREDEIRA-CARRINHEIRO'!H86 -> 4813.9415 | I18: =(H18/210)+50% -> 23.423531 | J18: 0 | K18: =J18*I18 -> 0 | L18: =H18+K18 -> 4813.9415
A19: 18 | B19: COLETOR DE LIXO 44 HR | C19: 1 | D19: 1 | E19: 220 | F19: 7,20H | G19: 1245.81 | H19: ='COLETOR DE LIXO'!H86:J86 -> 5024.1508 | I19: =(H19/210)+50% -> 24.424527 | J19: 0 | K19: =J19*I19 -> 0 | L19: =H19+K19 -> 5024.1508
A20: 19 | B20: AGENTE DE FISCALIZAÇÃO DE RUA 44HR | C20: 1 | D20: 1 | E20: 220 | F20: 7,20H | G20: 1293.21 | H20: ='AGENTE DE FISCALIZAÇÃO DE RUA'!H86:J86 -> 4277.9388 | I20: =(H20/210)+50% -> 20.871137 | J20: 0 | K20: =J20*I20 -> 0 | L20: =H20+K20 -> 4277.9388
A21: 20 | B21: JARDINEIRO 44HR | C21: 1 | D21: 1 | E21: 220 | F21: 8H | G21: 1504.26 | H21: =JARDINEIRO!H86 -> 4719.6527 | I21: =(H21/210)+50% -> 22.974537 | J21: 0 | K21: =J21*I21 -> 0 | L21: =H21+K21 -> 4719.6527
A22: 21 | B22: CONTINUO 44 HR | C22: 1 | D22: 1 | E22: 220 | F22: 8H | G22: 1137.23 | H22: =CONTINUO!H86 -> 3978.0289 | I22: =(H22/210)+50% -> 19.442995 | J22: 0 | K22: =J22*I22 -> 0 | L22: =H22+K22 -> 3978.0289
A23: 22 | B23: TECNICO DE RX/RADIOLOGIA DIA | C23: 1 | D23: 1 | E23: 96 | F23: 12H | G23: 1691 | H23: ='TECNICO RX'!H86:J86 -> 5634.5079 | I23: =(H23/210)+80% -> 27.63099 | J23: 0 | K23: =J23*I23 -> 0 | L23: =H23+K23 -> 5634.5079
A24: 23 | B24: TECNICO DE RX/RADIOLOGIA NOITE | C24: 1 | D24: 1 | E24: 96 | F24: 12H | G24: 1691 | H24: ='TECNICO RX NOITE'!H86:J86 -> 6474.346 | I24: =(H24/210)+80% -> 31.630219 | J24: 0 | K24: =J24*I24 -> 0 | L24: =H24+K24 -> 6474.346
A25: 24 | B25: TELEFONISTA 36HR | C25: 1 | D25: 1 | E25: 180 | F25: 6H | G25: 1832.78 | H25: ='TELEFONISTA '!H86:J86 -> 4665.1316 | I25: =(H25/210)+50% -> 22.714912 | J25: 0 | K25: =J25*I25 -> 0 | L25: =H25+K25 -> 4665.1316
A26: 25 | B26: MONITOR DE TRANSPORTES/CRECHE/ESCOLA | C26: 1 | D26: 1 | E26: 220 | F26: 8H | G26: =1054 -> 1054 | H26: ='MONITOR DE TRANSPORTES'!H86:J86 -> 3662.3252 | I26: =(H26/E26)+75% -> 17.396933 | J26: 0 | K26: =J26*I26 -> 0 | L26: =H26+K26 -> 3662.3252
A27: 26 | B27: MOTORISTA DE CAMINHÃO | C27: 1 | D27: 1 | E27: 220 | F27: 8H | G27: 1865.86 | H27: ='MOTORISTA DE CAMINHÃO'!H86:J86 -> 5288.9061 | I27: =(H27/E27)+60% -> 24.640482 | J27: 0 | K27: =J27*I27 -> 0 | L27: =H27+K27 -> 5288.9061
A28: 27 | B28: MOTORISTA DE ÔNIBUS ESCOLAR/MICROONIBUS ESCOLAR | C28: 1 | D28: 1 | E28: 220 | F28: 8H | G28: 2719.91 | H28: ='MOTORISTA DE ÔNIBUS'!H86:J86 -> 7426.7387 | I28: =(H28/E28)+60% -> 34.357903 | J28: 0 | K28: =J28*I28 -> 0 | L28: =H28+K28 -> 7426.7387
A29: 28 | B29: MOTORISTA DE CARRO ATE 7 LUGARES | C29: 1 | D29: 1 | E29: 220 | F29: 8H | G29: 1832.02 | H29: ='MOTORISTA DE CARRO'!H86:J86 -> 5190.7889 | I29: =(H29/E29)+60% -> 24.194495 | J29: 0 | K29: =J29*I29 -> 0 | L29: =H29+K29 -> 5190.7889
A30: 29 | B30: MOTORISTA AMBULANCIA 12X36 DIA | C30: 1 | D30: 1 | E30: 180 | F30: 12X36 | G30: 2719.91 | H30: ='MOTORISTA DE AMBULANCIA'!H86:J86 -> 8127.6991 | I30: =(H30/E30)+60% -> 45.753884 | J30: 0 | K30: =J30*I30 -> 0 | L30: =H30+K30 -> 8127.6991
A31: 30 | B31: MOTORISTA AMBULANCIA 12X36 NOITE | C31: 1 | D31: 1 | E31: 180 | F31: 12X36 | G31: 2719.91 | H31: ='MOTORISTA DE AMBULANCIA NOITE'!H86:J86 -> 9179.0673 | I31: =(H31/E31)+60% -> 51.594818 | J31: 0 | K31: =J31*I31 -> 0 | L31: =H31+K31 -> 9179.0673
A32: 31 | B32: PORTEIRO 44HR | C32: 1 | D32: 1 | E32: 220 | F32: 8H | G32: 1398.79 | H32: =PORTEIRO!H86 -> 4495.1113 | I32: =(H32/E32)+50% -> 20.932324 | J32: 0 | K32: =J32*I32 -> 0 | L32: =H32+K32 -> 4495.1113
A33: 32 | B33: PORTEIRO 12 X 36 DIURNO | C33: 1 | D33: 1 | E33: 180 | F33: 12X36 | G33: 1398.79 | H33: ='PORTEIRO 12x36'!H86:J86 -> 4167.9971 | I33: =(H33/E33)+50% -> 23.65554 | J33: 0 | K33: =J33*I33 -> 0 | L33: =H33+K33 -> 4167.9971
A34: 33 | B34: PORTEIRO 12 X 36 NOTURNO | C34: 1 | D34: 1 | E34: 180 | F34: 12X36 | G34: 1398.79 | H34: ='PORTEIRO NOTURNO12X36'!H86:J86 -> 4890.6036 | I34: =(H34/E34)+50% -> 27.67002 | J34: 0 | K34: =J34*I34 -> 0 | L34: =H34+K34 -> 4890.6036
A35: 34 | B35: FARMACEUTICO 40HR | C35: 1 | D35: 1 | E35: 200 | F35: 8H | G35: 4314.76 | H35: =FARMACEUTICO!H86 -> 9452.9595 | I35: =(H35/E35)+50% -> 47.764798 | J35: 0 | K35: =J35*I35 -> 0 | L35: =H35+K35 -> 9452.9595
A36: 35 | B36: TECNICO LABORATORIO 44HR | C36: 1 | D36: 1 | E36: 220 | F36: 8H | G36: 1252.64 | H36: ='TECNICO LABORATORIO'!H86:J86 -> 3800.102 | I36: =(H36/E36)+75% -> 18.023191 | J36: 0 | K36: =J36*I36 -> 0 | L36: =H36+K36 -> 3800.102
A37: 36 | B37: TECNICO LABORATORIO 12X36 DIA | C37: 1 | D37: 1 | E37: 180 | F37: 12X36 | G37: 1252.64 | H37: ='TECNICO LAB 12X36'!H86:J86 -> 3715.2001 | I37: =(H37/E37)+75% -> 21.39 | J37: 0 | K37: =J37*I37 -> 0 | L37: =H37+K37 -> 3715.2001
A38: 37 | B38: TECNICO LABORATORIO 12X36 NOITE | C38: 1 | D38: 1 | E38: 180 | F38: 12X36 | G38: 1252.64 | H38: ='TECNICO LAB 12X36 N'!H87:J87 -> 4419.2054 | I38: =(H38/E38)+75% -> 25.301141 | J38: 0 | K38: =J38*I38 -> 0 | L38: =H38+K38 -> 4419.2054
A39: 38 | B39: ENFERMEIRO 12X36 DIA | C39: 1 | D39: 1 | E39: 180 | F39: 12X36 | G39: 2079.8 | H39: ='ENFERMEIRO DIURNO'!H86:J86 -> 6023.0546 | I39: =(H39/E39)+100% -> 34.461415 | J39: 0 | K39: =J39*I39 -> 0 | L39: =H39+K39 -> 6023.0546
A40: 39 | B40: ENFERMEIRO 12X36 NOITE | C40: 1 | D40: 1 | E40: 180 | F40: 12X36 | G40: 2079.8 | H40: ='ENFERMEIRO NOITE'!H86:J86 -> 7114.6909 | I40: =(H40/E40)+100% -> 40.52606 | J40: 0 | K40: =J40*I40 -> 0 | L40: =H40+K40 -> 7114.6909
A41: 40 | B41: FISIOTERAPEUTA | C41: 1 | D41: 1 | E41: 150 | F41: 6H | G41: 1399.69 | H41: =FISIOTERAPEUTA!H86 -> 4341.0038 | I41: =(H41/E41)+75% -> 29.690025 | J41: 0 | K41: =J41*I41 -> 0 | L41: =H41+K41 -> 4341.0038
A42: 41 | B42: TECNICO DE ENFERMAGEM 12X36 DIA | C42: 1 | D42: 1 | E42: 180 | F42: 12X36 | G42: 1222 | H42: ='TEC ENFERM 12X36'!H86:J86 -> 4568.6048 | I42: =(H42/E42)+75% -> 26.131138 | J42: 0 | K42: =J42*I42 -> 0 | L42: =H42+K42 -> 4568.6048
A43: 42 | B43: TECNICO DE ENFERMAGEM 12X36 NOITE | C43: 1 | D43: 1 | E43: 180 | F43: 12X36 | G43: 1222 | H43: ='TEC ENFERM 12X36 N'!H86:J86 -> 5154.8426 | I43: =(H43/E43)+75% -> 29.388014 | J43: 0 | K43: =J43*I43 -> 0 | L43: =H43+K43 -> 5154.8426
A44: 43 | B44: COZINHEIRO 44 HR | C44: 1 | D44: 1 | E44: 220 | F44: 8H | G44: 1350 | H44: =COZINHEIRO!H87 -> 4528.165 | I44: =(H44/E44)+75% -> 21.332568 | J44: 0 | K44: =J44*I44 -> 0 | L44: =H44+K44 -> 4528.165
A45: 44 | B45: COZINHEIRO 12X36 DIURNO | C45: 1 | D45: 1 | E45: 180 | F45: 12X36 | G45: 1350 | H45: ='COZINHEIRO 12X36 DIA'!H87:J87 -> 4307.2022 | I45: =(H45/E45)+75% -> 24.678901 | J45: 0 | K45: =J45*I45 -> 0 | L45: =H45+K45 -> 4307.2022
A46: 45 | B46: AUXILIAR DE SAUDE BUCAL 44HR | C46: 1 | D46: 1 | E46: 220 | F46: 8H | G46: 1126 | H46: ='AUX SAUDE BUCAL'!H86:J86 -> 4470.7457 | I46: =(H46/E46)+75% -> 21.071571 | J46: 0 | K46: =J46*I46 -> 0 | L46: =H46+K46 -> 4470.7457
A47: 46 | B47: TECNICO EM SAUDE BUCAL 44HR | C47: 1 | D47: 1 | E47: 220 | F47: 8H | G47: 1222 | H47: ='TEC SAUDE BUCAL'!H86:J86 -> 4656.6004 | I47: =(H47/E47)+75% -> 21.916365 | J47: 0 | K47: =J47*I47 -> 0 | L47: =H47+K47 -> 4656.6004
A48: 47 | B48: ATENDENTE DE FARMACIA 44HR | C48: 1 | D48: 1 | E48: 220 | F48: 8H | G48: 1126 | H48: ='ATENDENTE DE FARMACIA'!H86:J86 -> 4051.7564 | I48: =(H48/E48)+75% -> 19.167075 | J48: 0 | K48: =J48*I48 -> 0 | L48: =H48+K48 -> 4051.7564
A49: 48 | B49: MOTORISTA DE COLETA DE LIXO DOMICILAR | C49: 1 | D49: 1 | E49: 220 | F49: 7,20H | G49: 1733.23 | H49: ='MOTORISTA DE LIXO'!H87:J87 -> 6373.398 | I49: =(H49/E49)+75% -> 29.719991 | J49: 0 | K49: =J49*I49 -> 0 | L49: =H49+K49 -> 6373.398
A50: 49 | B50: ROÇADOR/PODADOR | C50: 1 | D50: 1 | E50: 220 | F50: 7,20H | G50: 1079.94 | H50: =_xlfn.SINGLE(ROÇADOR!H86) -> 4659.916 | I50: =(H50/E50)+75% -> 21.931436 | J50: 0 | K50: =J50*I50 -> 0 | L50: =H50+K50 -> 4659.916
A51: 50 | B51: SUPERVISOR GERAL | C51: 1 | D51: 1 | E51: 220 | F51: 8H | G51: 2096.15 | H51: =SUPERVISOR!H86 -> 5732.5949 | I51: =(H51/E51)+75% -> 26.80725 | J51: 0 | K51: =J51*I51 -> 0 | L51: =H51+K51 -> 5732.5949
A52: 51 | B52: ENCARREGADO GERAL | C52: 1 | D52: 1 | E52: 220 | F52: 8H | G52: 1614.14 | H52: =ENCARREGADO!H86 -> 4799.43 | I52: =(H52/E52)+75% -> 22.565591 | J52: 0 | K52: =J52*I52 -> 0 | L52: =H52+K52 -> 4799.43
A53: 52 | B53: ASSISTENTE SOCIAL | C53: 1 | D53: 1 | E53: 150 | F53: 6H | G53: 2990.48 | H53: ='ASS SOCIAL'!H86:J86 -> 6788.8176 | I53: =(H53/E53)+75% -> 46.008784 | J53: 0 | K53: =J53*I53 -> 0 | L53: =H53+K53 -> 6788.8176
A54: 53 | B54: FARMACEUTICO BIOQUIMICO 12X36 DIA | C54: 1 | D54: 1 | E54: 180 | F54: 12X36 | G54: 2133.1 | H54: =BIOQUIMICO!H86 -> 6129.8932 | I54: =(H54/E54)+75% -> 34.804962 | J54: 0 | K54: =J54*I54 -> 0 | L54: =H54+K54 -> 6129.8932
A55: 54 | B55: FARMACEUTICO BIOQUIMICO 12X36 NOITE | C55: 1 | D55: 1 | E55: 180 | F55: 12X36 | G55: 2133.1 | H55: ='BIOQUIMICO N'!H86:J86 -> 6895.7078 | I55: =(H55/E55)+75% -> 39.059488 | J55: 0 | K55: =J55*I55 -> 0 | L55: =H55+K55 -> 6895.7078
A56: 55 | B56: DENTISTA | C56: 1 | D56: 1 | E56: 150 | F56: 6H | G56: 3824.18 | H56: =DENTISTA!H86 -> 9520.0573 | I56: =(H56/E56)+75% -> 64.217049 | J56: 0 | K56: =J56*I56 -> 0 | L56: =H56+K56 -> 9520.0573
A57: 56 | B57: FONOAUDIOLOGO | C57: 1 | D57: 1 | E57: 150 | F57: 6H | G57: 2070.47 | H57: =FONOAUDIOLOGO!H86 -> 6004.9919 | I57: =(H57/E57)+75% -> 40.783279 | J57: 0 | K57: =J57*I57 -> 0 | L57: =H57+K57 -> 6004.9919
A58: 57 | B58: NUTRICIONISTA | C58: 1 | D58: 1 | E58: 200 | F58: 40H | G58: 2331.89 | H58: =NUTRICIONISTA!H86 -> 6528.4141 | I58: =(H58/E58)+75% -> 33.39207 | J58: 0 | K58: =J58*I58 -> 0 | L58: =H58+K58 -> 6528.4141
A59: 58 | B59: PSICOLOGO | C59: 1 | D59: 1 | E59: 150 | F59: 30H | G59: 2388.88 | H59: =PSICOLOGO!H86 -> 6642.6638 | I59: =(H59/E59)+75% -> 45.034425 | J59: 0 | K59: =J59*I59 -> 0 | L59: =H59+K59 -> 6642.6638
A60: 59 | B60: TERAPEUTA OCUPACIONAL | C60: 1 | D60: 1 | E60: 150 | F60: 30H | G60: =2768.03 -> 2768.03 | H60: =TERAPEUTA!H86 -> 7402.7584 | I60: =(H60/E60)+75% -> 50.101723 | J60: 0 | K60: =J60*I60 -> 0 | L60: =H60+K60 -> 7402.7584
A61: 60 | B61: MEDICO CLINICO GENERALISTA | C61: 1 | D61: 1 | E61: 100 | F61: 20H | G61: 5155.85 | H61: ='MEDICO CLINICO 20H'!H86:J86 -> 12189.7 | I61: =(H61/E61)+75% -> 122.647 | J61: 0 | K61: =J61*I61 -> 0 | L61: =H61+K61 -> 12189.7
A62: 61 | B62: MEDICO CLINICO GENERALISTA | C62: 1 | D62: 1 | E62: 200 | F62: 40H | G62: 10311.7 | H62: ='MEDICO CLINICO 40H'!H86:J86 -> 22525.804 | I62: =(H62/E62)+75% -> 113.37902 | J62: 0 | K62: =J62*I62 -> 0 | L62: =H62+K62 -> 22525.804
A63: 62 | B63: MEDICO PLANTONISTA 12 HORAS | C63: 1 | D63: 1 | E63: 12H | F63: 12H | G63: 1500 | H63: =PLANTONISTA!H86 -> 3078.007 | K63: =J63*I63 -> 0 | L63: =H63+K63 -> 3078.007
A64: 63 | B64: MEDICO ESPECIALISTA | C64: 1 | D64: 1 | E64: 100 | F64: 20H | G64: =7661.93 -> 7661.93 | H64: ='MEDICO ESP'!H86:J86 -> 17213.722 | I64: =(H64/E64)+75% -> 172.88722 | J64: 0 | K64: =J64*I64 -> 0 | L64: =H64+K64 -> 17213.722
A65: 66 | B65: PEDREIRO | C65: 1 | D65: 1 | E65: 220 | F65: 44H | G65: 1752 | H65: ='OBRAS 1'!H86:J86 -> 6997.194 | I65: =(H65/E65)+75% -> 32.555427 | J65: 0 | K65: =J65*I65 -> 0 | L65: =H65+K65 -> 6997.194
A66: 67 | B66: AJUDANTE DE OBRAS/SERVENTE | C66: 1 | D66: 1 | E66: 220 | F66: 44H | G66: 1116 | H66: ='OBRAS AJUDANTE'!H86:J86 -> 5383.4034 | I66: =(H66/E66)+75% -> 25.220016 | J66: 0 | K66: =J66*I66 -> 0 | L66: =H66+K66 -> 5383.4034
A67: 68 | B67: BOMBEIRO HIDRAULICO | C67: 1 | D67: 1 | E67: 220 | F67: 44H | G67: 1752 | H67: ='OBRAS 1'!H$86:J$86 -> 6997.194 | I67: =(H67/E67)+75% -> 32.555427 | J67: 0 | K67: =J67*I67 -> 0 | L67: =H67+K67 -> 6997.194
A68: 69 | B68: ELETRICISTA | C68: 1 | D68: 1 | E68: 220 | F68: 44H | G68: 1752 | H68: ='OBRAS 1'!H$86:J$86 -> 6997.194 | I68: =(H68/E68)+75% -> 32.555427 | J68: 0 | K68: =J68*I68 -> 0 | L68: =H68+K68 -> 6997.194
A69: 70 | B69: PINTOR DE OBRAS | C69: 1 | D69: 1 | E69: 220 | F69: 44H | G69: 1752 | H69: ='OBRAS 1'!H$86:J$86 -> 6997.194 | I69: =(H69/E69)+75% -> 32.555427 | J69: 0 | K69: =J69*I69 -> 0 | L69: =H69+K69 -> 6997.194
A70: 71 | B70: MARCENEIRO | C70: 1 | D70: 1 | E70: 220 | F70: 44H | G70: 1752 | H70: ='OBRAS 1'!H$86:J$86 -> 6997.194 | I70: =(H70/E70)+75% -> 32.555427 | J70: 0 | K70: =J70*I70 -> 0 | L70: =H70+K70 -> 6997.194
A71: 73 | B71: CALCETEIRO | C71: 1 | D71: 1 | E71: 1MT | F71: 1MT | G71: 150 | H71: 150 | I71: 0 | J71: 0 | K71: =J71*I71 -> 0 | L71: =H71+K71 -> 150
A72: 74 | B72: ENGENHEIRO JUNIOR | C72: 1 | D72: 1 | E72: 200 | F72: 40H | G72: ='ENGº JÚNIOR'!E6 -> 7328.67 | H72: ='ENGº JÚNIOR'!H86 -> 21423.399 | I72: 0 | J72: 0 | K72: =J72*I72 -> 0 | L72: =H72+K72 -> 21423.399
A73: 75 | B73: ENGENHEIRO PLENO | C73: 1 | D73: 1 | E73: 200 | F73: 40H | G73: ='ENGº PLENO'!E6 -> 12229.83 | H73: ='ENGº PLENO'!H86 -> 34196.572 | I73: 0 | J73: 0 | K73: =J73*I73 -> 0 | L73: =H73+K73 -> 34196.572
A74: 76 | B74: ENGENHEIRO SENIOR | C74: 1 | D74: 1 | E74: 200 | F74: 40H | G74: ='ENG° SENIOR'!E6 -> 13429.67 | H74: ='ENG° SENIOR'!H86 -> 37323.538 | I74: 0 | J74: 0 | K74: =J74*I74 -> 0 | L74: =H74+K74 -> 37323.538
A75: 77 | B75: TECNICO INFORMATICA | C75: 1 | D75: 1 | E75: 220 | F75: 44H | G75: 2156.69 | H75: {='TEC INFORMATICA'!H86:J86} -> 6170.4523 | I75: 0 | J75: 0 | K75: =J75*I75 -> 0 | L75: =H75+K75 -> 6170.4523
A77: VALOR PMPA
A78: Nº | B78: CARGO | C78: DESPESA EQUIPARADA
A79: 1 | B79: AUXILIAR ADMINISTRATIVO 44 HR | C79: =C2*L2 -> 4924.4841
A80: 2 | B80: AUXILIAR ADMINISTRATIVO 12X36 DIURNO | C80: =C3*L3 -> 4604.1426
A81: 3 | B81: RECEPCIONISTA 44 HR SEMANAIS | C81: =C4*L4 -> 5437.8884
A82: 4 | B82: RECEPCIONISTA 12X36 DIURNO | C82: =C5*L5 -> 5117.5468
A83: 5 | B83: RECEPCIONISTA 12X36 NOTURNO | C83: =C6*L6 -> 5739.1221
A84: 6 | B84: AUXILIAR DE COZINHA 44HR | C84: =C7*L7 -> 4049.6405
A85: 7 | B85: AUXILIAR DE COZINHA 12X36 DIA | C85: =C8*L8 -> 3828.6777
A86: 8 | B86: AUX DE LIMPEZA/FAXINEIRO/SERVIÇOS GERAIS 44HR | C86: =C9*L9 -> 4009.0882
A87: 9 | B87: AUX DE LIMP/FAXINEIRO/SERV GERAIS 44HR INSALUBRE 20% | C87: =C10*L10 -> 4428.077
A88: 10 | B88: AUX DE LIMP/FAXINEIRO/SERV GERAIS 44HR INSALUBRE 40% | C88: =L11*C11 -> 4847.0659
A89: 11 | B89: AUX DE LIMP/FAXINEIRO/SERV GERAIS 12X36 DIA SEM INSAL | C89: =C12*L12 -> 3688.7469
A90: 12 | B90: AUX DE LIMP/FAXINEIRO/SERV GERAIS 12X36 DIA COM 20% INSAL | C90: =C13*L13 -> 4107.7358
A91: 13 | B91: AUX DE LIMP/FAXINEIRO/SERV GERAIS 12X36 DIA COM 40% INSAL | C91: =C14*L14 -> 4526.7246
A92: 14 | B92: AUX DE LIMP/FAXINEIRO/SERV GERAIS 12X36 NOITE SEM INSAL | C92: =C15*L15 -> 4069.7799
A93: 15 | B93: AUX DE LIMP/FAXINEIRO/SERV GERAIS 12X36 NOITE COM 20% INSAL | C93: =C16*L16 -> 4558.795
A94: 16 | B94: AUX DE LIMP/FAXINEIRO/SERV GERAIS 12X36 NOITE COM 40% INSAL | C94: =L17*C17 -> 5047.81
A95: 17 | B95: VARREDEIRA/GARI/OPERADOR DE ROÇADEIRA/CARRINHEIRO | C95: =C18*L18 -> 4813.9415
A96: 18 | B96: COLETOR DE LIXO 44 HR | C96: =C19*L19 -> 5024.1508
A97: 19 | B97: AGENTE DE FISCALIZAÇÃO DE RUA 44HR | C97: =C20*L20 -> 4277.9388
A98: 20 | B98: JARDINEIRO 44HR | C98: =C21*L21 -> 4719.6527
A99: 21 | B99: CONTINUO 44 HR | C99: =C22*L22 -> 3978.0289
A100: 22 | B100: TECNICO DE RX/RADIOLOGIA DIA | C100: =C23*L23 -> 5634.5079
A101: 23 | B101: TECNICO DE RX/RADIOLOGIA NOITE | C101: =C24*L24 -> 6474.346
...

Sheet PROPOSTA DE PREÇOS
A1: ANEXO IV - PLANILHA DE COMPOSIÇÃO DE CUSTOS E VALORES PARA PROPOSTA DE PREÇOS
A2: Nº do Processo
A3: Licitação Nº
A4: Data
A5: Município/UF
A6: Ano do Acordo ou da Convenção Coletiva ou Sentença Normativa ou Dissídio Coletivo
A7: Quantidade de Meses da Execução Contratual
A9: CARGO
A11: COMPOSIÇÃO DE CUSTOS E VALORES PARA A PROPOSTA DE PREÇOS
A12: MÓDULO 1 - COMPOSIÇÃO DA REMUNERAÇÃO *
A13: * Valor mensal devido ao empregado pela prestação do serviço no período de 12 meses
A14: A | B14: Salário-base
A15: B | B15: Adicional de Periculosidade
A16: C | B16: Adicional Noturno
A17: D | B17: Adicional de Hora Noturna Reduzida
A18: E | B18: Outros (especificar)
A19: F | B19: Adicional de Insalubridade (Ver grau de ins. 10%, 20% ou 40% Sobre o salário mínimo)
A20: TOTAL
A21: Incidência dos encargos do Submódulo 2.2 sobre a composição da remuneração
A23: MÓDULO 2 - ENCARGOS E BENEFÍCIOS ANUAIS, MENSAIS E DIÁRIOS
A24: SUBMÓDULO 2.1 - 13º SALÁRIO, FÉRIAS E ADICIONAL DE FÉRIAS
A25: A | B25: 13º Salário | E25: 0.0833
A26: B | B26: Férias e Adicional de férias | E26: 0.121
A27: TOTAL | H27: =SUM(H25:J26) -> 0
A28: C | B28: Incidências dos encargos do submódulo 2.2 sobre o 13º salário, férias e adicional de férias | E28: 0.0782
A29: SUBMÓDULO 2.2 - ENCARGOS PREVIDENCIÁRIOS (GPS), FUNDO DE GARANTIA POR TEMPO DE SERVIÇO (FGTS) E OUTRAS CONTRIBUIÇÕES *
A30: A | C30: INSS | E30: 0.2
A31: B | C31: Salário Educação | E31: 0.025
A32: C | C32: SAT | E32: 0.01
A33: D | C33: SESC ou SESI | E33: 0.015
A34: E | C34: SENAI - SENAC | E34: 0.01
A35: F | C35: SEBRAE | E35: 0.006
A36: G | C36: INCRA | E36: 0.002
A37: H | C37: FGTS | E37: 0.08
A38: TOTAL | E38: =SUM(E30:G37) -> 0.348
A39: SUBMÓDULO 2.3 - BENEFÍCIOS MENSAIS E DIÁRIOS **
A40: A | C40: Transporte
A41: B | C41: Auxílio-Refeição/Alimentação
A42: C | C42: Assistência médica e familiar
A43: D | C43: Outros (especificar)
A44: TOTAL
A45: TOTAL DO MÓDULO 2
A47: MÓDULO 3 - PROVISÃO PARA RESCISÃO
A48: A | C48: Aviso-prévio indenizado
A49: B | C49: Incidência do FGTS sobre aviso-prévio indenizado
A50: C | C50: Multa sobre FGTS e contribuições sociais sobre aviso-prévio indenizado
A51: D | C51: Aviso-prévio trabalhado
A52: E | C52: Incidência de GPS, FGTS e outras constribuições sobre o aviso-prévio trabalhado
A53: F | C53: Multa sobre FGTS e contribuições sociais sobre aviso-prévio indenizado
A54: TOTAL
A56: MÓDULO 4 - CUSTO DE REPOSIÇÃO DE PROFISSIONAL AUSENTE
A57: A | C57: Substituto na cobertura de férias
A58: B | C58: Substituto na cobertura de ausencias legais
A59: C | C59: Substituto na cobertura de licença-paternidade
A60: D | C60: Substituto na cobertura de Ausencia por acidente de trabalho
A61: E | C61: Substituto na cobertura de Afastamento Maternidade
A62: F | C62: Substituto na cobertura de outras ocorrencias (especificar)
A63: G | C63: Incidência dos encargos do submódulo 2.2 sobre as ausências legais
A64: TOTAL
A65: SUBMÓDULO 4.1 - AFASTAMENTO MATERNIDADE
A66: A | C66: Férias acrescidas de 1/3 pagas ao substituto pelos 120d de reposição
A67: B | C67: Incidência dos encargos do Submódulo 2.2 sobre as férias acrescidas de 1/3 pagas ao substituto pelos 120d de reposição
A68: C | C68: Incidência dos encargos do Submódulo 2.2 sobre a remuneração e o 13º salário proporcionais aos 120d de reposição
A69: D | C69: Outros
A70: TOTAL
A71: SUBMÓDULO 4.2 -SUBSTITUTO NA INTRAJORNADA
A72: A | C72: Substituto na cobertura de intervalo para repouso ou alimentação
A73: B | C73: Incidência dos encargos do Submódulo 2.2 sobre o intervalo para repouso e alimentação
A74: TOTAL
A75: TOTAL DO MÓDULO 4 | E75: =H74+H70+H64 -> 0
A77: MÓDULO 5 - INSUMOS DIVERSOS
A78: A | C78: Uniformes
A79: B | C79: Materiais
A80: C | C80: Equipamentos
A81: D | C81: Outros (especificar)
A82: TOTAL | H82: =SUM(H78:J81) -> 0
A84: MÓDULO 6 - CUSTOS INDIRETOS, TRIBUTOS E LUCRO ****
A85: A | C85: Custos indiretos | E85: 0.07 | H85: =(H82+E75+H54+E45+E20)*E85 -> 0
A86: B | C86: Lucro | E86: 0.1 | H86: =E86*(H82+E75+H54+E45+E20) -> 0
A87: C | C87: Tributos | E87: 0.8575 | H87: =(H82+E75+H54+E45+E20)/E87 -> 0
A88: D | C88: Tributos Federais (PIS) | E88: 0.0165 | H88: =E88*H87 -> 0
A89: D | C89: Tributos Federais (COFINS) | E89: 0.076 | H89: =E89*H87 -> 0
A90: E | C90: Tributos Estaduais (ICMS)
A91: F | C91: Tributos Estaduais (ISS) | E91: 0.05 | H91: =E91*H87 -> 0
A92: TOTAL | H92: =H85+H86+H88+H89+H91 -> 0
A94: CUSTO TOTAL POR EMPREGADO | H94: =SUM(H92+H82+E75+H54+E45+E20) -> 0
D99: MÓDULOS EM VERDE - A SEREM PAGOS MENSALMENTE
D100: MÓDULOS EM AZUL - CONFORME OCORRÊNCIAS COMPROVADAS;

Sheet REG. DE TRIBUTAÇÃO
B4: * SIMPLES NACIONAL *
B5: SUBMÓDULO 2.2 - ENCARGOS PREVIDENCIÁRIOS (GPS), FUNDO DE GARANTIA POR TEMPO DE SERVIÇO (FGTS) E OUTRAS CONTRIBUIÇÕES
B6: A | D6: INSS | F6: 0.2
B7: B | D7: Salário Educação
B8: C | D8: SAT | F8: 0.01
B9: D | D9: SESC ou SESI
B10: E | D10: SENAI - SENAC
B11: F | D11: SEBRAE
B12: G | D12: INCRA
B13: H | D13: FGTS | F13: 0.08
B14: TOTAL | F14: =SUM(F6:H13) -> 0.29
B16: ** LUCRO PRESUMIDO **
B17: MÓDULO 6 - CUSTOS INDIRETOS, TRIBUTOS E LUCRO ****
B18: A | D18: Custos indiretos | F18: 0.07
B19: B | D19: Lucro | F19: 0.1
B20: C | D20: Tributos | F20: 0.9135
B21: D | D21: Tributos Federais (PIS) | F21: 0.0065
B22: D | D22: Tributos Federais (COFINS) | F22: 0.03
B23: E | D23: Tributos Estaduais (ICMS)
B24: F | D24: Tributos Estaduais (ISS) | F24: 0.05
B25: TOTAL
B27: ** SIMPLES NACIONAL **
B28: MÓDULO 6 - CUSTOS INDIRETOS, TRIBUTOS E LUCRO
B29: A | D29: Custos indiretos | F29: 0.07
B30: B | D30: Lucro | F30: 0.1
B31: C | D31: Tributos | F31: 0.9252
B32: D | D32: Tributos Federais (PIS) | F32: 0.0047
B33: D | D33: Tributos Federais (COFINS) | F33: 0.0218
B34: E | D34: Tributos Estaduais (ICMS)
B35: F | D35: Tributos Estaduais (ISS) | F35: 0.0483
B36: TOTAL
B38: Empresas de cessão de mão de obra não podem usar o Simples Nacional como regime de tributação, na conformidade com os termos do mencionado art. 15 inciso XXI, da Resolução CGNS nª 140/2018, a empresa que realize cessão ou locação de mão de obra não poderá recolher os tributos pelo SIMPLES NACIONAL.

Sheet AUXILIAR ADMINISTRATIVO
A1: ANEXO I - PLANILHA DE VALORES E CUSTOS DOS POSTOS
A2: CARGO | D2: AUXILIAR ADMINISTRATIVO 44 HORAS SEMANAIS
A4: MÓDULO 1 - COMPOSIÇÃO DA REMUNERAÇÃO *
A5: * Valor mensal devido ao empregado pela prestação do serviço no período de 12 meses
A6: A | B6: Salário-base | E6: 1589.96
A7: B | B7: Adicional de Periculosidade
A8: C | B8: Adicional Noturno
A9: D | B9: Adicional de Hora Noturna Reduzida
A10: E | B10: Outros (especificar)
A11: F | B11: Adicional de Insalubridade (Ver grau de ins. 10%, 20% ou 40% Sobre o salário mínimo)
A12: TOTAL DO MÓDULO 1 | E12: =SUM(E6:J11) -> 1589.96
A13: Incidência dos encargos do Submódulo 2.2 sobre a composição da remuneração | E13: =E12*E30 -> 585.10528
A15: MÓDULO 2 - ENCARGOS E BENEFÍCIOS ANUAIS, MENSAIS E DIÁRIOS
A16: SUBMÓDULO 2.1 - 13º SALÁRIO, FÉRIAS E ADICIONAL DE FÉRIAS PAGAMENTO POR FATO GERADOR
A17: A | B17: 13º Salário | E17: 0.0833 | H17: =E17*E12 -> 132.44367
A18: B | B18: Férias e Adicional de férias | E18: 0.121 | H18: =E18*E12 -> 192.38516
A19: TOTAL | H19: =SUM(H17:J18) -> 324.82883
A20: C | B20: Incidências dos encargos do submódulo 2.2 sobre o 13º salário, férias e adicional de férias | E20: 0.0782 | H20: =E12*E20 -> 124.33487
A21: SUBMÓDULO 2.2 - ENCARGOS PREVIDENCIÁRIOS (GPS), FUNDO DE GARANTIA POR TEMPO DE SERVIÇO (FGTS) E OUTRAS CONTRIBUIÇÕES *
A22: A | C22: INSS | E22: 0.2 | H22: =E22*(E12+H19) -> 382.95777
A23: B | C23: Salário Educação | E23: 0.025 | H23: =E23*(E12+H19) -> 47.869721
A24: C | C24: SAT | E24: 0.03 | H24: =E24*(E12+H19) -> 57.443665
A25: D | C25: SESC ou SESI | E25: 0.015 | H25: =E25*(E12+H19) -> 28.721832
A26: E | C26: SENAI - SENAC | E26: 0.01 | H26: =E26*(E12+H19) -> 19.147888
A27: F | C27: SEBRAE | E27: 0.006 | H27: =E27*(E12+H19) -> 11.488733
A28: G | C28: INCRA | E28: 0.002 | H28: =E28*(E12+H19) -> 3.8295777
A29: H | C29: FGTS | E29: 0.08 | H29: =E29*(E12+H19) -> 153.18311
A30: TOTAL | E30: =SUM(E22:G29) -> 0.368 | H30: =SUM(H22:J29) -> 704.64229
A31: SUBMÓDULO 2.3 - BENEFÍCIOS MENSAIS E DIÁRIOS **
A32: A | C32: Transporte | H32: =(3.9*2*25.5)-6%*E6 -> 103.5024
A33: B | C33: Auxílio-Refeição/Alimentação | H33: =21.63*25.5-20% -> 551.365
A34: C | C34: Assistência médica e familiar | H34: 36.57
A35: D | C35: Outros Especificar | H35: 25.95
A36: TOTAL | H36: =SUM(H32:J35) -> 717.3874
A37: TOTAL DO MÓDULO 2 | E37: =H19+H30+H36 -> 1746.8585
A39: MÓDULO 3 - PROVISÃO PARA RESCISÃO - PAGAMENTO POR FATO GERADOR
A40: A | C40: Aviso-prévio indenizado | H40: =E12/12*5% -> 6.6248333
A41: B | C41: Incidência do FGTS sobre aviso-prévio indenizado | H41: =H40*8% -> 0.52998667
A42: C | C42: Multa sobre FGTS e contribuições sociais sobre aviso-prévio indenizado | H42: =E42*E12 -> 0
A43: D | C43: Aviso-prévio trabalhado | H43: =E12/30/12*7*100% -> 30.915889
A44: E | C44: Incidência de GPS, FGTS e outras constribuições sobre o aviso-prévio trabalhado | H44: =H43*39.8% -> 12.304524
A45: F | C45: Multa sobre FGTS e contribuições sociais sobre aviso-prévio indenizado | H45: =E12*5% -> 79.498
A46: TOTAL DO MÓDULO 3 | H46: =SUM(H40:J45) -> 129.87323
A48: MÓDULO 4 - CUSTO DE REPOSIÇÃO DE PROFISSIONAL AUSENTE PAGAMENTO POR FATO GERADOR
A49: A | C49: Substituto na cobertura de férias | H49: =E20/12*5% -> 0.00032583333
A50: B | C50: Substituto na cobertura de ausencias legais | H50: =E12/30/12 -> 4.4165556
A51: C | C51: Substituto na cobertura de licença-paternidade | H51: =E12/30/12*5*1.5% -> 0.33124167
A52: D | C52: Substituto na cobertura de Ausencia por acidente de trabalho | H52: =E12/30/12*15*8% -> 5.2998667
A53: E | C53: Substituto na cobertura de Afastamento Maternidade | H53: =E20*5% -> 0.00391
A54: F | C54: Substituto na cobertura de outras ocorrencias (especificar) | H54: =E12/30/12*5*40% -> 8.8331111
A55: G | C55: Incidência dos encargos do submódulo 2.2 sobre as ausências legais | H55: =SUM(H49:J54)*39.8% -> 7.5162343
A56: TOTAL | H56: =SUM(H49:J55) -> 26.401245
A57: SUBMÓDULO 4.1 - AFASTAMENTO MATERNIDADE - PAGAMENTO POR FATO GERADOR
A58: A | C58: Férias acrescidas de 1/3 pagas ao substituto pelos 120d de reposição | H58: =((((E12+(E12/3))*0.3333)/12)*2%) -> 1.1776304
A59: B | C59: Incidência dos encargos do Submódulo 2.2 sobre as férias acrescidas de 1/3 pagas ao substituto pelos 120d de reposição | H59: =H58*39.8% -> 0.46869689
A60: C | C60: Incidência dos encargos do Submódulo 2.2 sobre a remuneração e o 13º salário proporcionais aos 120d de reposição | H60: =(((E12+H17)*0.333)*2%)*39.8% -> 4.565541
A61: D | C61: Outros
A62: TOTAL | H62: =SUM(H58:J61) -> 6.2118682
A63: SUBMÓDULO 4.2 -SUBSTITUTO NA INTRAJORNADA - PAGAMENTO POR FATO GERADOR
A64: A | C64: Substituto na cobertura de intervalo para repouso ou alimentação | H64: =((((E18+(E18/3))*0.3333)/12)*2%) -> 8.9620667e-05
A65: B | C65: Incidência dos encargos do Submódulo 2.2 sobre o intervalo para repouso e alimentação | H65: =H64*39.8% -> 3.5669025e-05
A66: TOTAL | H66: =SUM(H64:J65) -> 0.00012528969
A67: TOTAL DO MÓDULO 4 | E67: =H66+H62+H56 -> 32.613239
A69: MÓDULO 5 - INSUMOS DIVERSOS
A70: A | C70: Uniformes | H70: 350
A71: B | C71: Materiais | H71: 5.56
A72: C | C72: Equipamentos | H72: 42.75
A73: D | C73: Outros (especificar) | H73: =E31/30/12*15*8% -> 0
A74: TOTAL DO MÓDULO 5 | H74: =SUM(H70:J73) -> 398.31
A76: MÓDULO 6 - CUSTOS INDIRETOS, TRIBUTOS E LUCRO ****
A77: A | C77: Custos indiretos | E77: 0.07 | H77: =(H74+E67+H46+E37+E12)*E77 -> 272.83305
A78: B | C78: Lucro | E78: 0.075775277 | H78: =E78*(H74+E67+H46+E37+E12) -> 295.34285
A79: C | C79: Tributos | E79: 0.8575 | H79: =(H74+E67+H46+E37+E12)/E79 -> 4545.3236
A80: D | C80: Tributos Federais (PIS) | E80: 0.0165 | H80: =E80*J89 -> 53.11185
A81: D | C81: Tributos Federais (COFINS) | E81: 0.076 | H81: =E81*J89 -> 244.6364
A82: E | C82: Tributos Estaduais (ICMS)
A83: F | C83: Tributos Municipais (ISS) | E83: 0.05 | H83: =E83*J89 -> 160.945
A84: TOTAL DO MÓDULO 6 | H84: =H77+H78+H80+H81+H83 -> 1026.8692
A87: CUSTO TOTAL POR EMPREGADO | H87: =SUM(H84+H74+E67+H46+E37+E12) -> 4924.4841
J89: 3218.9

Sheet AUX ADM 12X36 DIURNO
A1: ANEXO I - PLANILHA DE VALORES E CUSTOS DOS POSTOS
A2: CARGO | D2: AUXILIAR ADMINISTRATIVO (12x36) HORAS - DIURNO
A4: MÓDULO 1 - COMPOSIÇÃO DA REMUNERAÇÃO *
A5: * Valor mensal devido ao empregado pela prestação do serviço no período de 12 meses
A6: A | B6: Salário-base | E6: 1589.96
A7: B | B7: Adicional de Periculosidade
A8: C | B8: Adicional Noturno
A9: D | B9: Adicional de Hora Noturna Reduzida
A10: E | B10: Outros (especificar)
A11: F | B11: Adicional de Insalubridade (Ver grau de ins. 10%, 20% ou 40% Sobre o salário mínimo)
A12: TOTAL MÓDULO 1 | E12: =SUM(E6:J11) -> 1589.96
A13: Incidência dos encargos do Submódulo 2.2 sobre a composição da remuneração | E13: =E12*E30 -> 585.10528
A15: MÓDULO 2 - ENCARGOS E BENEFÍCIOS ANUAIS, MENSAIS E DIÁRIOS
A16: SUBMÓDULO 2.1 - 13º SALÁRIO, FÉRIAS E ADICIONAL DE FÉRIAS - PAGAMENTO POR FATO GERADOR
A17: A | B17: 13º Salário | E17: 0.0833 | H17: =E17*E12 -> 132.44367
A18: B | B18: Férias e Adicional de férias | E18: 0.121 | H18: =E18*E12 -> 192.38516
A19: TOTAL | H19: =SUM(H17:J18) -> 324.82883
A20: C | B20: Incidências dos encargos do submódulo 2.2 sobre o 13º salário, férias e adicional de férias | E20: 0.0782 | H20: =E12*E20 -> 124.33487
A21: SUBMÓDULO 2.2 - ENCARGOS PREVIDENCIÁRIOS (GPS), FUNDO DE GARANTIA POR TEMPO DE SERVIÇO (FGTS) E OUTRAS CONTRIBUIÇÕES *
A22: A | C22: INSS | E22: 0.2 | H22: =E22*(E12+H19) -> 382.95777
A23: B | C23: Salário Educação | E23: 0.025 | H23: =E23*(E12+H19) -> 47.869721
A24: C | C24: SAT | E24: 0.03 | H24: =E24*(E12+H19) -> 57.443665
A25: D | C25: SESC ou SESI | E25: 0.015 | H25: =E25*(E12+H19) -> 28.721832
A26: E | C26: SENAI - SENAC | E26: 0.01 | H26: =E26*(E12+H19) -> 19.147888
A27: F | C27: SEBRAE | E27: 0.006 | H27: =E27*(E12+H19) -> 11.488733
A28: G | C28: INCRA | E28: 0.002 | H28: =E28*(E12+H19) -> 3.8295777
A29: H | C29: FGTS | E29: 0.08 | H29: =E29*(E12+H19) -> 153.18311
A30: TOTAL | E30: =SUM(E22:G29) -> 0.368 | H30: =SUM(H22:J29) -> 704.64229
A31: SUBMÓDULO 2.3 - BENEFÍCIOS MENSAIS E DIÁRIOS **
A32: A | C32: Transporte | H32: =(3.9*2*16)-6%*E6 -> 29.4024
A33: B | C33: Auxílio-Refeição/Alimentação | H33: =21.63*16-20% -> 345.88
A34: C | C34: Assistência médica e familiar | H34: 36.57
A35: D | C35: Outros Especificar | H35: 25.95
A36: TOTAL | H36: =SUM(H32:J35) -> 437.8024
A37: TOTAL DO MÓDULO 2 | E37: =H19+H30+H36 -> 1467.2735
A39: MÓDULO 3 - PROVISÃO PARA RESCISÃO - PAGAMENTO POR FATO GERADOR
A40: A | C40: Aviso-prévio indenizado | H40: =E12/12*5% -> 6.6248333
A41: B | C41: Incidência do FGTS sobre aviso-prévio indenizado | H41: =H40*8% -> 0.52998667
A42: C | C42: Multa sobre FGTS e contribuições sociais sobre aviso-prévio indenizado | H42: =E42*E12 -> 0
A43: D | C43: Aviso-prévio trabalhado | H43: =E12/30/12*7*100% -> 30.915889
A44: E | C44: Incidência de GPS, FGTS e outras constribuições sobre o aviso-prévio trabalhado | H44: =H43*39.8% -> 12.304524
A45: F | C45: Multa sobre FGTS e contribuições sociais sobre aviso-prévio indenizado | H45: =E12*5% -> 79.498
A46: TOTAL MÓDULO 3 | H46: =SUM(H40:J45) -> 129.87323
A48: MÓDULO 4 - CUSTO DE REPOSIÇÃO DE PROFISSIONAL AUSENTE PAGAMENTO POR FATO GERADOR
A49: A | C49: Substituto na cobertura de férias | H49: =E20/12*5% -> 0.00032583333
A50: B | C50: Substituto na cobertura de ausencias legais | H50: =E12/30/12 -> 4.4165556
A51: C | C51: Substituto na cobertura de licença-paternidade | H51: =E12/30/12*5*1.5% -> 0.33124167
A52: D | C52: Substituto na cobertura de Ausencia por acidente de trabalho | H52: =E12/30/12*15*8% -> 5.2998667
A53: E | C53: Substituto na cobertura de Afastamento Maternidade | H53: =E20*5% -> 0.00391
A54: F | C54: Substituto na cobertura de outras ocorrencias (especificar) | H54: =E12/30/12*5*40% -> 8.8331111
A55: G | C55: Incidência dos encargos do submódulo 2.2 sobre as ausências legais | H55: =SUM(H49:J54)*39.8% -> 7.5162343
A56: TOTAL | H56: =SUM(H49:J55) -> 26.401245
A57: SUBMÓDULO 4.1 - AFASTAMENTO MATERNIDADE - PAGAMENTO POR FATO GERADOR
A58: A | C58: Férias acrescidas de 1/3 pagas ao substituto pelos 120d de reposição | H58: =((((E12+(E12/3))*0.3333)/12)*2%) -> 1.1776304
A59: B | C59: Incidência dos encargos do Submódulo 2.2 sobre as férias acrescidas de 1/3 pagas ao substituto pelos 120d de reposição | H59: =H58*39.8% -> 0.46869689
A60: C | C60: Incidência dos encargos do Submódulo 2.2 sobre a remuneração e o 13º salário proporcionais aos 120d de reposição | H60: =(((E12+H17)*0.333)*2%)*39.8% -> 4.565541
A61: D | C61: Outros
A62: TOTAL | H62: =SUM(H58:J61) -> 6.2118682
A63: SUBMÓDULO 4.2 -SUBSTITUTO NA INTRAJORNADA - PAGAMENTO POR FATO GERADOR
A64: A | C64: Substituto na cobertura de intervalo para repouso ou alimentação | H64: =((((E18+(E18/3))*0.3333)/12)*2%) -> 8.9620667e-05
A65: B | C65: Incidência dos encargos do Submódulo 2.2 sobre o intervalo para repouso e alimentação | H65: =H64*39.8% -> 3.5669025e-05
A66: TOTAL | H66: =SUM(H64:J65) -> 0.00012528969
A67: TOTAL DO MÓDULO 4 | E67: =H66+H62+H56 -> 32.613239
A69: MÓDULO 5 - INSUMOS DIVERSOS
A70: A | C70: Uniformes | H70: 350
A71: B | C71: Materiais | H71: 5.56
A72: C | C72: Equipamentos | H72: 42.75
A73: D | C73: Outros (especificar) | H73: =E31/30/12*15*8% -> 0
A74: TOTAL MÓDULO 5 | H74: =SUM(H70:J73) -> 398.31
A76: MÓDULO 6 - CUSTOS INDIRETOS, TRIBUTOS E LUCRO ****
A77: A | C77: Custos indiretos | E77: 0.07 | H77: =(H74+E67+H46+E37+E12)*E77 -> 253.2621
A78: B | C78: Lucro | E78: 0.075775277 | H78: =E78*(H74+E67+H46+E37+E12) -> 274.15722
A79: C | C79: Tributos | E79: 0.8575 | H79: =(H74+E67+H46+E37+E12)/E79 -> 4219.277
A80: D | C80: Tributos Federais (PIS) | E80: 0.0165 | H80: =E80*J88 -> 53.11185
A81: D | C81: Tributos Federais (COFINS) | E81: 0.076 | H81: =E81*J88 -> 244.6364
A82: E | C82: Tributos Estaduais (ICMS)
A83: F | C83: Tributos Municipais (ISS) | E83: 0.05 | H83: =E83*J88 -> 160.945
A84: TOTAL MÓDULO 6 | H84: =H77+H78+H80+H81+H83 -> 986.11257
A86: CUSTO TOTAL POR EMPREGADO | H86: =SUM(H84+H74+E67+H46+E37+E12) -> 4604.1426
J88: 3218.9

Sheet RECEPCIONISTA 44
A1: ANEXO I - PLANILHA DE VALORES E CUSTOS DOS POSTOS
A2: CARGO | D2: RECEPCIONISTA 44H SEMANAIS
A4: MÓDULO 1 - COMPOSIÇÃO DA REMUNERAÇÃO *
A5: * Valor mensal devido ao empregado pela prestação do serviço no período de 12 meses
A6: A | B6: Salário-base | E6: 1855.15
A7: B | B7: Adicional de Periculosidade
A8: C | B8: Adicional Noturno
A9: D | B9: Adicional de Hora Noturna Reduzida
A10: E | B10: Outros (especificar)
A11: F | B11: Adicional de Insalubridade (Ver grau de ins. 10%, 20% ou 40% Sobre o salário mínimo)
A12: TOTAL MODULO 1 | E12: =SUM(E6:J11) -> 1855.15
A13: Incidência dos encargos do Submódulo 2.2 sobre a composição da remuneração | E13: =E12*E30 -> 682.6952
A15: MÓDULO 2 - ENCARGOS E BENEFÍCIOS ANUAIS, MENSAIS E DIÁRIOS
A16: SUBMÓDULO 2.1 - 13º SALÁRIO, FÉRIAS E ADICIONAL DE FÉRIAS PAGAMENTO POR FATO GERADOR
A17: A | B17: 13º Salário | E17: 0.0833 | H17: =E17*E12 -> 154.534
A18: B | B18: Férias e Adicional de férias | E18: 0.121 | H18: =E18*E12 -> 224.47315
A19: TOTAL | H19: =SUM(H17:J18) -> 379.00715
A20: C | B20: Incidências dos encargos do submódulo 2.2 sobre o 13º salário, férias e adicional de férias | E20: 0.0782 | H20: =E12*E20 -> 145.07273
A21: SUBMÓDULO 2.2 - ENCARGOS PREVIDENCIÁRIOS (GPS), FUNDO DE GARANTIA POR TEMPO DE SERVIÇO (FGTS) E OUTRAS CONTRIBUIÇÕES *
A22: A | C22: INSS | E22: 0.2 | H22: =E22*(E12+H19) -> 446.83143
A23: B | C23: Salário Educação | E23: 0.025 | H23: =E23*(E12+H19) -> 55.853929
A24: C | C24: SAT | E24: 0.03 | H24: =E24*(E12+H19) -> 67.024714
A25: D | C25: SESC ou SESI | E25: 0.015 | H25: =E25*(E12+H19) -> 33.512357
A26: E | C26: SENAI - SENAC | E26: 0.01 | H26: =E26*(E12+H19) -> 22.341571
A27: F | C27: SEBRAE | E27: 0.006 | H27: =E27*(E12+H19) -> 13.404943
A28: G | C28: INCRA | E28: 0.002 | H28: =E28*(E12+H19) -> 4.4683143
A29: H | C29: FGTS | E29: 0.08 | H29: =E29*(E12+H19) -> 178.73257
A30: TOTAL | E30: =SUM(E22:G29) -> 0.368 | H30: =SUM(H22:J29) -> 822.16983
A31: SUBMÓDULO 2.3 - BENEFÍCIOS MENSAIS E DIÁRIOS **
A32: A | C32: Transporte | H32: =(3.9*2*25.5)-6%*E6 -> 87.591
A33: B | C33: Auxílio-Refeição/Alimentação | H33: =21.63*25.5-20% -> 551.365
A34: C | C34: Assistência médica e familiar | H34: 36.57
A35: D | C35: Outros Especificar | H35: 25.95
A36: TOTAL | H36: =SUM(H32:J35) -> 701.476
A37: TOTAL DO MÓDULO 2 | E37: =H19+H30+H36 -> 1902.653
A39: MÓDULO 3 - PROVISÃO PARA RESCISÃO - PAGAMENTO POR FATO GERADOR
A40: A | C40: Aviso-prévio indenizado | H40: =E12/12*5% -> 7.7297917
A41: B | C41: Incidência do FGTS sobre aviso-prévio indenizado | H41: =H40*8% -> 0.61838333
A42: C | C42: Multa sobre FGTS e contribuições sociais sobre aviso-prévio indenizado | H42: =E42*E12 -> 0
A43: D | C43: Aviso-prévio trabalhado | H43: =E12/30/12*7*100% -> 36.072361
A44: E | C44: Incidência de GPS, FGTS e outras constribuições sobre o aviso-prévio trabalhado | H44: =H43*39.8% -> 14.3568
A45: F | C45: Multa sobre FGTS e contribuições sociais sobre aviso-prévio indenizado | H45: =E12*5% -> 92.7575
A46: TOTAL MODULO 3 | H46: =SUM(H40:J45) -> 151.53484
A48: MÓDULO 4 - CUSTO DE REPOSIÇÃO DE PROFISSIONAL AUSENTE PAGAMENTO POR FATO GERADOR
A49: A | C49: Substituto na cobertura de férias | H49: =E20/12*5% -> 0.00032583333
A50: B | C50: Substituto na cobertura de ausencias legais | H50: =E12/30/12 -> 5.1531944
A51: C | C51: Substituto na cobertura de licença-paternidade | H51: =E12/30/12*5*1.5% -> 0.38648958
A52: D | C52: Substituto na cobertura de Ausencia por acidente de trabalho | H52: =E12/30/12*15*8% -> 6.1838333
A53: E | C53: Substituto na cobertura de Afastamento Maternidade | H53: =E20*5% -> 0.00391
A54: F | C54: Substituto na cobertura de outras ocorrencias (especificar) | H54: =E12/30/12*5*40% -> 10.306389
A55: G | C55: Incidência dos encargos do submódulo 2.2 sobre as ausências legais | H55: =SUM(H49:J54)*39.8% -> 8.7695885
A56: TOTAL | H56: =SUM(H49:J55) -> 30.803731
A57: SUBMÓDULO 4.1 - AFASTAMENTO MATERNIDADE - PAGAMENTO POR FATO GERADOR
A58: A | C58: Férias acrescidas de 1/3 pagas ao substituto pelos 120d de reposição | H58: =((((E12+(E12/3))*0.3333)/12)*2%) -> 1.3740478
A59: B | C59: Incidência dos encargos do Submódulo 2.2 sobre as férias acrescidas de 1/3 pagas ao substituto pelos 120d de reposição | H59: =H58*39.8% -> 0.54687101
A60: C | C60: Incidência dos encargos do Submódulo 2.2 sobre a remuneração e o 13º salário proporcionais aos 120d de reposição | H60: =(((E12+H17)*0.333)*2%)*39.8% -> 5.3270292
A61: D | C61: Outros
A62: TOTAL | H62: =SUM(H58:J61) -> 7.2479479
A63: SUBMÓDULO 4.2 -SUBSTITUTO NA INTRAJORNADA - PAGAMENTO POR FATO GERADOR
A64: A | C64: Substituto na cobertura de intervalo para repouso ou alimentação | H64: =((((E18+(E18/3))*0.3333)/12)*2%) -> 8.9620667e-05
A65: B | C65: Incidência dos encargos do Submódulo 2.2 sobre o intervalo para repouso e alimentação | H65: =H64*39.8% -> 3.5669025e-05
A66: TOTAL | H66: =SUM(H64:J65) -> 0.00012528969
A67: TOTAL DO MÓDULO 4 | E67: =H66+H62+H56 -> 38.051804
A69: MÓDULO 5 - INSUMOS DIVERSOS
A70: A | C70: Uniformes | H70: 350
A71: B | C71: Materiais | H71: 5.56
A72: C | C72: Equipamentos | H72: 42.75
A73: D | C73: Outros (especificar) | H73: =E31/30/12*15*8% -> 0
A74: TOTAL | H74: =SUM(H70:J73) -> 398.31
A76: MÓDULO 6 - CUSTOS INDIRETOS, TRIBUTOS E LUCRO ****
A77: A | C77: Custos indiretos | E77: 0.07 | H77: =(H74+E67+H46+E37+E12)*E77 -> 304.19897
A78: B | C78: Lucro | E78: 0.075775277 | H78: =E78*(H74+E67+H46+E37+E12) -> 329.29659
A79: C | C79: Tributos | E79: 0.8575 | H79: =(H74+E67+H46+E37+E12)/E79 -> 5067.8713
A80: D | C80: Tributos Federais (PIS) | E80: 0.0165 | H80: =E80*J88 -> 53.11185
A81: D | C81: Tributos Federais (COFINS) | E81: 0.076 | H81: =E81*J88 -> 244.6364
A82: E | C82: Tributos Estaduais (ICMS)
A83: F | C83: Tributos Municipais (ISS) | E83: 0.05 | H83: =E83*J88 -> 160.945
A84: TOTAL | H84: =H77+H78+H80+H81+H83 -> 1092.1888
A86: CUSTO TOTAL POR EMPREGADO | H86: =SUM(H84+H74+E67+H46+E37+E12) -> 5437.8884
J88: 3218.9

Sheet RECEPCIONISTA 12X36
A1: ANEXO I - PLANILHA DE VALORES E CUSTOS DOS POSTOS
A2: CARGO | D2: RECEPCIONISTA (12x36)HORAS - DIURNO
A4: MÓDULO 1 - COMPOSIÇÃO DA REMUNERAÇÃO *
A5: * Valor mensal devido ao empregado pela prestação do serviço no período de 12 meses
A6: A | B6: Salário-base | E6: 1855.15
A7: B | B7: Adicional de Periculosidade
A8: C | B8: Adicional Noturno
A9: D | B9: Adicional de Hora Noturna Reduzida
A10: E | B10: Outros (especificar)
A11: F | B11: Adicional de Insalubridade (Ver grau de ins. 10%, 20% ou 40% Sobre o salário mínimo)
A12: TOTAL | E12: =SUM(E6:J11) -> 1855.15
A13: Incidência dos encargos do Submódulo 2.2 sobre a composição da remuneração | E13: =E12*E30 -> 682.6952
A15: MÓDULO 2 - ENCARGOS E BENEFÍCIOS ANUAIS, MENSAIS E DIÁRIOS
A16: SUBMÓDULO 2.1 - 13º SALÁRIO, FÉRIAS E ADICIONAL DE FÉRIAS PAGAMENTO POR FATO GERADOR
A17: A | B17: 13º Salário | E17: 0.0833 | H17: =E17*E12 -> 154.534
A18: B | B18: Férias e Adicional de férias | E18: 0.121 | H18: =E18*E12 -> 224.47315
A19: TOTAL | H19: =SUM(H17:J18) -> 379.00715
A20: C | B20: Incidências dos encargos do submódulo 2.2 sobre o 13º salário, férias e adicional de férias | E20: 0.0782 | H20: =E12*E20 -> 145.07273
A21: SUBMÓDULO 2.2 - ENCARGOS PREVIDENCIÁRIOS (GPS), FUNDO DE GARANTIA POR TEMPO DE SERVIÇO (FGTS) E OUTRAS CONTRIBUIÇÕES *
A22: A | C22: INSS | E22: 0.2 | H22: =E22*(E12+H19) -> 446.83143
A23: B | C23: Salário Educação | E23: 0.025 | H23: =E23*(E12+H19) -> 55.853929
A24: C | C24: SAT | E24: 0.03 | H24: =E24*(E12+H19) -> 67.024714
A25: D | C25: SESC ou SESI | E25: 0.015 | H25: =E25*(E12+H19) -> 33.512357
A26: E | C26: SENAI - SENAC | E26: 0.01 | H26: =E26*(E12+H19) -> 22.341571
A27: F | C27: SEBRAE | E27: 0.006 | H27: =E27*(E12+H19) -> 13.404943
A28: G | C28: INCRA | E28: 0.002 | H28: =E28*(E12+H19) -> 4.4683143
A29: H | C29: FGTS | E29: 0.08 | H29: =E29*(E12+H19) -> 178.73257
A30: TOTAL | E30: =SUM(E22:G29) -> 0.368 | H30: =SUM(H22:J29) -> 822.16983
A31: SUBMÓDULO 2.3 - BENEFÍCIOS MENSAIS E DIÁRIOS **
A32: A | C32: Transporte | H32: =(3.9*2*16)-6%*E6 -> 13.491
A33: B | C33: Auxílio-Refeição/Alimentação | H33: =21.63*16-20% -> 345.88
A34: C | C34: Assistência médica e familiar | H34: 36.57
A35: D | C35: Outros Especificar | H35: 25.95
A36: TOTAL | H36: =SUM(H32:J35) -> 421.891
A37: TOTAL DO MÓDULO 2 | E37: =H19+H30+H36 -> 1623.068
A39: MÓDULO 3 - PROVISÃO PARA RESCISÃO - PAGAMENTO POR FATO GERADOR
A40: A | C40: Aviso-prévio indenizado | H40: =E12/12*5% -> 7.7297917
A41: B | C41: Incidência do FGTS sobre aviso-prévio indenizado | H41: =H40*8% -> 0.61838333
A42: C | C42: Multa sobre FGTS e contribuições sociais sobre aviso-prévio indenizado | H42: =E42*E12 -> 0
A43: D | C43: Aviso-prévio trabalhado | H43: =E12/30/12*7*100% -> 36.072361
A44: E | C44: Incidência de GPS, FGTS e outras constribuições sobre o aviso-prévio trabalhado | H44: =H43*39.8% -> 14.3568
A45: F | C45: Multa sobre FGTS e contribuições sociais sobre aviso-prévio indenizado | H45: =E12*5% -> 92.7575
A46: TOTAL MODULO 3 | H46: =SUM(H40:J45) -> 151.53484
A48: MÓDULO 4 - CUSTO DE REPOSIÇÃO DE PROFISSIONAL AUSENTE PAGAMENTO POR FATO GERADOR
A49: A | C49: Substituto na cobertura de férias | H49: =E20/12*5% -> 0.00032583333
A50: B | C50: Substituto na cobertura de ausencias legais | H50: =E12/30/12 -> 5.1531944
A51: C | C51: Substituto na cobertura de licença-paternidade | H51: =E12/30/12*5*1.5% -> 0.38648958
A52: D | C52: Substituto na cobertura de Ausencia por acidente de trabalho | H52: =E12/30/12*15*8% -> 6.1838333
A53: E | C53: Substituto na cobertura de Afastamento Maternidade | H53: =E20*5% -> 0.00391
A54: F | C54: Substituto na cobertura de outras ocorrencias (especificar) | H54: =E12/30/12*5*40% -> 10.306389
A55: G | C55: Incidência dos encargos do submódulo 2.2 sobre as ausências legais | H55: =SUM(H49:J54)*39.8% -> 8.7695885
A56: TOTAL | H56: =SUM(H49:J55) -> 30.803731
A57: SUBMÓDULO 4.1 - AFASTAMENTO MATERNIDADE - PAGAMENTO POR FATO GERADOR
A58: A | C58: Férias acrescidas de 1/3 pagas ao substituto pelos 120d de reposição | H58: =((((E12+(E12/3))*0.3333)/12)*2%) -> 1.3740478
A59: B | C59: Incidência dos encargos do Submódulo 2.2 sobre as férias acrescidas de 1/3 pagas ao substituto pelos 120d de reposição | H59: =H58*39.8% -> 0.54687101
A60: C | C60: Incidência dos encargos do Submódulo 2.2 sobre a remuneração e o 13º salário proporcionais aos 120d de reposição | H60: =(((E12+H17)*0.333)*2%)*39.8% -> 5.3270292
A61: D | C61: Outros
A62: TOTAL | H62: =SUM(H58:J61) -> 7.2479479
A63: SUBMÓDULO 4.2 -SUBSTITUTO NA INTRAJORNADA - PAGAMENTO POR FATO GERADOR
A64: A | C64: Substituto na cobertura de intervalo para repouso ou alimentação | H64: =((((E18+(E18/3))*0.3333)/12)*2%) -> 8.9620667e-05
A65: B | C65: Incidência dos encargos do Submódulo 2.2 sobre o intervalo para repouso e alimentação | H65: =H64*39.8% -> 3.5669025e-05
A66: TOTAL | H66: =SUM(H64:J65) -> 0.00012528969
A67: TOTAL DO MÓDULO 4 | E67: =H66+H62+H56 -> 38.051804
A69: MÓDULO 5 - INSUMOS DIVERSOS
A70: A | C70: Uniformes | H70: 350
A71: B | C71: Materiais | H71: 5.56
A72: C | C72: Equipamentos | H72: 42.75
A73: D | C73: Outros (especificar) | H73: =E31/30/12*15*8% -> 0
A74: TOTAL MODULO 5 | H74: =SUM(H70:J73) -> 398.31
A76: MÓDULO 6 - CUSTOS INDIRETOS, TRIBUTOS E LUCRO ****
A77: A | C77: Custos indiretos | E77: 0.07 | H77: =(H74+E67+H46+E37+E12)*E77 -> 284.62802
A78: B | C78: Lucro | E78: 0.075775277 | H78: =E78*(H74+E67+H46+E37+E12) -> 308.11096
A79: C | C79: Tributos | E79: 0.8575 | H79: =(H74+E67+H46+E37+E12)/E79 -> 4741.8246
A80: D | C80: Tributos Federais (PIS) | E80: 0.0165 | H80: =E80*J88 -> 53.11185
A81: D | C81: Tributos Federais (COFINS) | E81: 0.076 | H81: =E81*J88 -> 244.6364
A82: E | C82: Tributos Estaduais (ICMS)
A83: F | C83: Tributos Municipais (ISS) | E83: 0.05 | H83: =E83*J88 -> 160.945
A84: TOTAL MODULO 6 | H84: =H77+H78+H80+H81+H83 -> 1051.4322
A86: CUSTO TOTAL POR EMPREGADO | H86: =SUM(H84+H74+E67+H46+E37+E12) -> 5117.5468
J88: 3218.9

Sheet RECEPCIONISTA 12X36 N
A1: ANEXO I - PLANILHA DE VALORES E CUSTOS DOS POSTOS
A2: CARGO | D2: RECEPCIONISTA (12x36)HORAS - NOTURNO
A4: MÓDULO 1 - COMPOSIÇÃO DA REMUNERAÇÃO *
A5: * Valor mensal devido ao empregado pela prestação do serviço no período de 12 meses
A6: A | B6: Salário-base | E6: 1855.15
A7: B | B7: Adicional de Periculosidade
A8: C | B8: Adicional Noturno | E8: =(((E6/210)*20%)*9)*16 -> 254.42057
A9: D | B9: Adicional de Hora Noturna Reduzida | E9: =(((E6/210)*20%)*0.14)*16 -> 3.9576533
A10: E | B10: Descanso Semanal Remunerado | E10: =((E8+E9)/25)*5 -> 51.675645
A11: F | B11: Adicional de Insalubridade (Ver grau de ins. 10%, 20% ou 40% Sobre o salário mínimo)
A12: TOTAL MODULO 1 | E12: =SUM(E6:J11) -> 2165.2039
A13: Incidência dos encargos do Submódulo 2.2 sobre a composição da remuneração | E13: =E12*E30 -> 796.79502
A15: MÓDULO 2 - ENCARGOS E BENEFÍCIOS ANUAIS, MENSAIS E DIÁRIOS
A16: SUBMÓDULO 2.1 - 13º SALÁRIO, FÉRIAS E ADICIONAL DE FÉRIAS - PAGAMENTO POR FATO GERADOR
A17: A | B17: 13º Salário | E17: 0.0833 | H17: =E17*E12 -> 180.36148
A18: B | B18: Férias e Adicional de férias | E18: 0.121 | H18: =E18*E12 -> 261.98967
A19: TOTAL | H19: =SUM(H17:J18) -> 442.35115
A20: C | B20: Incidências dos encargos do submódulo 2.2 sobre o 13º salário, férias e adicional de férias | E20: 0.0782 | H20: =E12*E20 -> 169.31894
A21: SUBMÓDULO 2.2 - ENCARGOS PREVIDENCIÁRIOS (GPS), FUNDO DE GARANTIA POR TEMPO DE SERVIÇO (FGTS) E OUTRAS CONTRIBUIÇÕES *
A22: A | C22: INSS | E22: 0.2 | H22: =E22*(E12+H19) -> 521.511
A23: B | C23: Salário Educação | E23: 0.025 | H23: =E23*(E12+H19) -> 65.188876
A24: C | C24: SAT | E24: 0.03 | H24: =E24*(E12+H19) -> 78.226651
A25: D | C25: SESC ou SESI | E25: 0.015 | H25: =E25*(E12+H19) -> 39.113325
A26: E | C26: SENAI - SENAC | E26: 0.01 | H26: =E26*(E12+H19) -> 26.07555
A27: F | C27: SEBRAE | E27: 0.006 | H27: =E27*(E12+H19) -> 15.64533
A28: G | C28: INCRA | E28: 0.002 | H28: =E28*(E12+H19) -> 5.21511
A29: H | C29: FGTS | E29: 0.08 | H29: =E29*(E12+H19) -> 208.6044
A30: TOTAL | E30: =SUM(E22:G29) -> 0.368 | H30: =SUM(H22:J29) -> 959.58025
A31: SUBMÓDULO 2.3 - BENEFÍCIOS MENSAIS E DIÁRIOS **
A32: A | C32: Transporte | H32: =(3.9*2*16)-6%*E6 -> 13.491
A33: B | C33: Auxílio-Refeição/Alimentação | H33: =21.63*16-20% -> 345.88
A34: C | C34: Assistência médica e familiar | H34: 36.57
A35: D | C35: Outros Especificar | H35: 25.95
A36: TOTAL | H36: =SUM(H32:J35) -> 421.891
A37: TOTAL DO MÓDULO 2 | E37: =H19+H30+H36 -> 1823.8224
A39: MÓDULO 3 - PROVISÃO PARA RESCISÃO - PAGAMENTO POR FATO GERADOR
A40: A | C40: Aviso-prévio indenizado | H40: =E12/12*5% -> 9.0216828
A41: B | C41: Incidência do FGTS sobre aviso-prévio indenizado | H41: =H40*8% -> 0.72173462
A42: C | C42: Multa sobre FGTS e contribuições sociais sobre aviso-prévio indenizado | H42: =E42*E12 -> 0
A43: D | C43: Aviso-prévio trabalhado | H43: =E12/30/12*7*100% -> 42.101186
A44: E | C44: Incidência de GPS, FGTS e outras constribuições sobre o aviso-prévio trabalhado | H44: =H43*39.8% -> 16.756272
A45: F | C45: Multa sobre FGTS e contribuições sociais sobre aviso-prévio indenizado | H45: =E12*5% -> 108.26019
A46: TOTAL MODULO 3 | H46: =SUM(H40:J45) -> 176.86107
A48: MÓDULO 4 - CUSTO DE REPOSIÇÃO DE PROFISSIONAL AUSENTE - PAGAMENTO POR FATO GERADOR
A49: A | C49: Substituto na cobertura de férias | H49: =E20/12*5% -> 0.00032583333
A50: B | C50: Substituto na cobertura de ausencias legais | H50: =E12/30/12 -> 6.0144552
A51: C | C51: Substituto na cobertura de licença-paternidade | H51: =E12/30/12*5*1.5% -> 0.45108414
A52: D | C52: Substituto na cobertura de Ausencia por acidente de trabalho | H52: =E12/30/12*15*8% -> 7.2173462
A53: E | C53: Substituto na cobertura de Afastamento Maternidade | H53: =E20*5% -> 0.00391
A54: F | C54: Substituto na cobertura de outras ocorrencias (especificar) | H54: =E12/30/12*5*40% -> 12.02891
A55: G | C55: Incidência dos encargos do submódulo 2.2 sobre as ausências legais | H55: =SUM(H49:J54)*39.8% -> 10.234981
A56: TOTAL | H56: =SUM(H49:J55) -> 35.951012
A57: SUBMÓDULO 4.1 - AFASTAMENTO MATERNIDADE - PAGAMENTO POR FATO GERADOR
A58: A | C58: Férias acrescidas de 1/3 pagas ao substituto pelos 120d de reposição | H58: =((((E12+(E12/3))*0.3333)/12)*2%) -> 1.6036943
A59: B | C59: Incidência dos encargos do Submódulo 2.2 sobre as férias acrescidas de 1/3 pagas ao substituto pelos 120d de reposição | H59: =H58*39.8% -> 0.63827034
A60: C | C60: Incidência dos encargos do Submódulo 2.2 sobre a remuneração e o 13º salário proporcionais aos 120d de reposição | H60: =(((E12+H17)*0.333)*2%)*39.8% -> 6.2173432
A61: D | C61: Outros
A62: TOTAL | H62: =SUM(H58:J61) -> 8.4593078
A63: SUBMÓDULO 4.2 -SUBSTITUTO NA INTRAJORNADA - PAGAMENTO POR FATO GERADOR
A64: A | C64: Substituto na cobertura de intervalo para repouso ou alimentação | H64: =((((E18+(E18/3))*0.3333)/12)*2%) -> 8.9620667e-05
A65: B | C65: Incidência dos encargos do Submódulo 2.2 sobre o intervalo para repouso e alimentação | H65: =H64*39.8% -> 3.5669025e-05
A66: TOTAL | H66: =SUM(H64:J65) -> 0.00012528969
A67: TOTAL DO MÓDULO 4 | E67: =H66+H62+H56 -> 44.410446
A69: MÓDULO 5 - INSUMOS DIVERSOS
A70: A | C70: Uniformes | H70: 350
A71: B | C71: Materiais | H71: 5.56
A72: C | C72: Equipamentos | H72: 42.75
A73: D | C73: Outros (especificar) | H73: =E31/30/12*15*8% -> 0
A74: TOTAL MODULO 5 | H74: =SUM(H70:J73) -> 398.31
A76: MÓDULO 6 - CUSTOS INDIRETOS, TRIBUTOS E LUCRO ****
A77: A | C77: Custos indiretos | E77: 0.07 | H77: =(H74+E67+H46+E37+E12)*E77 -> 322.60254
A78: B | C78: Lucro | E78: 0.075775277 | H78: =E78*(H74+E67+H46+E37+E12) -> 349.21853
A79: C | C79: Tributos | E79: 0.8575 | H79: =(H74+E67+H46+E37+E12)/E79 -> 5374.4697
A80: D | C80: Tributos Federais (PIS) | E80: 0.0165 | H80: =E80*J88 -> 53.11185
A81: D | C81: Tributos Federais (COFINS) | E81: 0.076 | H81: =E81*J88 -> 244.6364
A82: E | C82: Tributos Estaduais (ICMS)
A83: F | C83: Tributos Municipais (ISS) | E83: 0.05 | H83: =E83*J88 -> 160.945
A84: TOTAL MODULO 6 | H84: =H77+H78+H80+H81+H83 -> 1130.5143
A86: CUSTO TOTAL POR EMPREGADO | H86: =SUM(H84+H74+E67+H46+E37+E12) -> 5739.1221
J88: 3218.9

Sheet AUXILIAR DE COZINHA
A1: ANEXO I - PLANILHA DE VALORES E CUSTOS DOS POSTOS
A2: CARGO | D2: AUXILIAR DE COZINHA 44 HORAS SEMANAIS
A4: MÓDULO 1 - COMPOSIÇÃO DA REMUNERAÇÃO *
A5: * Valor mensal devido ao empregado pela prestação do serviço no período de 12 meses
A6: A | B6: Salário-base | E6: 1086.46
A7: B | B7: Adicional de Periculosidade
A8: C | B8: Adicional Noturno
A9: D | B9: Adicional de Hora Noturna Reduzida
A10: E | B10: Outros (especificar)
A11: F | B11: Adicional de Insalubridade (Ver grau de ins. 10%, 20% ou 40% Sobre o salário mínimo)
A12: TOTAL MODULO 1 | E12: =SUM(E6:J11) -> 1086.46
A13: Incidência dos encargos do Submódulo 2.2 sobre a composição da remuneração | E13: =E12*E30 -> 399.81728
A15: MÓDULO 2 - ENCARGOS E BENEFÍCIOS ANUAIS, MENSAIS E DIÁRIOS
A16: SUBMÓDULO 2.1 - 13º SALÁRIO, FÉRIAS E ADICIONAL DE FÉRIAS - PAGAMENTO POR FATO GERADOR
A17: A | B17: 13º Salário | E17: 0.0833 | H17: =E17*E12 -> 90.502118
A18: B | B18: Férias e Adicional de férias | E18: 0.121 | H18: =E18*E12 -> 131.46166
A19: TOTAL | H19: =SUM(H17:J18) -> 221.96378
A20: C | B20: Incidências dos encargos do submódulo 2.2 sobre o 13º salário, férias e adicional de férias | E20: 0.0782 | H20: =E12*E20 -> 84.961172
A21: SUBMÓDULO 2.2 - ENCARGOS PREVIDENCIÁRIOS (GPS), FUNDO DE GARANTIA POR TEMPO DE SERVIÇO (FGTS) E OUTRAS CONTRIBUIÇÕES *
A22: A | C22: INSS | E22: 0.2 | H22: =E22*(E12+H19) -> 261.68476
A23: B | C23: Salário Educação | E23: 0.025 | H23: =E23*(E12+H19) -> 32.710594
A24: C | C24: SAT | E24: 0.03 | H24: =E24*(E12+H19) -> 39.252713
A25: D | C25: SESC ou SESI | E25: 0.015 | H25: =E25*(E12+H19) -> 19.626357
A26: E | C26: SENAI - SENAC | E26: 0.01 | H26: =E26*(E12+H19) -> 13.084238
A27: F | C27: SEBRAE | E27: 0.006 | H27: =E27*(E12+H19) -> 7.8505427
A28: G | C28: INCRA | E28: 0.002 | H28: =E28*(E12+H19) -> 2.6168476
A29: H | C29: FGTS | E29: 0.08 | H29: =E29*(E12+H19) -> 104.6739
A30: TOTAL | E30: =SUM(E22:G29) -> 0.368 | H30: =SUM(H22:J29) -> 481.49995
A31: SUBMÓDULO 2.3 - BENEFÍCIOS MENSAIS E DIÁRIOS **
A32: A | C32: Transporte | H32: =(3.9*2*25.5)-6%*E6 -> 133.7124
A33: B | C33: Cesta Basica | H33: =156.45-(156.45*0.5%) -> 155.66775
C34: Auxilio Alimentação | H34: =(12.5*25.5)-20% -> 318.55
A35: C | C35: Assistência médica e familiar | H35: 105.05
A36: D | C36: Outros (especificar) | H36: 108.9
A37: TOTAL | H37: =SUM(H32:J36) -> 821.88015
A38: TOTAL DO MÓDULO 2 | E38: =H19+H30+H37 -> 1525.3439
A40: MÓDULO 3 - PROVISÃO PARA RESCISÃO - PAGAMENTO POR FATO GERADOR
A41: A | C41: Aviso-prévio indenizado | H41: =E12/12*5% -> 4.5269167
A42: B | C42: Incidência do FGTS sobre aviso-prévio indenizado | H42: =H41*8% -> 0.36215333
A43: C | C43: Multa sobre FGTS e contribuições sociais sobre aviso-prévio indenizado | H43: =E43*E12 -> 0
A44: D | C44: Aviso-prévio trabalhado | H44: =E12/30/12*7*100% -> 21.125611
A45: E | C45: Incidência de GPS, FGTS e outras constribuições sobre o aviso-prévio trabalhado | H45: =H44*39.8% -> 8.4079932
A46: F | C46: Multa sobre FGTS e contribuições sociais sobre aviso-prévio indenizado | H46: =E12*5% -> 54.323
A47: TOTAL MODULO 3 | H47: =SUM(H41:J46) -> 88.745674
A49: MÓDULO 4 - CUSTO DE REPOSIÇÃO DE PROFISSIONAL AUSENTE PAGAMENTO POR FATO GERADOR
A50: A | C50: Substituto na cobertura de férias | H50: =E20/12*5% -> 0.00032583333
A51: B | C51: Substituto na cobertura de ausencias legais | H51: =E12/30/12 -> 3.0179444
A52: C | C52: Substituto na cobertura de licença-paternidade | H52: =E12/30/12*5*1.5% -> 0.22634583
A53: D | C53: Substituto na cobertura de Ausencia por acidente de trabalho | H53: =E12/30/12*15*8% -> 3.6215333
A54: E | C54: Substituto na cobertura de Afastamento Maternidade | H54: =E20*5% -> 0.00391
A55: F | C55: Substituto na cobertura de outras ocorrencias (especificar) | H55: =E12/30/12*5*40% -> 6.0358889
A56: G | C56: Incidência dos encargos do submódulo 2.2 sobre as ausências legais | H56: =SUM(H50:J55)*39.8% -> 5.1365674
A57: TOTAL | H57: =SUM(H50:J56) -> 18.042516
A58: SUBMÓDULO 4.1 - AFASTAMENTO MATERNIDADE - PAGAMENTO POR FATO GERADOR
A59: A | C59: Férias acrescidas de 1/3 pagas ao substituto pelos 120d de reposição | H59: =((((E12+(E12/3))*0.3333)/12)*2%) -> 0.80470471
A60: B | C60: Incidência dos encargos do Submódulo 2.2 sobre as férias acrescidas de 1/3 pagas ao substituto pelos 120d de reposição | H60: =H59*39.8% -> 0.32027247
A61: C | C61: Incidência dos encargos do Submódulo 2.2 sobre a remuneração e o 13º salário proporcionais aos 120d de reposição | H61: =(((E12+H17)*0.333)*2%)*39.8% -> 3.1197499
A62: D | C62: Outros
A63: TOTAL | H63: =SUM(H59:J62) -> 4.2447271
A64: SUBMÓDULO 4.2 -SUBSTITUTO NA INTRAJORNADA PAGAMENTO POR FATO GERADOR
A65: A | C65: Substituto na cobertura de intervalo para repouso ou alimentação | H65: =((((E18+(E18/3))*0.3333)/12)*2%) -> 8.9620667e-05
A66: B | C66: Incidência dos encargos do Submódulo 2.2 sobre o intervalo para repouso e alimentação | H66: =H65*39.8% -> 3.5669025e-05
A67: TOTAL | H67: =SUM(H65:J66) -> 0.00012528969
A68: TOTAL DO MÓDULO 4 | E68: =H67+H63+H57 -> 22.287368
A70: MÓDULO 5 - INSUMOS DIVERSOS
A71: A | C71: Uniformes | H71: 350
A72: B | C72: Materiais | H72: 50
A73: C | C73: Equipamentos | H73: =3000/120 -> 25
A74: D | C74: Outros (especificar) | H74: =E31/30/12*15*8% -> 0
A75: TOTAL MPODULO 5 | H75: =SUM(H71:J74) -> 425
A77: MÓDULO 6 - CUSTOS INDIRETOS, TRIBUTOS E LUCRO ****
A78: A | C78: Custos indiretos | E78: 0.07 | H78: =(H75+E68+H47+E38+E12)*E78 -> 220.34858
A79: B | C79: Lucro | E79: 0.075775182 | H79: =E79*(H75+E68+H47+E38+E12) -> 238.52792
A80: C | C80: Tributos | E80: 0.8575 | H80: =(H75+E68+H47+E38+E12)/E80 -> 3670.9468
A81: D | C81: Tributos Federais (PIS) | E81: 0.0165 | H81: =E81*D90 -> 51.28629
A82: D | C82: Tributos Federais (COFINS) | E82: 0.076 | H82: =E82*D90 -> 236.22776
A83: E | C83: Tributos Estaduais (ICMS)
A84: F | C84: Tributos Municipais (ISS) | E84: 0.05 | H84: =E84*D90 -> 155.413
A85: TOTAL MODULO 6 | H85: =H78+H79+H81+H82+H84 -> 901.80355
A87: CUSTO TOTAL POR EMPREGADO | H87: =SUM(H85+H75+E68+H47+E38+E12) -> 4049.6405
H88: 9332.68
D90: 3108.26

Sheet AUXILIAR DE COZINHA 12X36
A1: ANEXO I - PLANILHA DE VALORES E CUSTOS DOS POSTOS
A2: CARGO | D2: AUXILIAR DE COZINHA 44 HORAS SEMANAIS
A4: MÓDULO 1 - COMPOSIÇÃO DA REMUNERAÇÃO *
A5: * Valor mensal devido ao empregado pela prestação do serviço no período de 12 meses
A6: A | B6: Salário-base | E6: 1086.46
A7: B | B7: Adicional de Periculosidade
A8: C | B8: Adicional Noturno
A9: D | B9: Adicional de Hora Noturna Reduzida
A10: E | B10: Outros (especificar)
A11: F | B11: Adicional de Insalubridade (Ver grau de ins. 10%, 20% ou 40% Sobre o salário mínimo)
A12: TOTAL MODULO 1 | E12: =SUM(E6:J11) -> 1086.46
A13: Incidência dos encargos do Submódulo 2.2 sobre a composição da remuneração | E13: =E12*E30 -> 399.81728
A15: MÓDULO 2 - ENCARGOS E BENEFÍCIOS ANUAIS, MENSAIS E DIÁRIOS
A16: SUBMÓDULO 2.1 - 13º SALÁRIO, FÉRIAS E ADICIONAL DE FÉRIAS PAGAMENTO POR FATO GERADOR
A17: A | B17: 13º Salário | E17: 0.0833 | H17: =E17*E12 -> 90.502118
A18: B | B18: Férias e Adicional de férias | E18: 0.121 | H18: =E18*E12 -> 131.46166
A19: TOTAL | H19: =SUM(H17:J18) -> 221.96378
A20: C | B20: Incidências dos encargos do submódulo 2.2 sobre o 13º salário, férias e adicional de férias | E20: 0.0782 | H20: =E12*E20 -> 84.961172
A21: SUBMÓDULO 2.2 - ENCARGOS PREVIDENCIÁRIOS (GPS), FUNDO DE GARANTIA POR TEMPO DE SERVIÇO (FGTS) E OUTRAS CONTRIBUIÇÕES *
A22: A | C22: INSS | E22: 0.2 | H22: =E22*(E12+H19) -> 261.68476
A23: B | C23: Salário Educação | E23: 0.025 | H23: =E23*(E12+H19) -> 32.710594
A24: C | C24: SAT | E24: 0.03 | H24: =E24*(E12+H19) -> 39.252713
A25: D | C25: SESC ou SESI | E25: 0.015 | H25: =E25*(E12+H19) -> 19.626357
A26: E | C26: SENAI - SENAC | E26: 0.01 | H26: =E26*(E12+H19) -> 13.084238
A27: F | C27: SEBRAE | E27: 0.006 | H27: =E27*(E12+H19) -> 7.8505427
A28: G | C28: INCRA | E28: 0.002 | H28: =E28*(E12+H19) -> 2.6168476
A29: H | C29: FGTS | E29: 0.08 | H29: =E29*(E12+H19) -> 104.6739
A30: TOTAL | E30: =SUM(E22:G29) -> 0.368 | H30: =SUM(H22:J29) -> 481.49995
A31: SUBMÓDULO 2.3 - BENEFÍCIOS MENSAIS E DIÁRIOS **
A32: A | C32: Transporte | H32: =(3.9*2*16)-6%*E6 -> 59.6124
A33: B | C33: Cesta Basica | H33: =156.45-(156.45*0.5%) -> 155.66775
C34: Auxilio Alimentação | H34: =(12.5*16)-20% -> 199.8
A35: C | C35: Assistência médica e familiar | H35: 105.05
A36: D | C36: Outros (especificar) | H36: 108.9
A37: TOTAL | H37: =SUM(H32:J36) -> 629.03015
A38: TOTAL DO MÓDULO 2 | E38: =H19+H30+H37 -> 1332.4939
A40: MÓDULO 3 - PROVISÃO PARA RESCISÃO - PAGAMENTO POR FATO GERADOR
A41: A | C41: Aviso-prévio indenizado | H41: =E12/12*5% -> 4.5269167
A42: B | C42: Incidência do FGTS sobre aviso-prévio indenizado | H42: =H41*8% -> 0.36215333
A43: C | C43: Multa sobre FGTS e contribuições sociais sobre aviso-prévio indenizado | H43: =E43*E12 -> 0
A44: D | C44: Aviso-prévio trabalhado | H44: =E12/30/12*7*100% -> 21.125611
A45: E | C45: Incidência de GPS, FGTS e outras constribuições sobre o aviso-prévio trabalhado | H45: =H44*39.8% -> 8.4079932
A46: F | C46: Multa sobre FGTS e contribuições sociais sobre aviso-prévio indenizado | H46: =E12*5% -> 54.323
A47: TOTAL MODULO 3 | H47: =SUM(H41:J46) -> 88.745674
A49: MÓDULO 4 - CUSTO DE REPOSIÇÃO DE PROFISSIONAL AUSENTE PAGAMENTO POR FATO GERADOR
A50: A | C50: Substituto na cobertura de férias | H50: =E20/12*5% -> 0.00032583333
A51: B | C51: Substituto na cobertura de ausencias legais | H51: =E12/30/12 -> 3.0179444
A52: C | C52: Substituto na cobertura de licença-paternidade | H52: =E12/30/12*5*1.5% -> 0.22634583
A53: D | C53: Substituto na cobertura de Ausencia por acidente de trabalho | H53: =E12/30/12*15*8% -> 3.6215333
A54: E | C54: Substituto na cobertura de Afastamento Maternidade | H54: =E20*5% -> 0.00391
A55: F | C55: Substituto na cobertura de outras ocorrencias (especificar) | H55: =E12/30/12*5*40% -> 6.0358889
A56: G | C56: Incidência dos encargos do submódulo 2.2 sobre as ausências legais | H56: =SUM(H50:J55)*39.8% -> 5.1365674
A57: TOTAL | H57: =SUM(H50:J56) -> 18.042516
A58: SUBMÓDULO 4.1 - AFASTAMENTO MATERNIDADE - PAGAMENTO POR FATO GERADOR
A59: A | C59: Férias acrescidas de 1/3 pagas ao substituto pelos 120d de reposição | H59: =((((E12+(E12/3))*0.3333)/12)*2%) -> 0.80470471
A60: B | C60: Incidência dos encargos do Submódulo 2.2 sobre as férias acrescidas de 1/3 pagas ao substituto pelos 120d de reposição | H60: =H59*39.8% -> 0.32027247
A61: C | C61: Incidência dos encargos do Submódulo 2.2 sobre a remuneração e o 13º salário proporcionais aos 120d de reposição | H61: =(((E12+H17)*0.333)*2%)*39.8% -> 3.1197499
A62: D | C62: Outros
A63: TOTAL | H63: =SUM(H59:J62) -> 4.2447271
A64: SUBMÓDULO 4.2 -SUBSTITUTO NA INTRAJORNADA - PAGAMENTO POR FATO GERADOR
A65: A | C65: Substituto na cobertura de intervalo para repouso ou alimentação | H65: =((((E18+(E18/3))*0.3333)/12)*2%) -> 8.9620667e-05
A66: B | C66: Incidência dos encargos do Submódulo 2.2 sobre o intervalo para repouso e alimentação | H66: =H65*39.8% -> 3.5669025e-05
A67: TOTAL | H67: =SUM(H65:J66) -> 0.00012528969
A68: TOTAL DO MÓDULO 4 | E68: =H67+H63+H57 -> 22.287368
A70: MÓDULO 5 - INSUMOS DIVERSOS
A71: A | C71: Uniformes | H71: 350
A72: B | C72: Materiais | H72: 50
A73: C | C73: Equipamentos | H73: =3000/120 -> 25
A74: D | C74: Outros (especificar) | H74: =E31/30/12*15*8% -> 0
A75: TOTAL MODULO 5 | H75: =SUM(H71:J74) -> 425
A77: MÓDULO 6 - CUSTOS INDIRETOS, TRIBUTOS E LUCRO ****
A78: A | C78: Custos indiretos | E78: 0.07 | H78: =(H75+E68+H47+E38+E12)*E78 -> 206.84908
A79: B | C79: Lucro | E79: 0.075775182 | H79: =E79*(H75+E68+H47+E38+E12) -> 223.91467
A80: C | C80: Tributos | E80: 0.8575 | H80: =(H75+E68+H47+E38+E12)/E80 -> 3446.0489
A81: D | C81: Tributos Federais (PIS) | E81: 0.0165 | H81: =E81*D90 -> 51.28629
A82: D | C82: Tributos Federais (COFINS) | E82: 0.076 | H82: =E82*D90 -> 236.22776
A83: E | C83: Tributos Estaduais (ICMS)
A84: F | C84: Tributos Municipais (ISS) | E84: 0.05 | H84: =E84*D90 -> 155.413
A85: TOTAL MODULO 6 | H85: =H78+H79+H81+H82+H84 -> 873.69081
A87: CUSTO TOTAL POR EMPREGADO | H87: =SUM(H85+H75+E68+H47+E38+E12) -> 3828.6777
H88: 9332.68
D90: 3108.26

Sheet AUXILIAR DE LIMPEZA
A1: ANEXO I - PLANILHA DE VALORES E CUSTOS DOS POSTOS
A2: CARGO | D2: AUXILIAR DE LIMPEZA 44 HORAS SEMANAIS SEM ADICIONAL DE INSALUBRIDADE
A4: MÓDULO 1 - COMPOSIÇÃO DA REMUNERAÇÃO *
A5: * Valor mensal devido ao empregado pela prestação do serviço no período de 12 meses
A6: A | B6: Salário-base | E6: 1137.23
A7: B | B7: Adicional de Periculosidade
A8: C | B8: Adicional Noturno
A9: D | B9: Adicional de Hora Noturna Reduzida
A10: E | B10: Outros (especificar)
A11: F | B11: Adicional de Insalubridade (Ver grau de ins. 10%, 20% ou 40% Sobre o salário mínimo)
A12: TOTAL MODULO 1 | E12: =SUM(E6:J11) -> 1137.23
A13: Incidência dos encargos do Submódulo 2.2 sobre a composição da remuneração | E13: =E12*E30 -> 418.50064
A15: MÓDULO 2 - ENCARGOS E BENEFÍCIOS ANUAIS, MENSAIS E DIÁRIOS
A16: SUBMÓDULO 2.1 - 13º SALÁRIO, FÉRIAS E ADICIONAL DE FÉRIAS PAGAMENTO POR FATO GERADOR
A17: A | B17: 13º Salário | E17: 0.0833 | H17: =E17*E12 -> 94.731259
A18: B | B18: Férias e Adicional de férias | E18: 0.121 | H18: =E18*E12 -> 137.60483
A19: TOTAL | H19: =SUM(H17:J18) -> 232.33609
A20: C | B20: Incidências dos encargos do submódulo 2.2 sobre o 13º salário, férias e adicional de férias | E20: 0.0782 | H20: =E12*E20 -> 88.931386
A21: SUBMÓDULO 2.2 - ENCARGOS PREVIDENCIÁRIOS (GPS), FUNDO DE GARANTIA POR TEMPO DE SERVIÇO (FGTS) E OUTRAS CONTRIBUIÇÕES *
A22: A | C22: INSS | E22: 0.2 | H22: =E22*(E12+H19) -> 273.91322
A23: B | C23: Salário Educação | E23: 0.025 | H23: =E23*(E12+H19) -> 34.239152
A24: C | C24: SAT | E24: 0.03 | H24: =E24*(E12+H19) -> 41.086983
A25: D | C25: SESC ou SESI | E25: 0.015 | H25: =E25*(E12+H19) -> 20.543491
A26: E | C26: SENAI - SENAC | E26: 0.01 | H26: =E26*(E12+H19) -> 13.695661
A27: F | C27: SEBRAE | E27: 0.006 | H27: =E27*(E12+H19) -> 8.2173965
A28: G | C28: INCRA | E28: 0.002 | H28: =E28*(E12+H19) -> 2.7391322
A29: H | C29: FGTS | E29: 0.08 | H29: =E29*(E12+H19) -> 109.56529
A30: TOTAL | E30: =SUM(E22:G29) -> 0.368 | H30: =SUM(H22:J29) -> 504.00032
A31: SUBMÓDULO 2.3 - BENEFÍCIOS MENSAIS E DIÁRIOS **
A32: A | C32: Transporte | H32: =(3.9*2*25.5)-6%*E6 -> 130.6662
A33: B | C33: Auxílio-Refeição/Alimentação | H33: =(21.63*25.5)-20% -> 551.365
A34: C | C34: Assistência médica e familiar | H34: 36.57
A35: D | C35: Outros (especificar) | H35: 25.95
A36: TOTAL | H36: =SUM(H32:J35) -> 744.5512
A37: TOTAL DO MÓDULO 2 | E37: =H19+H30+H36 -> 1480.8876
A39: MÓDULO 3 - PROVISÃO PARA RESCISÃO - PAGAMENTO POR FATO GERADOR
A40: A | C40: Aviso-prévio indenizado | H40: =E12/12*5% -> 4.7384583
A41: B | C41: Incidência do FGTS sobre aviso-prévio indenizado | H41: =H40*8% -> 0.37907667
A42: C | C42: Multa sobre FGTS e contribuições sociais sobre aviso-prévio indenizado | H42: =E42*E12 -> 0
A43: D | C43: Aviso-prévio trabalhado | H43: =E12/30/12*7*100% -> 22.112806
A44: E | C44: Incidência de GPS, FGTS e outras constribuições sobre o aviso-prévio trabalhado *** | H44: =H43*39.8% -> 8.8008966
A45: F | C45: Multa sobre FGTS e contribuições sociais sobre aviso-prévio indenizado | H45: =E12*5% -> 56.8615
A46: TOTAL MODULO 3 | H46: =SUM(H40:J45) -> 92.892737
A48: MÓDULO 4 - CUSTO DE REPOSIÇÃO DE PROFISSIONAL AUSENTE PAGAMENTO POR FATO GERADOR
A49: A | C49: Substituto na cobertura de férias | H49: =E20/12*5% -> 0.00032583333
A50: B | C50: Substituto na cobertura de ausencias legais | H50: =E12/30/12 -> 3.1589722
A51: C | C51: Substituto na cobertura de licença-paternidade | H51: =E12/30/12*5*1.5% -> 0.23692292
A52: D | C52: Substituto na cobertura de Ausencia por acidente de trabalho | H52: =E12/30/12*15*8% -> 3.7907667
A53: E | C53: Substituto na cobertura de Afastamento Maternidade | H53: =E20*5% -> 0.00391
A54: F | C54: Substituto na cobertura de outras ocorrencias (especificar) | H54: =E12/30/12*5*40% -> 6.3179444
A55: G | C55: Incidência dos encargos do submódulo 2.2 sobre as ausências legais | H55: =SUM(H49:J54)*39.8% -> 5.3765191
A56: TOTAL | H56: =SUM(H49:J55) -> 18.885361
A57: SUBMÓDULO 4.1 - AFASTAMENTO MATERNIDADE - PAGAMENTO POR FATO GERADOR
A58: A | C58: Férias acrescidas de 1/3 pagas ao substituto pelos 120d de reposição | H58: =((((E12+(E12/3))*0.3333)/12)*2%) -> 0.84230835
A59: B | C59: Incidência dos encargos do Submódulo 2.2 sobre as férias acrescidas de 1/3 pagas ao substituto pelos 120d de reposição | H59: =H58*39.8% -> 0.33523872
A60: C | C60: Incidência dos encargos do Submódulo 2.2 sobre a remuneração e o 13º salário proporcionais aos 120d de reposição | H60: =(((E12+H17)*0.333)*2%)*39.8% -> 3.2655351
A61: D | C61: Outros
A62: TOTAL | H62: =SUM(H58:J61) -> 4.4430821
A63: SUBMÓDULO 4.2 -SUBSTITUTO NA INTRAJORNADA - PAGAMENTO POR FATO GERADOR
A64: A | C64: Substituto na cobertura de intervalo para repouso ou alimentação | H64: =((((E18+(E18/3))*0.3333)/12)*2%) -> 8.9620667e-05
A65: B | C65: Incidência dos encargos do Submódulo 2.2 sobre o intervalo para repouso e alimentação | H65: =H64*39.8% -> 3.5669025e-05
A66: TOTAL | H66: =SUM(H64:J65) -> 0.00012528969
A67: TOTAL DO MÓDULO 4 | E67: =H66+H62+H56 -> 23.328569
A69: MÓDULO 5 - INSUMOS DIVERSOS
A70: A | C70: Uniformes | H70: 300
A71: B | C71: Materiais | H71: 5
A72: C | C72: Equipamentos | H72: 43.5
A73: D | C73: Outros (especificar) | H73: 5
A74: TOTAL MODULO 5 | H74: =SUM(H70:J73) -> 353.5
A76: MÓDULO 6 - CUSTOS INDIRETOS, TRIBUTOS E LUCRO ****
A77: A | C77: Custos indiretos | E77: 0.07 | H77: =(H74+E67+H46+E37+E12)*E77 -> 216.14872
A78: B | C78: Lucro | E78: 0.075774185 | H78: =E78*(H74+E67+H46+E37+E12) -> 233.97848
A79: C | C79: Tributos | E79: 0.8575 | H79: =(H74+E67+H46+E37+E12)/E79 -> 3600.9783
A80: D | C80: Tributos Federais (PIS) | E80: 0.0165 | H80: =E80*H87 -> 54.55098
A81: D | C81: Tributos Federais (COFINS) | E81: 0.076 | H81: =E81*H87 -> 251.26512
A82: E | C82: Tributos Estaduais (ICMS)
A83: F | C83: Tributos Estaduais (ISS) | E83: 0.05 | H83: =E83*H87 -> 165.306
A84: TOTAL MODULO 6 | H84: =H77+H78+H80+H81+H83 -> 921.2493
A86: CUSTO TOTAL POR EMPREGADO | H86: =SUM(H84+H74+E67+H46+E37+E12) -> 4009.0882
H87: 3306.12

Sheet AUXILIAR DE LIMPEZA S INS
A1: ANEXO I - PLANILHA DE VALORES E CUSTOS DOS POSTOS
A2: CARGO | D2: AUXILIAR DE LIMPEZA 44 HORAS SEMANAIS COM ADICIONAL DE INSALUBRIDADE DE 20%
A4: MÓDULO 1 - COMPOSIÇÃO DA REMUNERAÇÃO *
A5: * Valor mensal devido ao empregado pela prestação do serviço no período de 12 meses
A6: A | B6: Salário-base | E6: 1137.23
A7: B | B7: Adicional de Periculosidade
A8: C | B8: Adicional Noturno
A9: D | B9: Adicional de Hora Noturna Reduzida
A10: E | B10: Outros (especificar)
A11: F | B11: Adicional de Insalubridade 20% | E11: =1045*20% -> 209
A12: TOTAL MODULO 1 | E12: =SUM(E6:J11) -> 1346.23
A13: Incidência dos encargos do Submódulo 2.2 sobre a composição da remuneração | E13: =E12*E30 -> 495.41264
A15: MÓDULO 2 - ENCARGOS E BENEFÍCIOS ANUAIS, MENSAIS E DIÁRIOS
A16: SUBMÓDULO 2.1 - 13º SALÁRIO, FÉRIAS E ADICIONAL DE FÉRIAS - PAGAMENTO POR FATO GERADOR
A17: A | B17: 13º Salário | E17: 0.0833 | H17: =E17*E12 -> 112.14096
A18: B | B18: Férias e Adicional de férias | E18: 0.121 | H18: =E18*E12 -> 162.89383
A19: TOTAL | H19: =SUM(H17:J18) -> 275.03479
A20: C | B20: Incidências dos encargos do submódulo 2.2 sobre o 13º salário, férias e adicional de férias | E20: 0.0782 | H20: =E12*E20 -> 105.27519
A21: SUBMÓDULO 2.2 - ENCARGOS PREVIDENCIÁRIOS (GPS), FUNDO DE GARANTIA POR TEMPO DE SERVIÇO (FGTS) E OUTRAS CONTRIBUIÇÕES *
A22: A | C22: INSS | E22: 0.2 | H22: =E22*(E12+H19) -> 324.25296
A23: B | C23: Salário Educação | E23: 0.025 | H23: =E23*(E12+H19) -> 40.53162
A24: C | C24: SAT | E24: 0.03 | H24: =E24*(E12+H19) -> 48.637944
A25: D | C25: SESC ou SESI | E25: 0.015 | H25: =E25*(E12+H19) -> 24.318972
A26: E | C26: SENAI - SENAC | E26: 0.01 | H26: =E26*(E12+H19) -> 16.212648
A27: F | C27: SEBRAE | E27: 0.006 | H27: =E27*(E12+H19) -> 9.7275887
A28: G | C28: INCRA | E28: 0.002 | H28: =E28*(E12+H19) -> 3.2425296
A29: H | C29: FGTS | E29: 0.08 | H29: =E29*(E12+H19) -> 129.70118
A30: TOTAL | E30: =SUM(E22:G29) -> 0.368 | H30: =SUM(H22:J29) -> 596.62544
A31: SUBMÓDULO 2.3 - BENEFÍCIOS MENSAIS E DIÁRIOS **
A32: A | C32: Transporte | H32: =(3.9*2*25.5)-6%*E6 -> 130.6662
A33: B | C33: Auxílio-Refeição/Alimentação | H33: =(21.63*25.5)-20% -> 551.365
A34: C | C34: Assistência médica e familiar | H34: 36.57
A35: D | C35: Outros (especificar) | H35: 25.95
A36: TOTAL | H36: =SUM(H32:J35) -> 744.5512
A37: TOTAL DO MÓDULO 2 | E37: =H19+H30+H36 -> 1616.2114
A39: MÓDULO 3 - PROVISÃO PARA RESCISÃO - PAGAMENTO POR FATO GERADOR
A40: A | C40: Aviso-prévio indenizado | H40: =E12/12*5% -> 5.6092917
A41: B | C41: Incidência do FGTS sobre aviso-prévio indenizado | H41: =H40*8% -> 0.44874333
A42: C | C42: Multa sobre FGTS e contribuições sociais sobre aviso-prévio indenizado | H42: =E42*E12 -> 0
A43: D | C43: Aviso-prévio trabalhado | H43: =E12/30/12*7*100% -> 26.176694
A44: E | C44: Incidência de GPS, FGTS e outras constribuições sobre o aviso-prévio trabalhado *** | H44: =H43*39.8% -> 10.418324
A45: F | C45: Multa sobre FGTS e contribuições sociais sobre aviso-prévio indenizado | H45: =E12*5% -> 67.3115
A46: TOTAL MODULO 3 | H46: =SUM(H40:J45) -> 109.96455
A48: MÓDULO 4 - CUSTO DE REPOSIÇÃO DE PROFISSIONAL AUSENTE - PAGAMENTO POR FATO GERADOR
A49: A | C49: Substituto na cobertura de férias | H49: =E20/12*5% -> 0.00032583333
A50: B | C50: Substituto na cobertura de ausencias legais | H50: =E12/30/12 -> 3.7395278
A51: C | C51: Substituto na cobertura de licença-paternidade | H51: =E12/30/12*5*1.5% -> 0.28046458
A52: D | C52: Substituto na cobertura de Ausencia por acidente de trabalho | H52: =E12/30/12*15*8% -> 4.4874333
A53: E | C53: Substituto na cobertura de Afastamento Maternidade | H53: =E20*5% -> 0.00391
A54: F | C54: Substituto na cobertura de outras ocorrencias (especificar) | H54: =E12/30/12*5*40% -> 7.4790556
A55: G | C55: Incidência dos encargos do submódulo 2.2 sobre as ausências legais | H55: =SUM(H49:J54)*39.8% -> 6.3643054
A56: TOTAL | H56: =SUM(H49:J55) -> 22.355022
A57: SUBMÓDULO 4.1 - AFASTAMENTO MATERNIDADE - PAGAMENTO POR FATO GERADOR
A58: A | C58: Férias acrescidas de 1/3 pagas ao substituto pelos 120d de reposição | H58: =((((E12+(E12/3))*0.3333)/12)*2%) -> 0.99710769
A59: B | C59: Incidência dos encargos do Submódulo 2.2 sobre as férias acrescidas de 1/3 pagas ao substituto pelos 120d de reposição | H59: =H58*39.8% -> 0.39684886
A60: C | C60: Incidência dos encargos do Submódulo 2.2 sobre a remuneração e o 13º salário proporcionais aos 120d de reposição | H60: =(((E12+H17)*0.333)*2%)*39.8% -> 3.8656747
A61: D | C61: Outros
A62: TOTAL | H62: =SUM(H58:J61) -> 5.2596313
A63: SUBMÓDULO 4.2 -SUBSTITUTO NA INTRAJORNADA - PAGAMENTO POR FATO GERADOR
A64: A | C64: Substituto na cobertura de intervalo para repouso ou alimentação | H64: =((((E18+(E18/3))*0.3333)/12)*2%) -> 8.9620667e-05
A65: B | C65: Incidência dos encargos do Submódulo 2.2 sobre o intervalo para repouso e alimentação | H65: =H64*39.8% -> 3.5669025e-05
A66: TOTAL | H66: =SUM(H64:J65) -> 0.00012528969
A67: TOTAL DO MÓDULO 4 | E67: =H66+H62+H56 -> 27.614779
A69: MÓDULO 5 - INSUMOS DIVERSOS
A70: A | C70: Uniformes | H70: 300
A71: B | C71: Materiais | H71: 5
A72: C | C72: Equipamentos | H72: 43.5
A73: D | C73: Outros (especificar) | H73: 5
A74: TOTAL MODULO 5 | H74: =SUM(H70:J73) -> 353.5
A76: MÓDULO 6 - CUSTOS INDIRETOS, TRIBUTOS E LUCRO ****
A77: A | C77: Custos indiretos | E77: 0.07 | H77: =(H74+E67+H46+E37+E12)*E77 -> 241.74645
A78: B | C78: Lucro | E78: 0.075774185 | H78: =E78*(H74+E67+H46+E37+E12) -> 261.68772
A79: C | C79: Tributos | E79: 0.8575 | H79: =(H74+E67+H46+E37+E12)/E79 -> 4027.4295
A80: D | C80: Tributos Federais (PIS) | E80: 0.0165 | H80: =E80*H87 -> 54.55098
A81: D | C81: Tributos Federais (COFINS) | E81: 0.076 | H81: =E81*H87 -> 251.26512
A82: E | C82: Tributos Estaduais (ICMS)
A83: F | C83: Tributos Estaduais (ISS) | E83: 0.05 | H83: =E83*H87 -> 165.306
A84: TOTAL MODULO 6 | H84: =H77+H78+H80+H81+H83 -> 974.55628
A86: CUSTO TOTAL POR EMPREGADO | H86: =SUM(H84+H74+E67+H46+E37+E12) -> 4428.077
H87: 3306.12

Sheet AUXILIAR DE LIMPEZA C IN 40
A1: ANEXO I - PLANILHA DE VALORES E CUSTOS DOS POSTOS
A2: CARGO | D2: AUXILIAR DE LIMPEZA 44 HORAS SEMANAIS COM ADICIONAL DE INSALUBRIDADE DE 40%
A4: MÓDULO 1 - COMPOSIÇÃO DA REMUNERAÇÃO *
A5: * Valor mensal devido ao empregado pela prestação do serviço no período de 12 meses
A6: A | B6: Salário-base | E6: 1137.23
A7: B | B7: Adicional de Periculosidade
A8: C | B8: Adicional Noturno
A9: D | B9: Adicional de Hora Noturna Reduzida
A10: E | B10: Outros (especificar)
A11: F | B11: Adicional de Insalubridade 40% | E11: =1045*40% -> 418
A12: TOTAL MODULO 1 | E12: =SUM(E6:J11) -> 1555.23
A13: Incidência dos encargos do Submódulo 2.2 sobre a composição da remuneração | E13: =E12*E30 -> 572.32464
A15: MÓDULO 2 - ENCARGOS E BENEFÍCIOS ANUAIS, MENSAIS E DIÁRIOS
A16: SUBMÓDULO 2.1 - 13º SALÁRIO, FÉRIAS E ADICIONAL DE FÉRIAS PAGAMENTO POR FATO GERADOR
A17: A | B17: 13º Salário | E17: 0.0833 | H17: =E17*E12 -> 129.55066
A18: B | B18: Férias e Adicional de férias | E18: 0.121 | H18: =E18*E12 -> 188.18283
A19: TOTAL | H19: =SUM(H17:J18) -> 317.73349
A20: C | B20: Incidências dos encargos do submódulo 2.2 sobre o 13º salário, férias e adicional de férias | E20: 0.0782 | H20: =E12*E20 -> 121.61899
A21: SUBMÓDULO 2.2 - ENCARGOS PREVIDENCIÁRIOS (GPS), FUNDO DE GARANTIA POR TEMPO DE SERVIÇO (FGTS) E OUTRAS CONTRIBUIÇÕES *
A22: A | C22: INSS | E22: 0.2 | H22: =E22*(E12+H19) -> 374.5927
A23: B | C23: Salário Educação | E23: 0.025 | H23: =E23*(E12+H19) -> 46.824087
A24: C | C24: SAT | E24: 0.03 | H24: =E24*(E12+H19) -> 56.188905
A25: D | C25: SESC ou SESI | E25: 0.015 | H25: =E25*(E12+H19) -> 28.094452
A26: E | C26: SENAI - SENAC | E26: 0.01 | H26: =E26*(E12+H19) -> 18.729635
A27: F | C27: SEBRAE | E27: 0.006 | H27: =E27*(E12+H19) -> 11.237781
A28: G | C28: INCRA | E28: 0.002 | H28: =E28*(E12+H19) -> 3.745927
A29: H | C29: FGTS | E29: 0.08 | H29: =E29*(E12+H19) -> 149.83708
A30: TOTAL | E30: =SUM(E22:G29) -> 0.368 | H30: =SUM(H22:J29) -> 689.25056
A31: SUBMÓDULO 2.3 - BENEFÍCIOS MENSAIS E DIÁRIOS **
A32: A | C32: Transporte | H32: =(3.9*2*25.5)-6%*E6 -> 130.6662
A33: B | C33: Auxílio-Refeição/Alimentação | H33: =(21.63*25.5)-20% -> 551.365
A34: C | C34: Assistência médica e familiar | H34: 36.57
A35: D | C35: Outros (especificar) | H35: 25.95
A36: TOTAL | H36: =SUM(H32:J35) -> 744.5512
A37: TOTAL DO MÓDULO 2 | E37: =H19+H30+H36 -> 1751.5353
A39: MÓDULO 3 - PROVISÃO PARA RESCISÃO - PAGAMENTO POR FATO GERADOR
A40: A | C40: Aviso-prévio indenizado | H40: =E12/12*5% -> 6.480125
A41: B | C41: Incidência do FGTS sobre aviso-prévio indenizado | H41: =H40*8% -> 0.51841
A42: C | C42: Multa sobre FGTS e contribuições sociais sobre aviso-prévio indenizado | H42: =E42*E12 -> 0
A43: D | C43: Aviso-prévio trabalhado | H43: =E12/30/12*7*100% -> 30.240583
A44: E | C44: Incidência de GPS, FGTS e outras constribuições sobre o aviso-prévio trabalhado *** | H44: =H43*39.8% -> 12.035752
A45: F | C45: Multa sobre FGTS e contribuições sociais sobre aviso-prévio indenizado | H45: =E12*5% -> 77.7615
A46: TOTAL MODULO 3 | H46: =SUM(H40:J45) -> 127.03637
A48: MÓDULO 4 - CUSTO DE REPOSIÇÃO DE PROFISSIONAL AUSENTE PAGAMENTO POR FATO GERADOR
A49: A | C49: Substituto na cobertura de férias | H49: =E20/12*5% -> 0.00032583333
A50: B | C50: Substituto na cobertura de ausencias legais | H50: =E12/30/12 -> 4.3200833
A51: C | C51: Substituto na cobertura de licença-paternidade | H51: =E12/30/12*5*1.5% -> 0.32400625
A52: D | C52: Substituto na cobertura de Ausencia por acidente de trabalho | H52: =E12/30/12*15*8% -> 5.1841
A53: E | C53: Substituto na cobertura de Afastamento Maternidade | H53: =E20*5% -> 0.00391
A54: F | C54: Substituto na cobertura de outras ocorrencias (especificar) | H54: =E12/30/12*5*40% -> 8.6401667
A55: G | C55: Incidência dos encargos do submódulo 2.2 sobre as ausências legais | H55: =SUM(H49:J54)*39.8% -> 7.3520916
A56: TOTAL | H56: =SUM(H49:J55) -> 25.824684
A57: SUBMÓDULO 4.1 - AFASTAMENTO MATERNIDADE - PAGAMENTO POR FATO GERADOR
A58: A | C58: Férias acrescidas de 1/3 pagas ao substituto pelos 120d de reposição | H58: =((((E12+(E12/3))*0.3333)/12)*2%) -> 1.151907
A59: B | C59: Incidência dos encargos do Submódulo 2.2 sobre as férias acrescidas de 1/3 pagas ao substituto pelos 120d de reposição | H59: =H58*39.8% -> 0.45845899
A60: C | C60: Incidência dos encargos do Submódulo 2.2 sobre a remuneração e o 13º salário proporcionais aos 120d de reposição | H60: =(((E12+H17)*0.333)*2%)*39.8% -> 4.4658144
A61: D | C61: Outros
A62: TOTAL | H62: =SUM(H58:J61) -> 6.0761804
A63: SUBMÓDULO 4.2 -SUBSTITUTO NA INTRAJORNADA - PAGAMENTO POR FATO GERADOR
A64: A | C64: Substituto na cobertura de intervalo para repouso ou alimentação | H64: =((((E18+(E18/3))*0.3333)/12)*2%) -> 8.9620667e-05
A65: B | C65: Incidência dos encargos do Submódulo 2.2 sobre o intervalo para repouso e alimentação | H65: =H64*39.8% -> 3.5669025e-05
A66: TOTAL | H66: =SUM(H64:J65) -> 0.00012528969
A67: TOTAL DO MÓDULO 4 | E67: =H66+H62+H56 -> 31.900989
A69: MÓDULO 5 - INSUMOS DIVERSOS
A70: A | C70: Uniformes | H70: 300
A71: B | C71: Materiais | H71: 5
A72: C | C72: Equipamentos | H72: 43.5
A73: D | C73: Outros (especificar) | H73: 5
A74: TOTAL MODULO 5 | H74: =SUM(H70:J73) -> 353.5
A76: MÓDULO 6 - CUSTOS INDIRETOS, TRIBUTOS E LUCRO ****
A77: A | C77: Custos indiretos | E77: 0.07 | H77: =(H74+E67+H46+E37+E12)*E77 -> 267.34418
A78: B | C78: Lucro | E78: 0.075774185 | H78: =E78*(H74+E67+H46+E37+E12) -> 289.39697
A79: C | C79: Tributos | E79: 0.8575 | H79: =(H74+E67+H46+E37+E12)/E79 -> 4453.8806
A80: D | C80: Tributos Federais (PIS) | E80: 0.0165 | H80: =E80*H87 -> 54.55098
A81: D | C81: Tributos Federais (COFINS) | E81: 0.076 | H81: =E81*H87 -> 251.26512
A82: E | C82: Tributos Estaduais (ICMS)
A83: F | C83: Tributos Estaduais (ISS) | E83: 0.05 | H83: =E83*H87 -> 165.306
A84: TOTAL MODULO 6 | H84: =H77+H78+H80+H81+H83 -> 1027.8632
A86: CUSTO TOTAL POR EMPREGADO | H86: =SUM(H84+H74+E67+H46+E37+E12) -> 4847.0659
H87: 3306.12

Sheet AUX LIM 12X36 S INS
A1: ANEXO I - PLANILHA DE VALORES E CUSTOS DOS POSTOS
A2: CARGO | D2: AUXILIAR DE LIMPEZA (12x36) HORAS SEM ADICIONAL DE INSALUBRIDADE
A4: MÓDULO 1 - COMPOSIÇÃO DA REMUNERAÇÃO *
A5: * Valor mensal devido ao empregado pela prestação do serviço no período de 12 meses
A6: A | B6: Salário-base | E6: 1137.23
A7: B | B7: Adicional de Periculosidade
A8: C | B8: Adicional Noturno
A9: D | B9: Adicional de Hora Noturna Reduzida
A10: E | B10: Outros (especificar)
A11: F | B11: Adicional de Insalubridade (Ver grau de ins. 10%, 20% ou 40% Sobre o salário mínimo)
A12: TOTAL MODULO 1 | E12: =SUM(E6:J11) -> 1137.23
A13: Incidência dos encargos do Submódulo 2.2 sobre a composição da remuneração | E13: =E12*E30 -> 418.50064
A15: MÓDULO 2 - ENCARGOS E BENEFÍCIOS ANUAIS, MENSAIS E DIÁRIOS
A16: SUBMÓDULO 2.1 - 13º SALÁRIO, FÉRIAS E ADICIONAL DE FÉRIAS PAGAMENTO POR FATO GERADOR
A17: A | B17: 13º Salário | E17: 0.0833 | H17: =E17*E12 -> 94.731259
A18: B | B18: Férias e Adicional de férias | E18: 0.121 | H18: =E18*E12 -> 137.60483
A19: TOTAL | H19: =SUM(H17:J18) -> 232.33609
A20: C | B20: Incidências dos encargos do submódulo 2.2 sobre o 13º salário, férias e adicional de férias | E20: 0.0782 | H20: =E12*E20 -> 88.931386
A21: SUBMÓDULO 2.2 - ENCARGOS PREVIDENCIÁRIOS (GPS), FUNDO DE GARANTIA POR TEMPO DE SERVIÇO (FGTS) E OUTRAS CONTRIBUIÇÕES *
A22: A | C22: INSS | E22: 0.2 | H22: =E22*(E12+H19) -> 273.91322
A23: B | C23: Salário Educação | E23: 0.025 | H23: =E23*(E12+H19) -> 34.239152
A24: C | C24: SAT | E24: 0.03 | H24: =E24*(E12+H19) -> 41.086983
A25: D | C25: SESC ou SESI | E25: 0.015 | H25: =E25*(E12+H19) -> 20.543491
A26: E | C26: SENAI - SENAC | E26: 0.01 | H26: =E26*(E12+H19) -> 13.695661
A27: F | C27: SEBRAE | E27: 0.006 | H27: =E27*(E12+H19) -> 8.2173965
A28: G | C28: INCRA | E28: 0.002 | H28: =E28*(E12+H19) -> 2.7391322
A29: H | C29: FGTS | E29: 0.08 | H29: =E29*(E12+H19) -> 109.56529
A30: TOTAL | E30: =SUM(E22:G29) -> 0.368 | H30: =SUM(H22:J29) -> 504.00032
A31: SUBMÓDULO 2.3 - BENEFÍCIOS MENSAIS E DIÁRIOS **
A32: A | C32: Transporte | H32: =(3.9*2*16)-6%*E6 -> 56.5662
A33: B | C33: Auxílio-Refeição/Alimentação | H33: =(21.63*16)-20% -> 345.88
A34: C | C34: Assistência médica e familiar | H34: 36.57
A35: D | C35: Outros (especificar) | H35: 25.95
A36: TOTAL | H36: =SUM(H32:J35) -> 464.9662
A37: TOTAL DO MÓDULO 2 | E37: =H19+H30+H36 -> 1201.3026
A39: MÓDULO 3 - PROVISÃO PARA RESCISÃO - PAGAMENTO POR FATO GERADOR
A40: A | C40: Aviso-prévio indenizado | H40: =E12/12*5% -> 4.7384583
A41: B | C41: Incidência do FGTS sobre aviso-prévio indenizado | H41: =H40*8% -> 0.37907667
A42: C | C42: Multa sobre FGTS e contribuições sociais sobre aviso-prévio indenizado | H42: =E42*E12 -> 0
A43: D | C43: Aviso-prévio trabalhado | H43: =E12/30/12*7*100% -> 22.112806
A44: E | C44: Incidência de GPS, FGTS e outras constribuições sobre o aviso-prévio trabalhado *** | H44: =H43*39.8% -> 8.8008966
A45: F | C45: Multa sobre FGTS e contribuições sociais sobre aviso-prévio indenizado | H45: =E12*5% -> 56.8615
A46: TOTAL MODULO 3 | H46: =SUM(H40:J45) -> 92.892737
A48: MÓDULO 4 - CUSTO DE REPOSIÇÃO DE PROFISSIONAL AUSENTE PAGAMENTO POR FATO GERADOR
A49: A | C49: Substituto na cobertura de férias | H49: =E20/12*5% -> 0.00032583333
A50: B | C50: Substituto na cobertura de ausencias legais | H50: =E12/30/12 -> 3.1589722
A51: C | C51: Substituto na cobertura de licença-paternidade | H51: =E12/30/12*5*1.5% -> 0.23692292
A52: D | C52: Substituto na cobertura de Ausencia por acidente de trabalho | H52: =E12/30/12*15*8% -> 3.7907667
A53: E | C53: Substituto na cobertura de Afastamento Maternidade | H53: =E20*5% -> 0.00391
A54: F | C54: Substituto na cobertura de outras ocorrencias (especificar) | H54: =E12/30/12*5*40% -> 6.3179444
A55: G | C55: Incidência dos encargos do submódulo 2.2 sobre as ausências legais | H55: =SUM(H49:J54)*39.8% -> 5.3765191
A56: TOTAL | H56: =SUM(H49:J55) -> 18.885361
A57: SUBMÓDULO 4.1 - AFASTAMENTO MATERNIDADE - PAGAMENTO POR FATO GERADOR
A58: A | C58: Férias acrescidas de 1/3 pagas ao substituto pelos 120d de reposição | H58: =((((E12+(E12/3))*0.3333)/12)*2%) -> 0.84230835
A59: B | C59: Incidência dos encargos do Submódulo 2.2 sobre as férias acrescidas de 1/3 pagas ao substituto pelos 120d de reposição | H59: =H58*39.8% -> 0.33523872
A60: C | C60: Incidência dos encargos do Submódulo 2.2 sobre a remuneração e o 13º salário proporcionais aos 120d de reposição | H60: =(((E12+H17)*0.333)*2%)*39.8% -> 3.2655351
A61: D | C61: Outros
A62: TOTAL | H62: =SUM(H58:J61) -> 4.4430821
A63: SUBMÓDULO 4.2 -SUBSTITUTO NA INTRAJORNADA - PAGAMENTO POR FATO GERADOR
A64: A | C64: Substituto na cobertura de intervalo para repouso ou alimentação | H64: =((((E18+(E18/3))*0.3333)/12)*2%) -> 8.9620667e-05
A65: B | C65: Incidência dos encargos do Submódulo 2.2 sobre o intervalo para repouso e alimentação | H65: =H64*39.8% -> 3.5669025e-05
A66: TOTAL | H66: =SUM(H64:J65) -> 0.00012528969
A67: TOTAL DO MÓDULO 4 | E67: =H66+H62+H56 -> 23.328569
A69: MÓDULO 5 - INSUMOS DIVERSOS
A70: A | C70: Uniformes | H70: 300
A71: B | C71: Materiais | H71: 5
A72: C | C72: Equipamentos | H72: 43.5
A73: D | C73: Outros (especificar) | H73: 5
A74: TOTAL MODULO 5 | H74: =SUM(H70:J73) -> 353.5
A76: MÓDULO 6 - CUSTOS INDIRETOS, TRIBUTOS E LUCRO ****
A77: A | C77: Custos indiretos | E77: 0.07 | H77: =(H74+E67+H46+E37+E12)*E77 -> 196.57777
A78: B | C78: Lucro | E78: 0.075774185 | H78: =E78*(H74+E67+H46+E37+E12) -> 212.79315
A79: C | C79: Tributos | E79: 0.8575 | H79: =(H74+E67+H46+E37+E12)/E79 -> 3274.9317
A80: D | C80: Tributos Federais (PIS) | E80: 0.0165 | H80: =E80*H87 -> 54.55098
A81: D | C81: Tributos Federais (COFINS) | E81: 0.076 | H81: =E81*H87 -> 251.26512
A82: E | C82: Tributos Estaduais (ICMS)
A83: F | C83: Tributos Estaduais (ISS) | E83: 0.05 | H83: =E83*H87 -> 165.306
A84: TOTAL MODULO 6 | H84: =H77+H78+H80+H81+H83 -> 880.49303
A86: CUSTO TOTAL POR EMPREGADO | H86: =SUM(H84+H74+E67+H46+E37+E12) -> 3688.7469
H87: 3306.12

Sheet AUX LIM 12X36 C INS 20%
A1: ANEXO I - PLANILHA DE VALORES E CUSTOS DOS POSTOS
A2: CARGO | D2: AUXILIAR DE LIMPEZA (12x36) HORAS COM ADICIONAL DE INSALUBRIDADE DE 20%
A4: MÓDULO 1 - COMPOSIÇÃO DA REMUNERAÇÃO *
A5: * Valor mensal devido ao empregado pela prestação do serviço no período de 12 meses
A6: A | B6: Salário-base | E6: 1137.23
A7: B | B7: Adicional de Periculosidade
A8: C | B8: Adicional Noturno
A9: D | B9: Adicional de Hora Noturna Reduzida
A10: E | B10: Outros (especificar)
A11: F | B11: Adicional de Insalubridade 20% | E11: =1045*20% -> 209
A12: TOTAL MODULO 1 | E12: =SUM(E6:J11) -> 1346.23
A13: Incidência dos encargos do Submódulo 2.2 sobre a composição da remuneração | E13: =E12*E30 -> 495.41264
A15: MÓDULO 2 - ENCARGOS E BENEFÍCIOS ANUAIS, MENSAIS E DIÁRIOS
A16: SUBMÓDULO 2.1 - 13º SALÁRIO, FÉRIAS E ADICIONAL DE FÉRIAS PAGAMENTO POR FATO GERADOR
A17: A | B17: 13º Salário | E17: 0.0833 | H17: =E17*E12 -> 112.14096
A18: B | B18: Férias e Adicional de férias | E18: 0.121 | H18: =E18*E12 -> 162.89383
A19: TOTAL | H19: =SUM(H17:J18) -> 275.03479
A20: C | B20: Incidências dos encargos do submódulo 2.2 sobre o 13º salário, férias e adicional de férias | E20: 0.0782 | H20: =E12*E20 -> 105.27519
A21: SUBMÓDULO 2.2 - ENCARGOS PREVIDENCIÁRIOS (GPS), FUNDO DE GARANTIA POR TEMPO DE SERVIÇO (FGTS) E OUTRAS CONTRIBUIÇÕES *
A22: A | C22: INSS | E22: 0.2 | H22: =E22*(E12+H19) -> 324.25296
A23: B | C23: Salário Educação | E23: 0.025 | H23: =E23*(E12+H19) -> 40.53162
A24: C | C24: SAT | E24: 0.03 | H24: =E24*(E12+H19) -> 48.637944
A25: D | C25: SESC ou SESI | E25: 0.015 | H25: =E25*(E12+H19) -> 24.318972
A26: E | C26: SENAI - SENAC | E26: 0.01 | H26: =E26*(E12+H19) -> 16.212648
A27: F | C27: SEBRAE | E27: 0.006 | H27: =E27*(E12+H19) -> 9.7275887
A28: G | C28: INCRA | E28: 0.002 | H28: =E28*(E12+H19) -> 3.2425296
A29: H | C29: FGTS | E29: 0.08 | H29: =E29*(E12+H19) -> 129.70118
A30: TOTAL | E30: =SUM(E22:G29) -> 0.368 | H30: =SUM(H22:J29) -> 596.62544
A31: SUBMÓDULO 2.3 - BENEFÍCIOS MENSAIS E DIÁRIOS **
A32: A | C32: Transporte | H32: =(3.9*2*16)-6%*E6 -> 56.5662
A33: B | C33: Auxílio-Refeição/Alimentação | H33: =(21.63*16)-20% -> 345.88
A34: C | C34: Assistência médica e familiar | H34: 36.57
A35: D | C35: Outros (especificar) | H35: 25.95
A36: TOTAL | H36: =SUM(H32:J35) -> 464.9662
A37: TOTAL DO MÓDULO 2 | E37: =H19+H30+H36 -> 1336.6264
A39: MÓDULO 3 - PROVISÃO PARA RESCISÃO - PAGAMENTO POR FATO GERADOR
A40: A | C40: Aviso-prévio indenizado | H40: =E12/12*5% -> 5.6092917
A41: B | C41: Incidência do FGTS sobre aviso-prévio indenizado | H41: =H40*8% -> 0.44874333
A42: C | C42: Multa sobre FGTS e contribuições sociais sobre aviso-prévio indenizado | H42: =E42*E12 -> 0
A43: D | C43: Aviso-prévio trabalhado | H43: =E12/30/12*7*100% -> 26.176694
A44: E | C44: Incidência de GPS, FGTS e outras constribuições sobre o aviso-prévio trabalhado *** | H44: =H43*39.8% -> 10.418324
A45: F | C45: Multa sobre FGTS e contribuições sociais sobre aviso-prévio indenizado | H45: =E12*5% -> 67.3115
A46: TOTAL MODULO 3 | H46: =SUM(H40:J45) -> 109.96455
A48: MÓDULO 4 - CUSTO DE REPOSIÇÃO DE PROFISSIONAL AUSENTE PAGAMENTO POR FATO GERADOR
A49: A | C49: Substituto na cobertura de férias | H49: =E20/12*5% -> 0.00032583333
A50: B | C50: Substituto na cobertura de ausencias legais | H50: =E12/30/12 -> 3.7395278
A51: C | C51: Substituto na cobertura de licença-paternidade | H51: =E12/30/12*5*1.5% -> 0.28046458
A52: D | C52: Substituto na cobertura de Ausencia por acidente de trabalho | H52: =E12/30/12*15*8% -> 4.4874333
A53: E | C53: Substituto na cobertura de Afastamento Maternidade | H53: =E20*5% -> 0.00391
A54: F | C54: Substituto na cobertura de outras ocorrencias (especificar) | H54: =E12/30/12*5*40% -> 7.4790556
A55: G | C55: Incidência dos encargos do submódulo 2.2 sobre as ausências legais | H55: =SUM(H49:J54)*39.8% -> 6.3643054
A56: TOTAL | H56: =SUM(H49:J55) -> 22.355022
A57: SUBMÓDULO 4.1 - AFASTAMENTO MATERNIDADE - PAGAMENTO POR FATO GERADOR
A58: A | C58: Férias acrescidas de 1/3 pagas ao substituto pelos 120d de reposição | H58: =((((E12+(E12/3))*0.3333)/12)*2%) -> 0.99710769
A59: B | C59: Incidência dos encargos do Submódulo 2.2 sobre as férias acrescidas de 1/3 pagas ao substituto pelos 120d de reposição | H59: =H58*39.8% -> 0.39684886
A60: C | C60: Incidência dos encargos do Submódulo 2.2 sobre a remuneração e o 13º salário proporcionais aos 120d de reposição | H60: =(((E12+H17)*0.333)*2%)*39.8% -> 3.8656747
A61: D | C61: Outros
A62: TOTAL | H62: =SUM(H58:J61) -> 5.2596313
A63: SUBMÓDULO 4.2 -SUBSTITUTO NA INTRAJORNADA - PAGAMENTO POR FATO GERADOR
A64: A | C64: Substituto na cobertura de intervalo para repouso ou alimentação | H64: =((((E18+(E18/3))*0.3333)/12)*2%) -> 8.9620667e-05
A65: B | C65: Incidência dos encargos do Submódulo 2.2 sobre o intervalo para repouso e alimentação | H65: =H64*39.8% -> 3.5669025e-05
A66: TOTAL | H66: =SUM(H64:J65) -> 0.00012528969
A67: TOTAL DO MÓDULO 4 | E67: =H66+H62+H56 -> 27.614779
A69: MÓDULO 5 - INSUMOS DIVERSOS
A70: A | C70: Uniformes | H70: 300
A71: B | C71: Materiais | H71: 5
A72: C | C72: Equipamentos | H72: 43.5
A73: D | C73: Outros (especificar) | H73: 5
A74: TOTAL MODULO 5 | H74: =SUM(H70:J73) -> 353.5
A76: MÓDULO 6 - CUSTOS INDIRETOS, TRIBUTOS E LUCRO ****
A77: A | C77: Custos indiretos | E77: 0.07 | H77: =(H74+E67+H46+E37+E12)*E77 -> 222.1755
A78: B | C78: Lucro | E78: 0.075774185 | H78: =E78*(H74+E67+H46+E37+E12) -> 240.5024
A79: C | C79: Tributos | E79: 0.8575 | H79: =(H74+E67+H46+E37+E12)/E79 -> 3701.3828
A80: D | C80: Tributos Federais (PIS) | E80: 0.0165 | H80: =E80*H87 -> 54.55098
A81: D | C81: Tributos Federais (COFINS) | E81: 0.076 | H81: =E81*H87 -> 251.26512
A82: E | C82: Tributos Estaduais (ICMS)
A83: F | C83: Tributos Estaduais (ISS) | E83: 0.05 | H83: =E83*H87 -> 165.306
A84: TOTAL MODULO 6 | H84: =H77+H78+H80+H81+H83 -> 933.8
A86: CUSTO TOTAL POR EMPREGADO | H86: =SUM(H84+H74+E67+H46+E37+E12) -> 4107.7358
H87: 3306.12

Sheet AUX LIM 12X36 C INS 40%
A1: ANEXO I - PLANILHA DE VALORES E CUSTOS DOS POSTOS
A2: CARGO | D2: AUXILIAR DE LIMPEZA (12x36) HORAS COM ADICIONAL DE INSALUBRIDADE DE 40%
A4: MÓDULO 1 - COMPOSIÇÃO DA REMUNERAÇÃO *
A5: * Valor mensal devido ao empregado pela prestação do serviço no período de 12 meses
A6: A | B6: Salário-base | E6: 1137.23
A7: B | B7: Adicional de Periculosidade
A8: C | B8: Adicional Noturno
A9: D | B9: Adicional de Hora Noturna Reduzida
A10: E | B10: Outros (especificar)
A11: F | B11: Adicional de Insalubridade 40% | E11: =1045*40% -> 418
A12: TOTAL MODULO 1 | E12: =SUM(E6:J11) -> 1555.23
A13: Incidência dos encargos do Submódulo 2.2 sobre a composição da remuneração | E13: =E12*E30 -> 572.32464
A15: MÓDULO 2 - ENCARGOS E BENEFÍCIOS ANUAIS, MENSAIS E DIÁRIOS
A16: SUBMÓDULO 2.1 - 13º SALÁRIO, FÉRIAS E ADICIONAL DE FÉRIAS - PAGAMENTO POR FATO GERADOR
A17: A | B17: 13º Salário | E17: 0.0833 | H17: =E17*E12 -> 129.55066
A18: B | B18: Férias e Adicional de férias | E18: 0.121 | H18: =E18*E12 -> 188.18283
A19: TOTAL | H19: =SUM(H17:J18) -> 317.73349
A20: C | B20: Incidências dos encargos do submódulo 2.2 sobre o 13º salário, férias e adicional de férias | E20: 0.0782 | H20: =E12*E20 -> 121.61899
A21: SUBMÓDULO 2.2 - ENCARGOS PREVIDENCIÁRIOS (GPS), FUNDO DE GARANTIA POR TEMPO DE SERVIÇO (FGTS) E OUTRAS CONTRIBUIÇÕES *
A22: A | C22: INSS | E22: 0.2 | H22: =E22*(E12+H19) -> 374.5927
A23: B | C23: Salário Educação | E23: 0.025 | H23: =E23*(E12+H19) -> 46.824087
A24: C | C24: SAT | E24: 0.03 | H24: =E24*(E12+H19) -> 56.188905
A25: D | C25: SESC ou SESI | E25: 0.015 | H25: =E25*(E12+H19) -> 28.094452
A26: E | C26: SENAI - SENAC | E26: 0.01 | H26: =E26*(E12+H19) -> 18.729635
A27: F | C27: SEBRAE | E27: 0.006 | H27: =E27*(E12+H19) -> 11.237781
A28: G | C28: INCRA | E28: 0.002 | H28: =E28*(E12+H19) -> 3.745927
A29: H | C29: FGTS | E29: 0.08 | H29: =E29*(E12+H19) -> 149.83708
A30: TOTAL | E30: =SUM(E22:G29) -> 0.368 | H30: =SUM(H22:J29) -> 689.25056
A31: SUBMÓDULO 2.3 - BENEFÍCIOS MENSAIS E DIÁRIOS **
A32: A | C32: Transporte | H32: =(3.9*2*16)-6%*E6 -> 56.5662
A33: B | C33: Auxílio-Refeição/Alimentação | H33: =(21.63*16)-20% -> 345.88
A34: C | C34: Assistência médica e familiar | H34: 36.57
A35: D | C35: Outros (especificar) | H35: 25.95
A36: TOTAL | H36: =SUM(H32:J35) -> 464.9662
A37: TOTAL DO MÓDULO 2 | E37: =H19+H30+H36 -> 1471.9503
A39: MÓDULO 3 - PROVISÃO PARA RESCISÃO - PAGAMENTO POR FATO GERADOR
A40: A | C40: Aviso-prévio indenizado | H40: =E12/12*5% -> 6.480125
A41: B | C41: Incidência do FGTS sobre aviso-prévio indenizado | H41: =H40*8% -> 0.51841
A42: C | C42: Multa sobre FGTS e contribuições sociais sobre aviso-prévio indenizado | H42: =E42*E12 -> 0
A43: D | C43: Aviso-prévio trabalhado | H43: =E12/30/12*7*100% -> 30.240583
A44: E | C44: Incidência de GPS, FGTS e outras constribuições sobre o aviso-prévio trabalhado *** | H44: =H43*39.8% -> 12.035752
A45: F | C45: Multa sobre FGTS e contribuições sociais sobre aviso-prévio indenizado | H45: =E12*5% -> 77.7615
A46: TOTAL MODULO 3 | H46: =SUM(H40:J45) -> 127.03637
A48: MÓDULO 4 - CUSTO DE REPOSIÇÃO DE PROFISSIONAL AUSENTE - PAGAMENTO POR FATO GERADOR
A49: A | C49: Substituto na cobertura de férias | H49: =E20/12*5% -> 0.00032583333
A50: B | C50: Substituto na cobertura de ausencias legais | H50: =E12/30/12 -> 4.3200833
A51: C | C51: Substituto na cobertura de licença-paternidade | H51: =E12/30/12*5*1.5% -> 0.32400625
A52: D | C52: Substituto na cobertura de Ausencia por acidente de trabalho | H52: =E12/30/12*15*8% -> 5.1841
A53: E | C53: Substituto na cobertura de Afastamento Maternidade | H53: =E20*5% -> 0.00391
A54: F | C54: Substituto na cobertura de outras ocorrencias (especificar) | H54: =E12/30/12*5*40% -> 8.6401667
A55: G | C55: Incidência dos encargos do submódulo 2.2 sobre as ausências legais | H55: =SUM(H49:J54)*39.8% -> 7.3520916
A56: TOTAL | H56: =SUM(H49:J55) -> 25.824684
A57: SUBMÓDULO 4.1 - AFASTAMENTO MATERNIDADE - PAGAMENTO POR FATO GERADOR
A58: A | C58: Férias acrescidas de 1/3 pagas ao substituto pelos 120d de reposição | H58: =((((E12+(E12/3))*0.3333)/12)*2%) -> 1.151907
A59: B | C59: Incidência dos encargos do Submódulo 2.2 sobre as férias acrescidas de 1/3 pagas ao substituto pelos 120d de reposição | H59: =H58*39.8% -> 0.45845899
A60: C | C60: Incidência dos encargos do Submódulo 2.2 sobre a remuneração e o 13º salário proporcionais aos 120d de reposição | H60: =(((E12+H17)*0.333)*2%)*39.8% -> 4.4658144
A61: D | C61: Outros
A62: TOTAL | H62: =SUM(H58:J61) -> 6.0761804
A63: SUBMÓDULO 4.2 -SUBSTITUTO NA INTRAJORNADA - PAGAMENTO POR FATO GERADOR
A64: A | C64: Substituto na cobertura de intervalo para repouso ou alimentação | H64: =((((E18+(E18/3))*0.3333)/12)*2%) -> 8.9620667e-05
A65: B | C65: Incidência dos encargos do Submódulo 2.2 sobre o intervalo para repouso e alimentação | H65: =H64*39.8% -> 3.5669025e-05
A66: TOTAL | H66: =SUM(H64:J65) -> 0.00012528969
A67: TOTAL DO MÓDULO 4 | E67: =H66+H62+H56 -> 31.900989
A69: MÓDULO 5 - INSUMOS DIVERSOS
A70: A | C70: Uniformes | H70: 300
A71: B | C71: Materiais | H71: 5
A72: C | C72: Equipamentos | H72: 43.5
A73: D | C73: Outros (especificar) | H73: 5
A74: TOTAL MODULO 5 | H74: =SUM(H70:J73) -> 353.5
A76: MÓDULO 6 - CUSTOS INDIRETOS, TRIBUTOS E LUCRO ****
A77: A | C77: Custos indiretos | E77: 0.07 | H77: =(H74+E67+H46+E37+E12)*E77 -> 247.77323
A78: B | C78: Lucro | E78: 0.075774185 | H78: =E78*(H74+E67+H46+E37+E12) -> 268.21164
A79: C | C79: Tributos | E79: 0.8575 | H79: =(H74+E67+H46+E37+E12)/E79 -> 4127.834
A80: D | C80: Tributos Federais (PIS) | E80: 0.0165 | H80: =E80*H87 -> 54.55098
A81: D | C81: Tributos Federais (COFINS) | E81: 0.076 | H81: =E81*H87 -> 251.26512
A82: E | C82: Tributos Estaduais (ICMS)
A83: F | C83: Tributos Estaduais (ISS) | E83: 0.05 | H83: =E83*H87 -> 165.306
A84: TOTAL MODULO 6 | H84: =H77+H78+H80+H81+H83 -> 987.10697
A86: CUSTO TOTAL POR EMPREGADO | H86: =SUM(H84+H74+E67+H46+E37+E12) -> 4526.7246
H87: 3306.12

Sheet AUX LIM 12X36 N SEM INS
A1: ANEXO I - PLANILHA DE VALORES E CUSTOS DOS POSTOS
A2: CARGO | D2: AUXILIAR DE LIMPEZA (12x36) HORAS - NOTURNO SEM ADICIONAL DE INSALUBRIDADE
A4: MÓDULO 1 - COMPOSIÇÃO DA REMUNERAÇÃO *
A5: * Valor mensal devido ao empregado pela prestação do serviço no período de 12 meses
A6: A | B6: Salário-base | E6: 1137.23
A7: B | B7: Adicional de Periculosidade
A8: C | B8: Adicional Noturno | E8: =(((E6/210)*20%)*9)*16 -> 155.96297
A9: D | B9: Adicional de Hora Noturna Reduzida | E9: =(((E6/210)*20%)*0.14)*16 -> 2.4260907
A10: E | B10: Outros (especificar) | E10: =(((E8+E9)/25)*5) -> 31.677812
A11: F | B11: Adicional de Insalubridade (Ver grau de ins. 10%, 20% ou 40% Sobre o salário mínimo)
A12: TOTAL MODULO 1 | E12: =SUM(E6:J11) -> 1327.2969
A13: Incidência dos encargos do Submódulo 2.2 sobre a composição da remuneração | E13: =E12*E30 -> 488.44525
A15: MÓDULO 2 - ENCARGOS E BENEFÍCIOS ANUAIS, MENSAIS E DIÁRIOS
A16: SUBMÓDULO 2.1 - 13º SALÁRIO, FÉRIAS E ADICIONAL DE FÉRIAS - PAGAMENTO POR FATO GERADOR
A17: A | B17: 13º Salário | E17: 0.0833 | H17: =E17*E12 -> 110.56383
A18: B | B18: Férias e Adicional de férias | E18: 0.121 | H18: =E18*E12 -> 160.60292
A19: TOTAL | H19: =SUM(H17:J18) -> 271.16675
A20: C | B20: Incidências dos encargos do submódulo 2.2 sobre o 13º salário, férias e adicional de férias | E20: 0.0782 | H20: =E12*E20 -> 103.79462
A21: SUBMÓDULO 2.2 - ENCARGOS PREVIDENCIÁRIOS (GPS), FUNDO DE GARANTIA POR TEMPO DE SERVIÇO (FGTS) E OUTRAS CONTRIBUIÇÕES *
A22: A | C22: INSS | E22: 0.2 | H22: =E22*(E12+H19) -> 319.69273
A23: B | C23: Salário Educação | E23: 0.025 | H23: =E23*(E12+H19) -> 39.961591
A24: C | C24: SAT | E24: 0.03 | H24: =E24*(E12+H19) -> 47.953909
A25: D | C25: SESC ou SESI | E25: 0.015 | H25: =E25*(E12+H19) -> 23.976954
A26: E | C26: SENAI - SENAC | E26: 0.01 | H26: =E26*(E12+H19) -> 15.984636
A27: F | C27: SEBRAE | E27: 0.006 | H27: =E27*(E12+H19) -> 9.5907818
A28: G | C28: INCRA | E28: 0.002 | H28: =E28*(E12+H19) -> 3.1969273
A29: H | C29: FGTS | E29: 0.08 | H29: =E29*(E12+H19) -> 127.87709
A30: TOTAL | E30: =SUM(E22:G29) -> 0.368 | H30: =SUM(H22:J29) -> 588.23461
A31: SUBMÓDULO 2.3 - BENEFÍCIOS MENSAIS E DIÁRIOS **
A32: A | C32: Transporte | H32: =(3.9*2*16)-6%*E6 -> 56.5662
A33: B | C33: Auxílio-Refeição/Alimentação | H33: =(21.63*16)-20% -> 345.88
A34: C | C34: Assistência médica e familiar | H34: 36.57
A35: D | C35: Outros (especificar) | H35: 25.95
A36: TOTAL | H36: =SUM(H32:J35) -> 464.9662
A37: TOTAL DO MÓDULO 2 | E37: =H19+H30+H36 -> 1324.3676
A39: MÓDULO 3 - PROVISÃO PARA RESCISÃO - PAGAMENTO POR FATO GERADOR
A40: A | C40: Aviso-prévio indenizado | H40: =E12/12*5% -> 5.5304036
A41: B | C41: Incidência do FGTS sobre aviso-prévio indenizado | H41: =H40*8% -> 0.44243229
A42: C | C42: Multa sobre FGTS e contribuições sociais sobre aviso-prévio indenizado | H42: =E42*E12 -> 0
A43: D | C43: Aviso-prévio trabalhado | H43: =E12/30/12*7*100% -> 25.80855
A44: E | C44: Incidência de GPS, FGTS e outras constribuições sobre o aviso-prévio trabalhado *** | H44: =H43*39.8% -> 10.271803
A45: F | C45: Multa sobre FGTS e contribuições sociais sobre aviso-prévio indenizado | H45: =E12*5% -> 66.364844
A46: TOTAL MODULO 3 | H46: =SUM(H40:J45) -> 108.41803
A48: MÓDULO 4 - CUSTO DE REPOSIÇÃO DE PROFISSIONAL AUSENTE - PAGAMENTO POR FATO GERADOR
A49: A | C49: Substituto na cobertura de férias | H49: =E20/12*5% -> 0.00032583333
A50: B | C50: Substituto na cobertura de ausencias legais | H50: =E12/30/12 -> 3.6869358
A51: C | C51: Substituto na cobertura de licença-paternidade | H51: =E12/30/12*5*1.5% -> 0.27652018
A52: D | C52: Substituto na cobertura de Ausencia por acidente de trabalho | H52: =E12/30/12*15*8% -> 4.4243229
A53: E | C53: Substituto na cobertura de Afastamento Maternidade | H53: =E20*5% -> 0.00391
A54: F | C54: Substituto na cobertura de outras ocorrencias (especificar) | H54: =E12/30/12*5*40% -> 7.3738715
A55: G | C55: Incidência dos encargos do submódulo 2.2 sobre as ausências legais | H55: =SUM(H49:J54)*39.8% -> 6.2748227
A56: TOTAL | H56: =SUM(H49:J55) -> 22.040709
A57: SUBMÓDULO 4.1 - AFASTAMENTO MATERNIDADE - PAGAMENTO POR FATO GERADOR
A58: A | C58: Férias acrescidas de 1/3 pagas ao substituto pelos 120d de reposição | H58: =((((E12+(E12/3))*0.3333)/12)*2%) -> 0.98308455
A59: B | C59: Incidência dos encargos do Submódulo 2.2 sobre as férias acrescidas de 1/3 pagas ao substituto pelos 120d de reposição | H59: =H58*39.8% -> 0.39126765
A60: C | C60: Incidência dos encargos do Submódulo 2.2 sobre a remuneração e o 13º salário proporcionais aos 120d de reposição | H60: =(((E12+H17)*0.333)*2%)*39.8% -> 3.8113086
A61: D | C61: Outros
A62: TOTAL | H62: =SUM(H58:J61) -> 5.1856608
A63: SUBMÓDULO 4.2 -SUBSTITUTO NA INTRAJORNADA - PAGAMENTO POR FATO GERADOR
A64: A | C64: Substituto na cobertura de intervalo para repouso ou alimentação | H64: =((((E18+(E18/3))*0.3333)/12)*2%) -> 8.9620667e-05
A65: B | C65: Incidência dos encargos do Submódulo 2.2 sobre o intervalo para repouso e alimentação | H65: =H64*39.8% -> 3.5669025e-05
A66: TOTAL | H66: =SUM(H64:J65) -> 0.00012528969
A67: TOTAL DO MÓDULO 4 | E67: =H66+H62+H56 -> 27.226495
A69: MÓDULO 5 - INSUMOS DIVERSOS
A70: A | C70: Uniformes | H70: 300
A71: B | C71: Materiais | H71: 5
A72: C | C72: Equipamentos | H72: 43.5
A73: D | C73: Outros (especificar) | H73: 5
A74: TOTAL MODULO 5 | H74: =SUM(H70:J73) -> 353.5
A76: MÓDULO 6 - CUSTOS INDIRETOS, TRIBUTOS E LUCRO ****
A77: A | C77: Custos indiretos | E77: 0.07 | H77: =(H74+E67+H46+E37+E12)*E77 -> 219.85663
A78: B | C78: Lucro | E78: 0.075774185 | H78: =E78*(H74+E67+H46+E37+E12) -> 237.99224
A79: C | C79: Tributos | E79: 0.8575 | H79: =(H74+E67+H46+E37+E12)/E79 -> 3662.751
A80: D | C80: Tributos Federais (PIS) | E80: 0.0165 | H80: =E80*H87 -> 54.55098
A81: D | C81: Tributos Federais (COFINS) | E81: 0.076 | H81: =E81*H87 -> 251.26512
A82: E | C82: Tributos Estaduais (ICMS)
A83: F | C83: Tributos Estaduais (ISS) | E83: 0.05 | H83: =E83*H87 -> 165.306
A84: TOTAL MODULO 6 | H84: =H77+H78+H80+H81+H83 -> 928.97097
A86: CUSTO TOTAL POR EMPREGADO | H86: =SUM(H84+H74+E67+H46+E37+E12) -> 4069.7799
H87: 3306.12

Sheet AUX LIM 12X36 N COM 20%
A1: ANEXO I - PLANILHA DE VALORES E CUSTOS DOS POSTOS
A2: CARGO | D2: AUXILIAR DE LIMPEZA (12x36) HORAS - NOTURNO COM ADICIONAL DE INSALUBRIDADE DE 20%
A4: MÓDULO 1 - COMPOSIÇÃO DA REMUNERAÇÃO *
A5: * Valor mensal devido ao empregado pela prestação do serviço no período de 12 meses
A6: A | B6: Salário-base | E6: 1137.23
A7: B | B7: Adicional de Periculosidade
A8: C | B8: Adicional Noturno | E8: =((((E6+E11)/210)*20%)*9)*16 -> 184.62583
A9: D | B9: Adicional de Hora Noturna Reduzida | E9: =((((E6+E11)/210)*20%)*0.14)*16 -> 2.8719573
A10: E | B10: Outros (especificar) | E10: =(((E8+E9)/25)*5) -> 37.499557
A11: F | B11: Adicional de Insalubridade 20% | E11: =1045*20% -> 209
A12: TOTAL MODULO 1 | E12: =SUM(E6:J11) -> 1571.2273
A13: Incidência dos encargos do Submódulo 2.2 sobre a composição da remuneração | E13: =E12*E30 -> 578.21166
A15: MÓDULO 2 - ENCARGOS E BENEFÍCIOS ANUAIS, MENSAIS E DIÁRIOS
A16: SUBMÓDULO 2.1 - 13º SALÁRIO, FÉRIAS E ADICIONAL DE FÉRIAS PAGAMENTO POR FATO GERADOR
A17: A | B17: 13º Salário | E17: 0.0833 | H17: =E17*E12 -> 130.88324
A18: B | B18: Férias e Adicional de férias | E18: 0.121 | H18: =E18*E12 -> 190.11851
A19: TOTAL | H19: =SUM(H17:J18) -> 321.00175
A20: C | B20: Incidências dos encargos do submódulo 2.2 sobre o 13º salário, férias e adicional de férias | E20: 0.0782 | H20: =E12*E20 -> 122.86998
A21: SUBMÓDULO 2.2 - ENCARGOS PREVIDENCIÁRIOS (GPS), FUNDO DE GARANTIA POR TEMPO DE SERVIÇO (FGTS) E OUTRAS CONTRIBUIÇÕES *
A22: A | C22: INSS | E22: 0.2 | H22: =E22*(E12+H19) -> 378.44582
A23: B | C23: Salário Educação | E23: 0.025 | H23: =E23*(E12+H19) -> 47.305727
A24: C | C24: SAT | E24: 0.03 | H24: =E24*(E12+H19) -> 56.766873
A25: D | C25: SESC ou SESI | E25: 0.015 | H25: =E25*(E12+H19) -> 28.383436
A26: E | C26: SENAI - SENAC | E26: 0.01 | H26: =E26*(E12+H19) -> 18.922291
A27: F | C27: SEBRAE | E27: 0.006 | H27: =E27*(E12+H19) -> 11.353375
A28: G | C28: INCRA | E28: 0.002 | H28: =E28*(E12+H19) -> 3.7844582
A29: H | C29: FGTS | E29: 0.08 | H29: =E29*(E12+H19) -> 151.37833
A30: TOTAL | E30: =SUM(E22:G29) -> 0.368 | H30: =SUM(H22:J29) -> 696.3403
A31: SUBMÓDULO 2.3 - BENEFÍCIOS MENSAIS E DIÁRIOS **
A32: A | C32: Transporte | H32: =(3.9*2*16)-6%*E6 -> 56.5662
A33: B | C33: Auxílio-Refeição/Alimentação | H33: =(21.63*16)-20% -> 345.88
A34: C | C34: Assistência médica e familiar | H34: 36.57
A35: D | C35: Outros (especificar) | H35: 25.95
A36: TOTAL | H36: =SUM(H32:J35) -> 464.9662
A37: TOTAL DO MÓDULO 2 | E37: =H19+H30+H36 -> 1482.3083
A39: MÓDULO 3 - PROVISÃO PARA RESCISÃO - PAGAMENTO POR FATO GERADOR
A40: A | C40: Aviso-prévio indenizado | H40: =E12/12*5% -> 6.5467806
A41: B | C41: Incidência do FGTS sobre aviso-prévio indenizado | H41: =H40*8% -> 0.52374245
A42: C | C42: Multa sobre FGTS e contribuições sociais sobre aviso-prévio indenizado | H42: =E42*E12 -> 0
A43: D | C43: Aviso-prévio trabalhado | H43: =E12/30/12*7*100% -> 30.551643
A44: E | C44: Incidência de GPS, FGTS e outras constribuições sobre o aviso-prévio trabalhado *** | H44: =H43*39.8% -> 12.159554
A45: F | C45: Multa sobre FGTS e contribuições sociais sobre aviso-prévio indenizado | H45: =E12*5% -> 78.561367
A46: TOTAL MODULO 3 | H46: =SUM(H40:J45) -> 128.34309
A48: MÓDULO 4 - CUSTO DE REPOSIÇÃO DE PROFISSIONAL AUSENTE PAGAMENTO POR FATO GERADOR
A49: A | C49: Substituto na cobertura de férias | H49: =E20/12*5% -> 0.00032583333
A50: B | C50: Substituto na cobertura de ausencias legais | H50: =E12/30/12 -> 4.3645204
A51: C | C51: Substituto na cobertura de licença-paternidade | H51: =E12/30/12*5*1.5% -> 0.32733903
A52: D | C52: Substituto na cobertura de Ausencia por acidente de trabalho | H52: =E12/30/12*15*8% -> 5.2374245
A53: E | C53: Substituto na cobertura de Afastamento Maternidade | H53: =E20*5% -> 0.00391
A54: F | C54: Substituto na cobertura de outras ocorrencias (especificar) | H54: =E12/30/12*5*40% -> 8.7290408
A55: G | C55: Incidência dos encargos do submódulo 2.2 sobre as ausências legais | H55: =SUM(H49:J54)*39.8% -> 7.4276991
A56: TOTAL | H56: =SUM(H49:J55) -> 26.09026
A57: SUBMÓDULO 4.1 - AFASTAMENTO MATERNIDADE - PAGAMENTO POR FATO GERADOR
A58: A | C58: Férias acrescidas de 1/3 pagas ao substituto pelos 120d de reposição | H58: =((((E12+(E12/3))*0.3333)/12)*2%) -> 1.1637557
A59: B | C59: Incidência dos encargos do Submódulo 2.2 sobre as férias acrescidas de 1/3 pagas ao substituto pelos 120d de reposição | H59: =H58*39.8% -> 0.46317478
A60: C | C60: Incidência dos encargos do Submódulo 2.2 sobre a remuneração e o 13º salário proporcionais aos 120d de reposição | H60: =(((E12+H17)*0.333)*2%)*39.8% -> 4.5117505
A61: D | C61: Outros
A62: TOTAL | H62: =SUM(H58:J61) -> 6.138681
A63: SUBMÓDULO 4.2 -SUBSTITUTO NA INTRAJORNADA - PAGAMENTO POR FATO GERADOR
A64: A | C64: Substituto na cobertura de intervalo para repouso ou alimentação | H64: =((((E18+(E18/3))*0.3333)/12)*2%) -> 8.9620667e-05
A65: B | C65: Incidência dos encargos do Submódulo 2.2 sobre o intervalo para repouso e alimentação | H65: =H64*39.8% -> 3.5669025e-05
A66: TOTAL | H66: =SUM(H64:J65) -> 0.00012528969
A67: TOTAL DO MÓDULO 4 | E67: =H66+H62+H56 -> 32.229066
A69: MÓDULO 5 - INSUMOS DIVERSOS
A70: A | C70: Uniformes | H70: 300
A71: B | C71: Materiais | H71: 5
A72: C | C72: Equipamentos | H72: 43.5
A73: D | C73: Outros (especificar) | H73: 5
A74: TOTAL MODULO 5 | H74: =SUM(H70:J73) -> 353.5
A76: MÓDULO 6 - CUSTOS INDIRETOS, TRIBUTOS E LUCRO ****
A77: A | C77: Custos indiretos | E77: 0.07 | H77: =(H74+E67+H46+E37+E12)*E77 -> 249.73254
A78: B | C78: Lucro | E78: 0.075774185 | H78: =E78*(H74+E67+H46+E37+E12) -> 270.33257
A79: C | C79: Tributos | E79: 0.8575 | H79: =(H74+E67+H46+E37+E12)/E79 -> 4160.4755
A80: D | C80: Tributos Federais (PIS) | E80: 0.0165 | H80: =E80*H87 -> 54.55098
A81: D | C81: Tributos Federais (COFINS) | E81: 0.076 | H81: =E81*H87 -> 251.26512
A82: E | C82: Tributos Estaduais (ICMS)
A83: F | C83: Tributos Estaduais (ISS) | E83: 0.05 | H83: =E83*H87 -> 165.306
A84: TOTAL MODULO 6 | H84: =H77+H78+H80+H81+H83 -> 991.18721
A86: CUSTO TOTAL POR EMPREGADO | H86: =SUM(H84+H74+E67+H46+E37+E12) -> 4558.795
H87: 3306.12

Sheet AUX LIM 12X36 N COM 40%
A1: ANEXO I - PLANILHA DE VALORES E CUSTOS DOS POSTOS
A2: CARGO | D2: AUXILIAR DE LIMPEZA (12x36) HORAS - NOTURNO COM ADICIONAL DE INSALUBRIDADE DE 40%
A4: MÓDULO 1 - COMPOSIÇÃO DA REMUNERAÇÃO *
A5: * Valor mensal devido ao empregado pela prestação do serviço no período de 12 meses
A6: A | B6: Salário-base | E6: 1137.23
A7: B | B7: Adicional de Periculosidade
A8: C | B8: Adicional Noturno | E8: =((((E6+E11)/210)*20%)*9)*16 -> 213.28869
A9: D | B9: Adicional de Hora Noturna Reduzida | E9: =((((E6+E11)/210)*20%)*0.14)*16 -> 3.317824
A10: E | B10: Outros (especificar) | E10: =(((E8+E9)/25)*5) -> 43.321302
A11: F | B11: Adicional de Insalubridade 40% | E11: =1045*40% -> 418
A12: TOTAL MODULO 1 | E12: =SUM(E6:J11) -> 1815.1578
A13: Incidência dos encargos do Submódulo 2.2 sobre a composição da remuneração | E13: =E12*E30 -> 667.97807
A15: MÓDULO 2 - ENCARGOS E BENEFÍCIOS ANUAIS, MENSAIS E DIÁRIOS
A16: SUBMÓDULO 2.1 - 13º SALÁRIO, FÉRIAS E ADICIONAL DE FÉRIAS PAGAMENTO POR FATO GERADOR
A17: A | B17: 13º Salário | E17: 0.0833 | H17: =E17*E12 -> 151.20265
A18: B | B18: Férias e Adicional de férias | E18: 0.121 | H18: =E18*E12 -> 219.6341
A19: TOTAL | H19: =SUM(H17:J18) -> 370.83674
A20: C | B20: Incidências dos encargos do submódulo 2.2 sobre o 13º salário, férias e adicional de férias | E20: 0.0782 | H20: =E12*E20 -> 141.94534
A21: SUBMÓDULO 2.2 - ENCARGOS PREVIDENCIÁRIOS (GPS), FUNDO DE GARANTIA POR TEMPO DE SERVIÇO (FGTS) E OUTRAS CONTRIBUIÇÕES *
A22: A | C22: INSS | E22: 0.2 | H22: =E22*(E12+H19) -> 437.19891
A23: B | C23: Salário Educação | E23: 0.025 | H23: =E23*(E12+H19) -> 54.649864
A24: C | C24: SAT | E24: 0.03 | H24: =E24*(E12+H19) -> 65.579837
A25: D | C25: SESC ou SESI | E25: 0.015 | H25: =E25*(E12+H19) -> 32.789918
A26: E | C26: SENAI - SENAC | E26: 0.01 | H26: =E26*(E12+H19) -> 21.859946
A27: F | C27: SEBRAE | E27: 0.006 | H27: =E27*(E12+H19) -> 13.115967
A28: G | C28: INCRA | E28: 0.002 | H28: =E28*(E12+H19) -> 4.3719891
A29: H | C29: FGTS | E29: 0.08 | H29: =E29*(E12+H19) -> 174.87956
A30: TOTAL | E30: =SUM(E22:G29) -> 0.368 | H30: =SUM(H22:J29) -> 804.446
A31: SUBMÓDULO 2.3 - BENEFÍCIOS MENSAIS E DIÁRIOS **
A32: A | C32: Transporte | H32: =(3.9*2*16)-6%*E6 -> 56.5662
A33: B | C33: Auxílio-Refeição/Alimentação | H33: =(21.63*16)-20% -> 345.88
A34: C | C34: Assistência médica e familiar | H34: 36.57
A35: D | C35: Outros (especificar) | H35: 25.95
A36: TOTAL | H36: =SUM(H32:J35) -> 464.9662
A37: TOTAL DO MÓDULO 2 | E37: =H19+H30+H36 -> 1640.2489
A39: MÓDULO 3 - PROVISÃO PARA RESCISÃO - PAGAMENTO POR FATO GERADOR
A40: A | C40: Aviso-prévio indenizado | H40: =E12/12*5% -> 7.5631575
A41: B | C41: Incidência do FGTS sobre aviso-prévio indenizado | H41: =H40*8% -> 0.6050526
A42: C | C42: Multa sobre FGTS e contribuições sociais sobre aviso-prévio indenizado | H42: =E42*E12 -> 0
A43: D | C43: Aviso-prévio trabalhado | H43: =E12/30/12*7*100% -> 35.294735
A44: E | C44: Incidência de GPS, FGTS e outras constribuições sobre o aviso-prévio trabalhado *** | H44: =H43*39.8% -> 14.047305
A45: F | C45: Multa sobre FGTS e contribuições sociais sobre aviso-prévio indenizado | H45: =E12*5% -> 90.757891
A46: TOTAL MODULO 3 | H46: =SUM(H40:J45) -> 148.26814
A48: MÓDULO 4 - CUSTO DE REPOSIÇÃO DE PROFISSIONAL AUSENTE PAGAMENTO POR FATO GERADOR
A49: A | C49: Substituto na cobertura de férias | H49: =E20/12*5% -> 0.00032583333
A50: B | C50: Substituto na cobertura de ausencias legais | H50: =E12/30/12 -> 5.042105
A51: C | C51: Substituto na cobertura de licença-paternidade | H51: =E12/30/12*5*1.5% -> 0.37815788
A52: D | C52: Substituto na cobertura de Ausencia por acidente de trabalho | H52: =E12/30/12*15*8% -> 6.050526
A53: E | C53: Substituto na cobertura de Afastamento Maternidade | H53: =E20*5% -> 0.00391
A54: F | C54: Substituto na cobertura de outras ocorrencias (especificar) | H54: =E12/30/12*5*40% -> 10.08421
A55: G | C55: Incidência dos encargos do submódulo 2.2 sobre as ausências legais | H55: =SUM(H49:J54)*39.8% -> 8.5805755
A56: TOTAL | H56: =SUM(H49:J55) -> 30.13981
A57: SUBMÓDULO 4.1 - AFASTAMENTO MATERNIDADE - PAGAMENTO POR FATO GERADOR
A58: A | C58: Férias acrescidas de 1/3 pagas ao substituto pelos 120d de reposição | H58: =((((E12+(E12/3))*0.3333)/12)*2%) -> 1.3444269
A59: B | C59: Incidência dos encargos do Submódulo 2.2 sobre as férias acrescidas de 1/3 pagas ao substituto pelos 120d de reposição | H59: =H58*39.8% -> 0.5350819
A60: C | C60: Incidência dos encargos do Submódulo 2.2 sobre a remuneração e o 13º salário proporcionais aos 120d de reposição | H60: =(((E12+H17)*0.333)*2%)*39.8% -> 5.2121923
A61: D | C61: Outros
A62: TOTAL | H62: =SUM(H58:J61) -> 7.0917011
A63: SUBMÓDULO 4.2 -SUBSTITUTO NA INTRAJORNADA - PAGAMENTO POR FATO GERADOR
A64: A | C64: Substituto na cobertura de intervalo para repouso ou alimentação | H64: =((((E18+(E18/3))*0.3333)/12)*2%) -> 8.9620667e-05
A65: B | C65: Incidência dos encargos do Submódulo 2.2 sobre o intervalo para repouso e alimentação | H65: =H64*39.8% -> 3.5669025e-05
A66: TOTAL | H66: =SUM(H64:J65) -> 0.00012528969
A67: TOTAL DO MÓDULO 4 | E67: =H66+H62+H56 -> 37.231637
A69: MÓDULO 5 - INSUMOS DIVERSOS
A70: A | C70: Uniformes | H70: 300
A71: B | C71: Materiais | H71: 5
A72: C | C72: Equipamentos | H72: 43.5
A73: D | C73: Outros (especificar) | H73: 5
A74: TOTAL MODULO 5 | H74: =SUM(H70:J73) -> 353.5
A76: MÓDULO 6 - CUSTOS INDIRETOS, TRIBUTOS E LUCRO ****
A77: A | C77: Custos indiretos | E77: 0.07 | H77: =(H74+E67+H46+E37+E12)*E77 -> 279.60846
A78: B | C78: Lucro | E78: 0.075774185 | H78: =E78*(H74+E67+H46+E37+E12) -> 302.6729
A79: C | C79: Tributos | E79: 0.8575 | H79: =(H74+E67+H46+E37+E12)/E79 -> 4658.2
A80: D | C80: Tributos Federais (PIS) | E80: 0.0165 | H80: =E80*H87 -> 54.55098
A81: D | C81: Tributos Federais (COFINS) | E81: 0.076 | H81: =E81*H87 -> 251.26512
A82: E | C82: Tributos Estaduais (ICMS)
A83: F | C83: Tributos Estaduais (ISS) | E83: 0.05 | H83: =E83*H87 -> 165.306
A84: TOTAL MODULO 6 | H84: =H77+H78+H80+H81+H83 -> 1053.4035
A86: CUSTO TOTAL POR EMPREGADO | H86: =SUM(H84+H74+E67+H46+E37+E12) -> 5047.81
H87: 3306.12

Sheet VARREDEIRA
A1: CARGO | D1: AUXILIAR DE LIMPEZA 44 HR SEM INSALUBRIDADE
A3: MÓDULO 1 - COMPOSIÇÃO DA REMUNERAÇÃO *
A4: * Valor mensal devido ao empregado pela prestação do serviço no período de 12 meses
A5: A | B5: Salário-base | E5: 1137.23
A6: B | B6: Adicional de Periculosidade
A7: C | B7: Adicional Noturno
A8: D | B8: Adicional de Hora Noturna Reduzida
A9: E | B9: Outros (especificar)
A10: F | B10: Adicional de Insalubridade (Ver grau de ins. 10%, 20% ou 40% Sobre o salário mínimo)
A11: TOTAL | E11: =SUM(E5:J10) -> 1137.23
A12: Incidência dos encargos do Submódulo 2.2 sobre a composição da remuneração | E12: =E11*E29 -> 418.50064
A14: MÓDULO 2 - ENCARGOS E BENEFÍCIOS ANUAIS, MENSAIS E DIÁRIOS
A15: SUBMÓDULO 2.1 - 13º SALÁRIO, FÉRIAS E ADICIONAL DE FÉRIAS - PAGAMENTO POR FATO GERADOR
A16: A | B16: 13º Salário | E16: 0.0833 | H16: =E16*E11 -> 94.731259
A17: B | B17: Férias e Adicional de férias | E17: 0.121 | H17: =E17*E11 -> 137.60483
A18: TOTAL | H18: =SUM(H16:J17) -> 232.33609
A19: C | B19: Incidências dos encargos do submódulo 2.2 sobre o 13º salário, férias e adicional de férias | E19: 0.0782 | H19: =E11*E19 -> 88.931386
A20: SUBMÓDULO 2.2 - ENCARGOS PREVIDENCIÁRIOS (GPS), FUNDO DE GARANTIA POR TEMPO DE SERVIÇO (FGTS) E OUTRAS CONTRIBUIÇÕES *
A21: A | C21: INSS | E21: 0.2 | H21: =E21*(E11+H18) -> 273.91322
A22: B | C22: Salário Educação | E22: 0.025 | H22: =E22*(E11+H18) -> 34.239152
A23: C | C23: SAT | E23: 0.03 | H23: =E23*(E11+H18) -> 41.086983
A24: D | C24: SESC ou SESI | E24: 0.015 | H24: =E24*(E11+H18) -> 20.543491
A25: E | C25: SENAI - SENAC | E25: 0.01 | H25: =E25*(E11+H18) -> 13.695661
A26: F | C26: SEBRAE | E26: 0.006 | H26: =E26*(E11+H18) -> 8.2173965
A27: G | C27: INCRA | E27: 0.002 | H27: =E27*(E11+H18) -> 2.7391322
A28: H | C28: FGTS | E28: 0.08 | H28: =E28*(E11+H18) -> 109.56529
A29: TOTAL | E29: =SUM(E21:G28) -> 0.368 | H29: =SUM(H21:J28) -> 504.00032
A30: SUBMÓDULO 2.3 - BENEFÍCIOS MENSAIS E DIÁRIOS **
A31: A | C31: Transporte | H31: =(3.9*2*25.5)-6%*E5 -> 130.6662
A32: B | C32: Auxílio-Refeição/Alimentação | H32: =(21.63*25.5)-20% -> 551.365
A33: C | C33: Assistência médica e familiar | H33: 36.57
A34: D | C34: Outros (especificar) | H34: 25.95
A35: TOTAL | H35: =SUM(H31:J34) -> 744.5512
A36: TOTAL DO MÓDULO 2 | E36: =H18+H29+H35 -> 1480.8876
A38: MÓDULO 3 - PROVISÃO PARA RESCISÃO - PAGAMENTO POR FATO GERADOR
A39: A | C39: Aviso-prévio indenizado | H39: =E11/12*5% -> 4.7384583
A40: B | C40: Incidência do FGTS sobre aviso-prévio indenizado | H40: =H39*8% -> 0.37907667
A41: C | C41: Multa sobre FGTS e contribuições sociais sobre aviso-prévio indenizado | H41: =E41*E11 -> 0
A42: D | C42: Aviso-prévio trabalhado | H42: =E11/30/12*7*100% -> 22.112806
A43: E | C43: Incidência de GPS, FGTS e outras constribuições sobre o aviso-prévio trabalhado *** | H43: =H42*39.8% -> 8.8008966
A44: F | C44: Multa sobre FGTS e contribuições sociais sobre aviso-prévio indenizado | H44: =E11*5% -> 56.8615
A45: TOTAL | H45: =SUM(H39:J44) -> 92.892737
A47: MÓDULO 4 - CUSTO DE REPOSIÇÃO DE PROFISSIONAL AUSENTE - PAGAMENTO POR FATO GERADOR
A48: A | C48: Substituto na cobertura de férias | H48: =E19/12*5% -> 0.00032583333
A49: B | C49: Substituto na cobertura de ausencias legais | H49: =E11/30/12 -> 3.1589722
A50: C | C50: Substituto na cobertura de licença-paternidade | H50: =E11/30/12*5*1.5% -> 0.23692292
A51: D | C51: Substituto na cobertura de Ausencia por acidente de trabalho | H51: =E11/30/12*15*8% -> 3.7907667
A52: E | C52: Substituto na cobertura de Afastamento Maternidade | H52: =E19*5% -> 0.00391
A53: F | C53: Substituto na cobertura de outras ocorrencias (especificar) | H53: =E11/30/12*5*40% -> 6.3179444
A54: G | C54: Incidência dos encargos do submódulo 2.2 sobre as ausências legais | H54: =SUM(H48:J53)*39.8% -> 5.3765191
A55: TOTAL | H55: =SUM(H48:J54) -> 18.885361
A56: SUBMÓDULO 4.1 - AFASTAMENTO MATERNIDADE - PAGAMENTO POR FATO GERADOR
A57: A | C57: Férias acrescidas de 1/3 pagas ao substituto pelos 120d de reposição | H57: =((((E11+(E11/3))*0.3333)/12)*2%) -> 0.84230835
A58: B | C58: Incidência dos encargos do Submódulo 2.2 sobre as férias acrescidas de 1/3 pagas ao substituto pelos 120d de reposição | H58: =H57*39.8% -> 0.33523872
A59: C | C59: Incidência dos encargos do Submódulo 2.2 sobre a remuneração e o 13º salário proporcionais aos 120d de reposição | H59: =(((E11+H16)*0.333)*2%)*39.8% -> 3.2655351
A60: D | C60: Outros
A61: TOTAL | H61: =SUM(H57:J60) -> 4.4430821
A62: SUBMÓDULO 4.2 -SUBSTITUTO NA INTRAJORNADA - PAGAMENTO POR FATO GERADOR
A63: A | C63: Substituto na cobertura de intervalo para repouso ou alimentação | H63: =((((E17+(E17/3))*0.3333)/12)*2%) -> 8.9620667e-05
A64: B | C64: Incidência dos encargos do Submódulo 2.2 sobre o intervalo para repouso e alimentação | H64: =H63*39.8% -> 3.5669025e-05
A65: TOTAL | H65: =SUM(H63:J64) -> 0.00012528969
A66: TOTAL DO MÓDULO 4 | E66: =H65+H61+H55 -> 23.328569
A68: MÓDULO 5 - INSUMOS DIVERSOS
A69: A | C69: Uniformes | H69: 300
A70: B | C70: Materiais | H70: 5
A71: C | C71: Equipamentos | H71: 43.5
A72: D | C72: Outros (especificar) | H72: 5
A73: TOTAL | H73: =SUM(H69:J72) -> 353.5
A75: MÓDULO 6 - CUSTOS INDIRETOS, TRIBUTOS E LUCRO ****
A76: A | C76: Custos indiretos | E76: 0.07 | H76: =(H73+E66+H45+E36+E11)*E76 -> 216.14872
A77: B | C77: Lucro | E77: 0.075774185 | H77: =E77*(H73+E66+H45+E36+E11) -> 233.97848
A78: C | C78: Tributos | E78: 0.8575 | H78: =(H73+E66+H45+E36+E11)/E78 -> 3600.9783
A79: D | C79: Tributos Federais (PIS) | E79: 0.0165 | H79: =E79*H86 -> 54.55098
A80: D | C80: Tributos Federais (COFINS) | E80: 0.076 | H80: =E80*H86 -> 251.26512
A81: E | C81: Tributos Estaduais (ICMS)
A82: F | C82: Tributos Estaduais (ISS) | E82: 0.05 | H82: =E82*H86 -> 165.306
A83: TOTAL | H83: =H76+H77+H79+H80+H82 -> 921.2493
A85: CUSTO TOTAL POR EMPREGADO | H85: =SUM(H83+H73+E66+H45+E36+E11) -> 4009.0882
H86: 3306.12

Sheet GARI-VARREDEIRA-CARRINHEIRO
A1: ANEXO I - PLANILHA DE VALORES E CUSTOS DOS POSTOS
A2: CARGO | D2: AUXILIAR DE LIMPEZA (12x36) HORAS - NOTURNO COM ADICIONAL DE INSALUBRIDADE DE 40%
A4: MÓDULO 1 - COMPOSIÇÃO DA REMUNERAÇÃO *
A5: * Valor mensal devido ao empregado pela prestação do serviço no período de 12 meses
A6: A | B6: Salário-base | E6: 1137.23
A7: B | B7: Adicional de Periculosidade
A8: C | B8: Adicional Noturno
A9: D | B9: Adicional de Hora Noturna Reduzida
A10: E | B10: Outros (especificar)
A11: F | B11: Adicional de Insalubridade 40% | E11: =1045*40% -> 418
A12: TOTAL MODULO 1 | E12: =SUM(E6:J11) -> 1555.23
A13: Incidência dos encargos do Submódulo 2.2 sobre a composição da remuneração | E13: =E12*E30 -> 572.32464
A15: MÓDULO 2 - ENCARGOS E BENEFÍCIOS ANUAIS, MENSAIS E DIÁRIOS
A16: SUBMÓDULO 2.1 - 13º SALÁRIO, FÉRIAS E ADICIONAL DE FÉRIAS PAGAMENTO POR FATO GERADOR
A17: A | B17: 13º Salário | E17: 0.0833 | H17: =E17*E12 -> 129.55066
A18: B | B18: Férias e Adicional de férias | E18: 0.121 | H18: =E18*E12 -> 188.18283
A19: TOTAL | H19: =SUM(H17:J18) -> 317.73349
A20: C | B20: Incidências dos encargos do submódulo 2.2 sobre o 13º salário, férias e adicional de férias | E20: 0.0782 | H20: =E12*E20 -> 121.61899
A21: SUBMÓDULO 2.2 - ENCARGOS PREVIDENCIÁRIOS (GPS), FUNDO DE GARANTIA POR TEMPO DE SERVIÇO (FGTS) E OUTRAS CONTRIBUIÇÕES *
A22: A | C22: INSS | E22: 0.2 | H22: =E22*(E12+H19) -> 374.5927
A23: B | C23: Salário Educação | E23: 0.025 | H23: =E23*(E12+H19) -> 46.824087
A24: C | C24: SAT | E24: 0.03 | H24: =E24*(E12+H19) -> 56.188905
A25: D | C25: SESC ou SESI | E25: 0.015 | H25: =E25*(E12+H19) -> 28.094452
A26: E | C26: SENAI - SENAC | E26: 0.01 | H26: =E26*(E12+H19) -> 18.729635
A27: F | C27: SEBRAE | E27: 0.006 | H27: =E27*(E12+H19) -> 11.237781
A28: G | C28: INCRA | E28: 0.002 | H28: =E28*(E12+H19) -> 3.745927
A29: H | C29: FGTS | E29: 0.08 | H29: =E29*(E12+H19) -> 149.83708
A30: TOTAL | E30: =SUM(E22:G29) -> 0.368 | H30: =SUM(H22:J29) -> 689.25056
A31: SUBMÓDULO 2.3 - BENEFÍCIOS MENSAIS E DIÁRIOS **
A32: A | C32: Transporte | H32: =(3.9*2*25.5)-6%*E6 -> 130.6662
A33: B | C33: Auxílio-Refeição/Alimentação | H33: =(13.13*25.5) -> 334.815
A34: C | C34: Cesta Basica/Natal/Férias | H34: 204.21
A35: D | C35: Outros (especificar) | H35: 25.95
A36: TOTAL | H36: =SUM(H32:J35) -> 695.6412
A37: TOTAL DO MÓDULO 2 | E37: =H19+H30+H36 -> 1702.6253
A39: MÓDULO 3 - PROVISÃO PARA RESCISÃO - PAGAMENTO POR FATO GERADOR
A40: A | C40: Aviso-prévio indenizado | H40: =E12/12*5% -> 6.480125
A41: B | C41: Incidência do FGTS sobre aviso-prévio indenizado | H41: =H40*8% -> 0.51841
A42: C | C42: Multa sobre FGTS e contribuições sociais sobre aviso-prévio indenizado | H42: =E42*E12 -> 0
A43: D | C43: Aviso-prévio trabalhado | H43: =E12/30/12*7*100% -> 30.240583
A44: E | C44: Incidência de GPS, FGTS e outras constribuições sobre o aviso-prévio trabalhado *** | H44: =H43*39.8% -> 12.035752
A45: F | C45: Multa sobre FGTS e contribuições sociais sobre aviso-prévio indenizado | H45: =E12*5% -> 77.7615
A46: TOTAL MODULO 3 | H46: =SUM(H40:J45) -> 127.03637
A48: MÓDULO 4 - CUSTO DE REPOSIÇÃO DE PROFISSIONAL AUSENTE PAGAMENTO POR FATO GERADOR
A49: A | C49: Substituto na cobertura de férias | H49: =E20/12*5% -> 0.00032583333
A50: B | C50: Substituto na cobertura de ausencias legais | H50: =E12/30/12 -> 4.3200833
A51: C | C51: Substituto na cobertura de licença-paternidade | H51: =E12/30/12*5*1.5% -> 0.32400625
A52: D | C52: Substituto na cobertura de Ausencia por acidente de trabalho | H52: =E12/30/12*15*8% -> 5.1841
A53: E | C53: Substituto na cobertura de Afastamento Maternidade | H53: =E20*5% -> 0.00391
A54: F | C54: Substituto na cobertura de outras ocorrencias (especificar) | H54: =E12/30/12*5*40% -> 8.6401667
A55: G | C55: Incidência dos encargos do submódulo 2.2 sobre as ausências legais | H55: =SUM(H49:J54)*39.8% -> 7.3520916
A56: TOTAL | H56: =SUM(H49:J55) -> 25.824684
A57: SUBMÓDULO 4.1 - AFASTAMENTO MATERNIDADE - PAGAMENTO POR FATO GERADOR
A58: A | C58: Férias acrescidas de 1/3 pagas ao substituto pelos 120d de reposição | H58: =((((E12+(E12/3))*0.3333)/12)*2%) -> 1.151907
A59: B | C59: Incidência dos encargos do Submódulo 2.2 sobre as férias acrescidas de 1/3 pagas ao substituto pelos 120d de reposição | H59: =H58*39.8% -> 0.45845899
A60: C | C60: Incidência dos encargos do Submódulo 2.2 sobre a remuneração e o 13º salário proporcionais aos 120d de reposição | H60: =(((E12+H17)*0.333)*2%)*39.8% -> 4.4658144
A61: D | C61: Outros
A62: TOTAL | H62: =SUM(H58:J61) -> 6.0761804
A63: SUBMÓDULO 4.2 -SUBSTITUTO NA INTRAJORNADA - PAGAMENTO POR FATO GERADOR
A64: A | C64: Substituto na cobertura de intervalo para repouso ou alimentação | H64: =((((E18+(E18/3))*0.3333)/12)*2%) -> 8.9620667e-05
A65: B | C65: Incidência dos encargos do Submódulo 2.2 sobre o intervalo para repouso e alimentação | H65: =H64*39.8% -> 3.5669025e-05
A66: TOTAL | H66: =SUM(H64:J65) -> 0.00012528969
A67: TOTAL DO MÓDULO 4 | E67: =H66+H62+H56 -> 31.900989
A69: MÓDULO 5 - INSUMOS DIVERSOS
A70: A | C70: Uniformes | H70: 300
A71: B | C71: Materiais | H71: 5
A72: C | C72: Equipamentos | H72: 43.5
A73: D | C73: Outros (especificar) | H73: 25
A74: TOTAL MODULO 5 | H74: =SUM(H70:J73) -> 373.5
A76: MÓDULO 6 - CUSTOS INDIRETOS, TRIBUTOS E LUCRO ****
A77: A | C77: Custos indiretos | E77: 0.07 | H77: =(H74+E67+H46+E37+E12)*E77 -> 265.32048
A78: B | C78: Lucro | E78: 0.075774185 | H78: =E78*(H74+E67+H46+E37+E12) -> 287.20633
A79: C | C79: Tributos | E79: 0.8575 | H79: =(H74+E67+H46+E37+E12)/E79 -> 4420.1663
A80: D | C80: Tributos Federais (PIS) | E80: 0.0165 | H80: =E80*H87 -> 54.55098
A81: D | C81: Tributos Federais (COFINS) | E81: 0.076 | H81: =E81*H87 -> 251.26512
A82: E | C82: Tributos Estaduais (ICMS)
A83: F | C83: Tributos Estaduais (ISS) | E83: 0.05 | H83: =E83*H87 -> 165.306
A84: TOTAL MODULO 6 | H84: =H77+H78+H80+H81+H83 -> 1023.6489
A86: CUSTO TOTAL POR EMPREGADO | H86: =SUM(H84+H74+E67+H46+E37+E12) -> 4813.9415
H87: 3306.12

Sheet COLETOR DE LIXO
A1: ANEXO I - PLANILHA DE VALORES E CUSTOS DOS POSTOS
A2: CARGO | D2: COLETOR DE LIXO
A4: MÓDULO 1 - COMPOSIÇÃO DA REMUNERAÇÃO *
A5: * Valor mensal devido ao empregado pela prestação do serviço no período de 12 meses
A6: A | B6: Salário-base | E6: 1245.81
A7: B | B7: Adicional de Periculosidade
A8: C | B8: Adicional Noturno
A9: D | B9: Adicional de Hora Noturna Reduzida
A10: E | B10: Outros (especificar)
A11: F | B11: Adicional de Insalubridade 40% | E11: =1045*40% -> 418
A12: TOTAL MODULO 1 | E12: =SUM(E6:J11) -> 1663.81
A13: Incidência dos encargos do Submódulo 2.2 sobre a composição da remuneração | E13: =E12*E30 -> 612.28208
A15: MÓDULO 2 - ENCARGOS E BENEFÍCIOS ANUAIS, MENSAIS E DIÁRIOS
A16: SUBMÓDULO 2.1 - 13º SALÁRIO, FÉRIAS E ADICIONAL DE FÉRIAS - PAGAMENTO POR FATO GERADOR
A17: A | B17: 13º Salário | E17: 0.0833 | H17: =E17*E12 -> 138.59537
A18: B | B18: Férias e Adicional de férias | E18: 0.121 | H18: =E18*E12 -> 201.32101
A19: TOTAL | H19: =SUM(H17:J18) -> 339.91638
A20: C | B20: Incidências dos encargos do submódulo 2.2 sobre o 13º salário, férias e adicional de férias | E20: 0.0782 | H20: =E12*E20 -> 130.10994
A21: SUBMÓDULO 2.2 - ENCARGOS PREVIDENCIÁRIOS (GPS), FUNDO DE GARANTIA POR TEMPO DE SERVIÇO (FGTS) E OUTRAS CONTRIBUIÇÕES *
A22: A | C22: INSS | E22: 0.2 | H22: =E22*(E12+H19) -> 400.74528
A23: B | C23: Salário Educação | E23: 0.025 | H23: =E23*(E12+H19) -> 50.09316
A24: C | C24: SAT | E24: 0.03 | H24: =E24*(E12+H19) -> 60.111791
A25: D | C25: SESC ou SESI | E25: 0.015 | H25: =E25*(E12+H19) -> 30.055896
A26: E | C26: SENAI - SENAC | E26: 0.01 | H26: =E26*(E12+H19) -> 20.037264
A27: F | C27: SEBRAE | E27: 0.006 | H27: =E27*(E12+H19) -> 12.022358
A28: G | C28: INCRA | E28: 0.002 | H28: =E28*(E12+H19) -> 4.0074528
A29: H | C29: FGTS | E29: 0.08 | H29: =E29*(E12+H19) -> 160.29811
A30: TOTAL | E30: =SUM(E22:G29) -> 0.368 | H30: =SUM(H22:J29) -> 737.37131
A31: SUBMÓDULO 2.3 - BENEFÍCIOS MENSAIS E DIÁRIOS **
A32: A | C32: Transporte | H32: =(3.9*2*25.5)-6%*E6 -> 124.1514
A33: B | C33: Auxílio-Refeição/Alimentação | H33: =(13.13*25.5) -> 334.815
A34: C | C34: Cesta Basica/Natal/Férias | H34: 204.21
A35: D | C35: Outros (especificar) | H35: 25.95
A36: TOTAL | H36: =SUM(H32:J35) -> 689.1264
A37: TOTAL DO MÓDULO 2 | E37: =H19+H30+H36 -> 1766.4141
A39: MÓDULO 3 - PROVISÃO PARA RESCISÃO - PAGAMENTO POR FATO GERADOR
A40: A | C40: Aviso-prévio indenizado | H40: =E12/12*5% -> 6.9325417
A41: B | C41: Incidência do FGTS sobre aviso-prévio indenizado | H41: =H40*8% -> 0.55460333
A42: C | C42: Multa sobre FGTS e contribuições sociais sobre aviso-prévio indenizado | H42: =E42*E12 -> 0
A43: D | C43: Aviso-prévio trabalhado | H43: =E12/30/12*7*100% -> 32.351861
A44: E | C44: Incidência de GPS, FGTS e outras constribuições sobre o aviso-prévio trabalhado *** | H44: =H43*39.8% -> 12.876041
A45: F | C45: Multa sobre FGTS e contribuições sociais sobre aviso-prévio indenizado | H45: =E12*5% -> 83.1905
A46: TOTAL MODULO 3 | H46: =SUM(H40:J45) -> 135.90555
A48: MÓDULO 4 - CUSTO DE REPOSIÇÃO DE PROFISSIONAL AUSENTE - PAGAMENTO POR FATO GERADOR
A49: A | C49: Substituto na cobertura de férias | H49: =E20/12*5% -> 0.00032583333
A50: B | C50: Substituto na cobertura de ausencias legais | H50: =E12/30/12 -> 4.6216944
A51: C | C51: Substituto na cobertura de licença-paternidade | H51: =E12/30/12*5*1.5% -> 0.34662708
A52: D | C52: Substituto na cobertura de Ausencia por acidente de trabalho | H52: =E12/30/12*15*8% -> 5.5460333
A53: E | C53: Substituto na cobertura de Afastamento Maternidade | H53: =E20*5% -> 0.00391
A54: F | C54: Substituto na cobertura de outras ocorrencias (especificar) | H54: =E12/30/12*5*40% -> 9.2433889
A55: G | C55: Incidência dos encargos do submódulo 2.2 sobre as ausências legais | H55: =SUM(H49:J54)*39.8% -> 7.8652679
A56: TOTAL | H56: =SUM(H49:J55) -> 27.627247
A57: SUBMÓDULO 4.1 - AFASTAMENTO MATERNIDADE - PAGAMENTO POR FATO GERADOR
A58: A | C58: Férias acrescidas de 1/3 pagas ao substituto pelos 120d de reposição | H58: =((((E12+(E12/3))*0.3333)/12)*2%) -> 1.2323286
A59: B | C59: Incidência dos encargos do Submódulo 2.2 sobre as férias acrescidas de 1/3 pagas ao substituto pelos 120d de reposição | H59: =H58*39.8% -> 0.49046679
A60: C | C60: Incidência dos encargos do Submódulo 2.2 sobre a remuneração e o 13º salário proporcionais aos 120d de reposição | H60: =(((E12+H17)*0.333)*2%)*39.8% -> 4.7775999
A61: D | C61: Outros
A62: TOTAL | H62: =SUM(H58:J61) -> 6.5003953
A63: SUBMÓDULO 4.2 -SUBSTITUTO NA INTRAJORNADA - PAGAMENTO POR FATO GERADOR
A64: A | C64: Substituto na cobertura de intervalo para repouso ou alimentação | H64: =((((E18+(E18/3))*0.3333)/12)*2%) -> 8.9620667e-05
A65: B | C65: Incidência dos encargos do Submódulo 2.2 sobre o intervalo para repouso e alimentação | H65: =H64*39.8% -> 3.5669025e-05
A66: TOTAL | H66: =SUM(H64:J65) -> 0.00012528969
A67: TOTAL DO MÓDULO 4 | E67: =H66+H62+H56 -> 34.127768
A69: MÓDULO 5 - INSUMOS DIVERSOS
A70: A | C70: Uniformes | H70: 300
A71: B | C71: Materiais | H71: 5
A72: C | C72: Equipamentos | H72: 43.5
A73: D | C73: Outros (especificar) | H73: 25
A74: TOTAL MODULO 5 | H74: =SUM(H70:J73) -> 373.5
A76: MÓDULO 6 - CUSTOS INDIRETOS, TRIBUTOS E LUCRO ****
A77: A | C77: Custos indiretos | E77: 0.07 | H77: =(H74+E67+H46+E37+E12)*E77 -> 278.16302
A78: B | C78: Lucro | E78: 0.075774185 | H78: =E78*(H74+E67+H46+E37+E12) -> 301.10823
A79: C | C79: Tributos | E79: 0.8575 | H79: =(H74+E67+H46+E37+E12)/E79 -> 4634.1194
A80: D | C80: Tributos Federais (PIS) | E80: 0.0165 | H80: =E80*H87 -> 54.55098
A81: D | C81: Tributos Federais (COFINS) | E81: 0.076 | H81: =E81*H87 -> 251.26512
A82: E | C82: Tributos Estaduais (ICMS)
A83: F | C83: Tributos Estaduais (ISS) | E83: 0.05 | H83: =E83*H87 -> 165.306
A84: TOTAL MODULO 6 | H84: =H77+H78+H80+H81+H83 -> 1050.3933
A86: CUSTO TOTAL POR EMPREGADO | H86: =SUM(H84+H74+E67+H46+E37+E12) -> 5024.1508
H87: 3306.12

Sheet AGENTE DE FISCALIZAÇÃO DE RUA
A1: ANEXO I - PLANILHA DE VALORES E CUSTOS DOS POSTOS
A2: CARGO | D2: AGENTE DE FISCALIZAÇÃO DE RUA
A4: MÓDULO 1 - COMPOSIÇÃO DA REMUNERAÇÃO *
A5: * Valor mensal devido ao empregado pela prestação do serviço no período de 12 meses
A6: A | B6: Salário-base | E6: 1293.21
A7: B | B7: Adicional de Periculosidade
A8: C | B8: Adicional Noturno
A9: D | B9: Adicional de Hora Noturna Reduzida
A10: E | B10: Outros (especificar)
A11: F | B11: Adicional de Insalubridade 40%
A12: TOTAL MODULO 1 | E12: =SUM(E6:J11) -> 1293.21
A13: Incidência dos encargos do Submódulo 2.2 sobre a composição da remuneração | E13: =E12*E30 -> 475.90128
A15: MÓDULO 2 - ENCARGOS E BENEFÍCIOS ANUAIS, MENSAIS E DIÁRIOS
A16: SUBMÓDULO 2.1 - 13º SALÁRIO, FÉRIAS E ADICIONAL DE FÉRIAS PAGAMENTO POR FATO GERADOR
A17: A | B17: 13º Salário | E17: 0.0833 | H17: =E17*E12 -> 107.72439
A18: B | B18: Férias e Adicional de férias | E18: 0.121 | H18: =E18*E12 -> 156.47841
A19: TOTAL | H19: =SUM(H17:J18) -> 264.2028
A20: C | B20: Incidências dos encargos do submódulo 2.2 sobre o 13º salário, férias e adicional de férias | E20: 0.0782 | H20: =E12*E20 -> 101.12902
A21: SUBMÓDULO 2.2 - ENCARGOS PREVIDENCIÁRIOS (GPS), FUNDO DE GARANTIA POR TEMPO DE SERVIÇO (FGTS) E OUTRAS CONTRIBUIÇÕES *
A22: A | C22: INSS | E22: 0.2 | H22: =E22*(E12+H19) -> 311.48256
A23: B | C23: Salário Educação | E23: 0.025 | H23: =E23*(E12+H19) -> 38.93532
A24: C | C24: SAT | E24: 0.03 | H24: =E24*(E12+H19) -> 46.722384
A25: D | C25: SESC ou SESI | E25: 0.015 | H25: =E25*(E12+H19) -> 23.361192
A26: E | C26: SENAI - SENAC | E26: 0.01 | H26: =E26*(E12+H19) -> 15.574128
A27: F | C27: SEBRAE | E27: 0.006 | H27: =E27*(E12+H19) -> 9.3444768
A28: G | C28: INCRA | E28: 0.002 | H28: =E28*(E12+H19) -> 3.1148256
A29: H | C29: FGTS | E29: 0.08 | H29: =E29*(E12+H19) -> 124.59302
A30: TOTAL | E30: =SUM(E22:G29) -> 0.368 | H30: =SUM(H22:J29) -> 573.12791
A31: SUBMÓDULO 2.3 - BENEFÍCIOS MENSAIS E DIÁRIOS **
A32: A | C32: Transporte | H32: =(3.9*2*25.5)-6%*E6 -> 121.3074
A33: B | C33: Auxílio-Refeição/Alimentação | H33: =(13.13*25.5) -> 334.815
A34: C | C34: Cesta Basica/Natal/Férias | H34: 204.21
A35: D | C35: Outros (especificar) | H35: 25.95
A36: TOTAL | H36: =SUM(H32:J35) -> 686.2824
A37: TOTAL DO MÓDULO 2 | E37: =H19+H30+H36 -> 1523.6131
A39: MÓDULO 3 - PROVISÃO PARA RESCISÃO - PAGAMENTO POR FATO GERADOR
A40: A | C40: Aviso-prévio indenizado | H40: =E12/12*5% -> 5.388375
A41: B | C41: Incidência do FGTS sobre aviso-prévio indenizado | H41: =H40*8% -> 0.43107
A42: C | C42: Multa sobre FGTS e contribuições sociais sobre aviso-prévio indenizado | H42: =E42*E12 -> 0
A43: D | C43: Aviso-prévio trabalhado | H43: =E12/30/12*7*100% -> 25.14575
A44: E | C44: Incidência de GPS, FGTS e outras constribuições sobre o aviso-prévio trabalhado *** | H44: =H43*39.8% -> 10.008008
A45: F | C45: Multa sobre FGTS e contribuições sociais sobre aviso-prévio indenizado | H45: =E12*5% -> 64.6605
A46: TOTAL MODULO 3 | H46: =SUM(H40:J45) -> 105.6337
A48: MÓDULO 4 - CUSTO DE REPOSIÇÃO DE PROFISSIONAL AUSENTE PAGAMENTO POR FATO GERADOR
A49: A | C49: Substituto na cobertura de férias | H49: =E20/12*5% -> 0.00032583333
A50: B | C50: Substituto na cobertura de ausencias legais | H50: =E12/30/12 -> 3.59225
A51: C | C51: Substituto na cobertura de licença-paternidade | H51: =E12/30/12*5*1.5% -> 0.26941875
A52: D | C52: Substituto na cobertura de Ausencia por acidente de trabalho | H52: =E12/30/12*15*8% -> 4.3107
A53: E | C53: Substituto na cobertura de Afastamento Maternidade | H53: =E20*5% -> 0.00391
A54: F | C54: Substituto na cobertura de outras ocorrencias (especificar) | H54: =E12/30/12*5*40% -> 7.1845
A55: G | C55: Incidência dos encargos do submódulo 2.2 sobre as ausências legais | H55: =SUM(H49:J54)*39.8% -> 6.1137196
A56: TOTAL | H56: =SUM(H49:J55) -> 21.474824
A57: SUBMÓDULO 4.1 - AFASTAMENTO MATERNIDADE - PAGAMENTO POR FATO GERADOR
A58: A | C58: Férias acrescidas de 1/3 pagas ao substituto pelos 120d de reposição | H58: =((((E12+(E12/3))*0.3333)/12)*2%) -> 0.95783754
A59: B | C59: Incidência dos encargos do Submódulo 2.2 sobre as férias acrescidas de 1/3 pagas ao substituto pelos 120d de reposição | H59: =H58*39.8% -> 0.38121934
A60: C | C60: Incidência dos encargos do Submódulo 2.2 sobre a remuneração e o 13º salário proporcionais aos 120d de reposição | H60: =(((E12+H17)*0.333)*2%)*39.8% -> 3.7134288
A61: D | C61: Outros
A62: TOTAL | H62: =SUM(H58:J61) -> 5.0524857
A63: SUBMÓDULO 4.2 -SUBSTITUTO NA INTRAJORNADA - PAGAMENTO POR FATO GERADOR
A64: A | C64: Substituto na cobertura de intervalo para repouso ou alimentação | H64: =((((E18+(E18/3))*0.3333)/12)*2%) -> 8.9620667e-05
A65: B | C65: Incidência dos encargos do Submódulo 2.2 sobre o intervalo para repouso e alimentação | H65: =H64*39.8% -> 3.5669025e-05
A66: TOTAL | H66: =SUM(H64:J65) -> 0.00012528969
A67: TOTAL DO MÓDULO 4 | E67: =H66+H62+H56 -> 26.527435
A69: MÓDULO 5 - INSUMOS DIVERSOS
A70: A | C70: Uniformes | H70: 300
A71: B | C71: Materiais | H71: 5
A72: C | C72: Equipamentos | H72: 43.5
A73: D | C73: Outros (especificar) | H73: 25
A74: TOTAL MODULO 5 | H74: =SUM(H70:J73) -> 373.5
A76: MÓDULO 6 - CUSTOS INDIRETOS, TRIBUTOS E LUCRO ****
A77: A | C77: Custos indiretos | E77: 0.07 | H77: =(H74+E67+H46+E37+E12)*E77 -> 232.5739
A78: B | C78: Lucro | E78: 0.075774185 | H78: =E78*(H74+E67+H46+E37+E12) -> 251.75854
A79: C | C79: Tributos | E79: 0.8575 | H79: =(H74+E67+H46+E37+E12)/E79 -> 3874.6172
A80: D | C80: Tributos Federais (PIS) | E80: 0.0165 | H80: =E80*H87 -> 54.55098
A81: D | C81: Tributos Federais (COFINS) | E81: 0.076 | H81: =E81*H87 -> 251.26512
A82: E | C82: Tributos Estaduais (ICMS)
A83: F | C83: Tributos Estaduais (ISS) | E83: 0.05 | H83: =E83*H87 -> 165.306
A84: TOTAL MODULO 6 | H84: =H77+H78+H80+H81+H83 -> 955.45453
A86: CUSTO TOTAL POR EMPREGADO | H86: =SUM(H84+H74+E67+H46+E37+E12) -> 4277.9388
H87: 3306.12

Sheet JARDINEIRO
A1: ANEXO I - PLANILHA DE VALORES E CUSTOS DOS POSTOS
A2: CARGO | D2: JARDINEIRO 44 HORAS SEMANAIS
A4: MÓDULO 1 - COMPOSIÇÃO DA REMUNERAÇÃO *
A5: * Valor mensal devido ao empregado pela prestação do serviço no período de 12 meses
A6: A | B6: Salário-base | E6: 1504.26
A7: B | B7: Adicional de Periculosidade
A8: C | B8: Adicional Noturno
A9: D | B9: Adicional de Hora Noturna Reduzida
A10: E | B10: Outros (especificar)
A11: F | B11: Adicional de Insalubridade (Ver grau de ins. 10%, 20% ou 40% Sobre o salário mínimo)
A12: TOTAL MODULO 1 | E12: =SUM(E6:J11) -> 1504.26
A13: Incidência dos encargos do Submódulo 2.2 sobre a composição da remuneração | E13: =E12*E30 -> 553.56768
A15: MÓDULO 2 - ENCARGOS E BENEFÍCIOS ANUAIS, MENSAIS E DIÁRIOS
A16: SUBMÓDULO 2.1 - 13º SALÁRIO, FÉRIAS E ADICIONAL DE FÉRIAS - PAGAMENTO POR FATO GERADOR
A17: A | B17: 13º Salário | E17: 0.0833 | H17: =E17*E12 -> 125.30486
A18: B | B18: Férias e Adicional de férias | E18: 0.121 | H18: =E18*E12 -> 182.01546
A19: TOTAL | H19: =SUM(H17:J18) -> 307.32032
A20: C | B20: Incidências dos encargos do submódulo 2.2 sobre o 13º salário, férias e adicional de férias | E20: 0.0782 | H20: =E12*E20 -> 117.63313
A21: SUBMÓDULO 2.2 - ENCARGOS PREVIDENCIÁRIOS (GPS), FUNDO DE GARANTIA POR TEMPO DE SERVIÇO (FGTS) E OUTRAS CONTRIBUIÇÕES *
A22: A | C22: INSS | E22: 0.2 | H22: =E22*(E12+H19) -> 362.31606
A23: B | C23: Salário Educação | E23: 0.025 | H23: =E23*(E12+H19) -> 45.289508
A24: C | C24: SAT | E24: 0.03 | H24: =E24*(E12+H19) -> 54.34741
A25: D | C25: SESC ou SESI | E25: 0.015 | H25: =E25*(E12+H19) -> 27.173705
A26: E | C26: SENAI - SENAC | E26: 0.01 | H26: =E26*(E12+H19) -> 18.115803
A27: F | C27: SEBRAE | E27: 0.006 | H27: =E27*(E12+H19) -> 10.869482
A28: G | C28: INCRA | E28: 0.002 | H28: =E28*(E12+H19) -> 3.6231606
A29: H | C29: FGTS | E29: 0.08 | H29: =E29*(E12+H19) -> 144.92643
A30: TOTAL | E30: =SUM(E22:G29) -> 0.368 | H30: =SUM(H22:J29) -> 666.66156
A31: SUBMÓDULO 2.3 - BENEFÍCIOS MENSAIS E DIÁRIOS **
A32: A | C32: Transporte | H32: =(3.9*2*25.5)-6%*E6 -> 108.6444
A33: B | C33: Auxílio-Refeição/Alimentação | H33: =(21.63*25.5)-20% -> 551.365
A34: C | C34: Assistência médica e familiar | H34: 36.57
A35: D | C35: Outros (especificar) | H35: 25.95
A36: TOTAL | H36: =SUM(H32:J35) -> 722.5294
A37: TOTAL DO MÓDULO 2 | E37: =H19+H30+H36 -> 1696.5113
A39: MÓDULO 3 - PROVISÃO PARA RESCISÃO - PAGAMENTO POR FATO GERADOR
A40: A | C40: Aviso-prévio indenizado | H40: =E12/12*5% -> 6.26775
A41: B | C41: Incidência do FGTS sobre aviso-prévio indenizado | H41: =H40*8% -> 0.50142
A42: C | C42: Multa sobre FGTS e contribuições sociais sobre aviso-prévio indenizado | H42: =E42*E12 -> 0
A43: D | C43: Aviso-prévio trabalhado | H43: =E12/30/12*7*100% -> 29.2495
A44: E | C44: Incidência de GPS, FGTS e outras constribuições sobre o aviso-prévio trabalhado *** | H44: =H43*39.8% -> 11.641301
A45: F | C45: Multa sobre FGTS e contribuições sociais sobre aviso-prévio indenizado | H45: =E12*5% -> 75.213
A46: TOTAL MODULO 3 | H46: =SUM(H40:J45) -> 122.87297
A48: MÓDULO 4 - CUSTO DE REPOSIÇÃO DE PROFISSIONAL AUSENTE - PAGAMENTO POR FATO GERADOR
A49: A | C49: Substituto na cobertura de férias | H49: =E20/12*5% -> 0.00032583333
A50: B | C50: Substituto na cobertura de ausencias legais | H50: =E12/30/12 -> 4.1785
A51: C | C51: Substituto na cobertura de licença-paternidade | H51: =E12/30/12*5*1.5% -> 0.3133875
A52: D | C52: Substituto na cobertura de Ausencia por acidente de trabalho | H52: =E12/30/12*15*8% -> 5.0142
A53: E | C53: Substituto na cobertura de Afastamento Maternidade | H53: =E20*5% -> 0.00391
A54: F | C54: Substituto na cobertura de outras ocorrencias (especificar) | H54: =E12/30/12*5*40% -> 8.357
A55: G | C55: Incidência dos encargos do submódulo 2.2 sobre as ausências legais | H55: =SUM(H49:J54)*39.8% -> 7.1111947
A56: TOTAL | H56: =SUM(H49:J55) -> 24.978518
A57: SUBMÓDULO 4.1 - AFASTAMENTO MATERNIDADE - PAGAMENTO POR FATO GERADOR
A58: A | C58: Férias acrescidas de 1/3 pagas ao substituto pelos 120d de reposição | H58: =((((E12+(E12/3))*0.3333)/12)*2%) -> 1.1141552
A59: B | C59: Incidência dos encargos do Submódulo 2.2 sobre as férias acrescidas de 1/3 pagas ao substituto pelos 120d de reposição | H59: =H58*39.8% -> 0.44343379
A60: C | C60: Incidência dos encargos do Submódulo 2.2 sobre a remuneração e o 13º salário proporcionais aos 120d de reposição | H60: =(((E12+H17)*0.333)*2%)*39.8% -> 4.319455
A61: D | C61: Outros
A62: TOTAL | H62: =SUM(H58:J61) -> 5.877044
A63: SUBMÓDULO 4.2 -SUBSTITUTO NA INTRAJORNADA - PAGAMENTO POR FATO GERADOR
A64: A | C64: Substituto na cobertura de intervalo para repouso ou alimentação | H64: =((((E18+(E18/3))*0.3333)/12)*2%) -> 8.9620667e-05
A65: B | C65: Incidência dos encargos do Submódulo 2.2 sobre o intervalo para repouso e alimentação | H65: =H64*39.8% -> 3.5669025e-05
A66: TOTAL | H66: =SUM(H64:J65) -> 0.00012528969
A67: TOTAL DO MÓDULO 4 | E67: =H66+H62+H56 -> 30.855687
A69: MÓDULO 5 - INSUMOS DIVERSOS
A70: A | C70: Uniformes | H70: 300
A71: B | C71: Materiais | H71: 5
A72: C | C72: Equipamentos | H72: 43.5
A73: D | C73: Outros (especificar) | H73: 5
A74: TOTAL MODULO 5 | H74: =SUM(H70:J73) -> 353.5
A76: MÓDULO 6 - CUSTOS INDIRETOS, TRIBUTOS E LUCRO ****
A77: A | C77: Custos indiretos | E77: 0.07 | H77: =(H74+E67+H46+E37+E12)*E77 -> 259.56
A78: B | C78: Lucro | E78: 0.075774185 | H78: =E78*(H74+E67+H46+E37+E12) -> 280.97067
A79: C | C79: Tributos | E79: 0.8575 | H79: =(H74+E67+H46+E37+E12)/E79 -> 4324.1982
A80: D | C80: Tributos Federais (PIS) | E80: 0.0165 | H80: =E80*H87 -> 54.55098
A81: D | C81: Tributos Federais (COFINS) | E81: 0.076 | H81: =E81*H87 -> 251.26512
A82: E | C82: Tributos Estaduais (ICMS)
A83: F | C83: Tributos Estaduais (ISS) | E83: 0.05 | H83: =E83*H87 -> 165.306
A84: TOTAL MODULO 6 | H84: =H77+H78+H80+H81+H83 -> 1011.6528
A86: CUSTO TOTAL POR EMPREGADO | H86: =SUM(H84+H74+E67+H46+E37+E12) -> 4719.6527
H87: 3306.12

Sheet CONTINUO
A1: ANEXO I - PLANILHA DE VALORES E CUSTOS DOS POSTOS
A2: CARGO | D2: CONTÍNUO / OFFICE BOY - 44 HORAS SEMANAIS
A4: MÓDULO 1 - COMPOSIÇÃO DA REMUNERAÇÃO *
A5: * Valor mensal devido ao empregado pela prestação do serviço no período de 12 meses
A6: A | B6: Salário-base | E6: 1137.23
A7: B | B7: Adicional de Periculosidade
A8: C | B8: Adicional Noturno
A9: D | B9: Adicional de Hora Noturna Reduzida
A10: E | B10: Outros (especificar)
A11: F | B11: Adicional de Insalubridade (Ver grau de ins. 10%, 20% ou 40% Sobre o salário mínimo)
A12: TOTAL MODULO 1 | E12: =SUM(E6:J11) -> 1137.23
A13: Incidência dos encargos do Submódulo 2.2 sobre a composição da remuneração | E13: =E12*E30 -> 418.50064
A15: MÓDULO 2 - ENCARGOS E BENEFÍCIOS ANUAIS, MENSAIS E DIÁRIOS
A16: SUBMÓDULO 2.1 - 13º SALÁRIO, FÉRIAS E ADICIONAL DE FÉRIAS PAGAMENTO POR FATO GERADOR
A17: A | B17: 13º Salário | E17: 0.0833 | H17: =E17*E12 -> 94.731259
A18: B | B18: Férias e Adicional de férias | E18: 0.121 | H18: =E18*E12 -> 137.60483
A19: TOTAL | H19: =SUM(H17:J18) -> 232.33609
A20: C | B20: Incidências dos encargos do submódulo 2.2 sobre o 13º salário, férias e adicional de férias | E20: 0.0782 | H20: =E12*E20 -> 88.931386
A21: SUBMÓDULO 2.2 - ENCARGOS PREVIDENCIÁRIOS (GPS), FUNDO DE GARANTIA POR TEMPO DE SERVIÇO (FGTS) E OUTRAS CONTRIBUIÇÕES *
A22: A | C22: INSS | E22: 0.2 | H22: =E22*(E12+H19) -> 273.91322
A23: B | C23: Salário Educação | E23: 0.025 | H23: =E23*(E12+H19) -> 34.239152
A24: C | C24: SAT | E24: 0.03 | H24: =E24*(E12+H19) -> 41.086983
A25: D | C25: SESC ou SESI | E25: 0.015 | H25: =E25*(E12+H19) -> 20.543491
A26: E | C26: SENAI - SENAC | E26: 0.01 | H26: =E26*(E12+H19) -> 13.695661
A27: F | C27: SEBRAE | E27: 0.006 | H27: =E27*(E12+H19) -> 8.2173965
A28: G | C28: INCRA | E28: 0.002 | H28: =E28*(E12+H19) -> 2.7391322
A29: H | C29: FGTS | E29: 0.08 | H29: =E29*(E12+H19) -> 109.56529
A30: TOTAL | E30: =SUM(E22:G29) -> 0.368 | H30: =SUM(H22:J29) -> 504.00032
A31: SUBMÓDULO 2.3 - BENEFÍCIOS MENSAIS E DIÁRIOS **
A32: A | C32: Transporte | H32: =(3.9*2*25.5)-6%*E6 -> 130.6662
A33: B | C33: Auxílio-Refeição/Alimentação | H33: =(21.63*25.5)-20% -> 551.365
A34: C | C34: Assistência médica e familiar | H34: 36.57
A35: D | C35: Outros (especificar) | H35: 25.95
A36: TOTAL | H36: =SUM(H32:J35) -> 744.5512
A37: TOTAL DO MÓDULO 2 | E37: =H19+H30+H36 -> 1480.8876
A39: MÓDULO 3 - PROVISÃO PARA RESCISÃO -PAGAMENTO POR FATO GERADOR
A40: A | C40: Aviso-prévio indenizado | H40: =E12/12*5% -> 4.7384583
A41: B | C41: Incidência do FGTS sobre aviso-prévio indenizado | H41: =H40*8% -> 0.37907667
A42: C | C42: Multa sobre FGTS e contribuições sociais sobre aviso-prévio indenizado | H42: =E42*E12 -> 0
A43: D | C43: Aviso-prévio trabalhado | H43: =E12/30/12*7*100% -> 22.112806
A44: E | C44: Incidência de GPS, FGTS e outras constribuições sobre o aviso-prévio trabalhado *** | H44: =H43*39.8% -> 8.8008966
A45: F | C45: Multa sobre FGTS e contribuições sociais sobre aviso-prévio indenizado | H45: =E12*5% -> 56.8615
A46: TOTAL MODULO 3 | H46: =SUM(H40:J45) -> 92.892737
A48: MÓDULO 4 - CUSTO DE REPOSIÇÃO DE PROFISSIONAL AUSENTE PAGAMENTO POR FATO GERADOR
A49: A | C49: Substituto na cobertura de férias | H49: =E20/12*5% -> 0.00032583333
A50: B | C50: Substituto na cobertura de ausencias legais | H50: =E12/30/12 -> 3.1589722
A51: C | C51: Substituto na cobertura de licença-paternidade | H51: =E12/30/12*5*1.5% -> 0.23692292
A52: D | C52: Substituto na cobertura de Ausencia por acidente de trabalho | H52: =E12/30/12*15*8% -> 3.7907667
A53: E | C53: Substituto na cobertura de Afastamento Maternidade | H53: =E20*5% -> 0.00391
A54: F | C54: Substituto na cobertura de outras ocorrencias (especificar) | H54: =E12/30/12*5*40% -> 6.3179444
A55: G | C55: Incidência dos encargos do submódulo 2.2 sobre as ausências legais | H55: =SUM(H49:J54)*39.8% -> 5.3765191
A56: TOTAL | H56: =SUM(H49:J55) -> 18.885361
A57: SUBMÓDULO 4.1 - AFASTAMENTO MATERNIDADE PAGAMENTO POR FATO GERADOR
A58: A | C58: Férias acrescidas de 1/3 pagas ao substituto pelos 120d de reposição | H58: =((((E12+(E12/3))*0.3333)/12)*2%) -> 0.84230835
A59: B | C59: Incidência dos encargos do Submódulo 2.2 sobre as férias acrescidas de 1/3 pagas ao substituto pelos 120d de reposição | H59: =H58*39.8% -> 0.33523872
A60: C | C60: Incidência dos encargos do Submódulo 2.2 sobre a remuneração e o 13º salário proporcionais aos 120d de reposição | H60: =(((E12+H17)*0.333)*2%)*39.8% -> 3.2655351
A61: D | C61: Outros
A62: TOTAL | H62: =SUM(H58:J61) -> 4.4430821
A63: SUBMÓDULO 4.2 -SUBSTITUTO NA INTRAJORNADA PAGAMENTO POR FATO GERADOR
A64: A | C64: Substituto na cobertura de intervalo para repouso ou alimentação | H64: =((((E18+(E18/3))*0.3333)/12)*2%) -> 8.9620667e-05
A65: B | C65: Incidência dos encargos do Submódulo 2.2 sobre o intervalo para repouso e alimentação | H65: =H64*39.8% -> 3.5669025e-05
A66: TOTAL | H66: =SUM(H64:J65) -> 0.00012528969
A67: TOTAL DO MÓDULO 4 | E67: =H66+H62+H56 -> 23.328569
A69: MÓDULO 5 - INSUMOS DIVERSOS
A70: A | C70: Uniformes | H70: 200
A71: B | C71: Materiais
A72: C | C72: Equipamentos | H72: 15
A73: D | C73: Outros (especificar) | H73: 4.5
A74: TOTAL MODULO 5 | H74: =SUM(H70:J73) -> 219.5
A76: MÓDULO 6 - CUSTOS INDIRETOS, TRIBUTOS E LUCRO ****
A77: A | C77: Custos indiretos | E77: 0.07 | H77: =(H74+E67+H46+E37+E12)*E77 -> 206.76872
A78: B | C78: Lucro | E78: 0.099999049 | H78: =E78*(H74+E67+H46+E37+E12) -> 295.38108
A79: C | C79: Tributos | E79: 0.8575 | H79: =(H74+E67+H46+E37+E12)/E79 -> 3444.7101
A80: D | C80: Tributos Federais (PIS) | E80: 0.0165 | H80: =E80*D88 -> 60.44676
A81: D | C81: Tributos Federais (COFINS) | E81: 0.076 | H81: =E81*D88 -> 278.42144
A82: E | C82: Tributos Estaduais (ICMS)
A83: F | C83: Tributos Estaduais (ISS) | E83: 0.05 | H83: =E83*D88 -> 183.172
A84: TOTAL MODULO 6 | H84: =H77+H78+H80+H81+H83 -> 1024.19
A86: CUSTO TOTAL POR EMPREGADO | H86: =SUM(H84+H74+E67+H46+E37+E12) -> 3978.0289
D88: 3663.44

Sheet TECNICO RX
A1: ANEXO I - PLANILHA DE VALORES E CUSTOS DOS POSTOS
A2: CARGO | D2: TÉCNICO EM RADIOLOGIA / RX - 44 HORAS SEMANAIS
A4: MÓDULO 1 - COMPOSIÇÃO DA REMUNERAÇÃO *
A5: * Valor mensal devido ao empregado pela prestação do serviço no período de 12 meses
A6: A | B6: Salário-base | E6: 1691
A7: B | B7: Adicional de Periculosidade
A8: C | B8: Adicional Noturno
A9: D | B9: Adicional de Hora Noturna Reduzida
A10: E | B10: Outros (especificar)
A11: F | B11: Adicional de Insalubridade 40% | E11: =E6*40% -> 676.4
A12: TOTAL MODULO 1 | E12: =SUM(E6:J11) -> 2367.4
A13: Incidência dos encargos do Submódulo 2.2 sobre a composição da remuneração | E13: =E12*E30 -> 871.2032
A15: MÓDULO 2 - ENCARGOS E BENEFÍCIOS ANUAIS, MENSAIS E DIÁRIOS
A16: SUBMÓDULO 2.1 - 13º SALÁRIO, FÉRIAS E ADICIONAL DE FÉRIAS PAGAMENTO POR FATO GERADOR
A17: A | B17: 13º Salário | E17: 0.0833 | H17: =E17*E12 -> 197.20442
A18: B | B18: Férias e Adicional de férias | E18: 0.121 | H18: =E18*E12 -> 286.4554
A19: TOTAL | H19: =SUM(H17:J18) -> 483.65982
A20: C | B20: Incidências dos encargos do submódulo 2.2 sobre o 13º salário, férias e adicional de férias | E20: 0.0782 | H20: =E12*E20 -> 185.13068
A21: SUBMÓDULO 2.2 - ENCARGOS PREVIDENCIÁRIOS (GPS), FUNDO DE GARANTIA POR TEMPO DE SERVIÇO (FGTS) E OUTRAS CONTRIBUIÇÕES *
A22: A | C22: INSS | E22: 0.2 | H22: =E22*(E12+H19) -> 570.21196
A23: B | C23: Salário Educação | E23: 0.025 | H23: =E23*(E12+H19) -> 71.276495
A24: C | C24: SAT | E24: 0.03 | H24: =E24*(E12+H19) -> 85.531795
A25: D | C25: SESC ou SESI | E25: 0.015 | H25: =E25*(E12+H19) -> 42.765897
A26: E | C26: SENAI - SENAC | E26: 0.01 | H26: =E26*(E12+H19) -> 28.510598
A27: F | C27: SEBRAE | E27: 0.006 | H27: =E27*(E12+H19) -> 17.106359
A28: G | C28: INCRA | E28: 0.002 | H28: =E28*(E12+H19) -> 5.7021196
A29: H | C29: FGTS | E29: 0.08 | H29: =E29*(E12+H19) -> 228.08479
A30: TOTAL | E30: =SUM(E22:G29) -> 0.368 | H30: =SUM(H22:J29) -> 1049.19
A31: SUBMÓDULO 2.3 - BENEFÍCIOS MENSAIS E DIÁRIOS **
A32: A | C32: Transporte | H32: 0
A33: B | C33: Auxílio-Refeição/Alimentação | H33: =0 -> 0
A34: C | C34: Assistência médica e familiar | H34: 0
A35: D | C35: Outros (especificar) | H35: 25.95
A36: TOTAL | H36: =SUM(H32:J35) -> 25.95
A37: TOTAL DO MÓDULO 2 | E37: =H19+H30+H36 -> 1558.7998
A39: MÓDULO 3 - PROVISÃO PARA RESCISÃO -PAGAMENTO POR FATO GERADOR
A40: A | C40: Aviso-prévio indenizado | H40: =E12/12*5% -> 9.8641667
A41: B | C41: Incidência do FGTS sobre aviso-prévio indenizado | H41: =H40*8% -> 0.78913333
A42: C | C42: Multa sobre FGTS e contribuições sociais sobre aviso-prévio indenizado | H42: =E42*E12 -> 0
A43: D | C43: Aviso-prévio trabalhado | H43: =E12/30/12*7*100% -> 46.032778
A44: E | C44: Incidência de GPS, FGTS e outras constribuições sobre o aviso-prévio trabalhado *** | H44: =H43*39.8% -> 18.321046
A45: F | C45: Multa sobre FGTS e contribuições sociais sobre aviso-prévio indenizado | H45: =E12*5% -> 118.37
A46: TOTAL MODULO 3 | H46: =SUM(H40:J45) -> 193.37712
A48: MÓDULO 4 - CUSTO DE REPOSIÇÃO DE PROFISSIONAL AUSENTE PAGAMENTO POR FATO GERADOR
A49: A | C49: Substituto na cobertura de férias | H49: =E20/12*5% -> 0.00032583333
A50: B | C50: Substituto na cobertura de ausencias legais | H50: =E12/30/12 -> 6.5761111
A51: C | C51: Substituto na cobertura de licença-paternidade | H51: =E12/30/12*5*1.5% -> 0.49320833
A52: D | C52: Substituto na cobertura de Ausencia por acidente de trabalho | H52: =E12/30/12*15*8% -> 7.8913333
A53: E | C53: Substituto na cobertura de Afastamento Maternidade | H53: =E20*5% -> 0.00391
A54: F | C54: Substituto na cobertura de outras ocorrencias (especificar) | H54: =E12/30/12*5*40% -> 13.152222
A55: G | C55: Incidência dos encargos do submódulo 2.2 sobre as ausências legais | H55: =SUM(H49:J54)*39.8% -> 11.19061
A56: TOTAL | H56: =SUM(H49:J55) -> 39.307721
A57: SUBMÓDULO 4.1 - AFASTAMENTO MATERNIDADE PAGAMENTO POR FATO GERADOR
A58: A | C58: Férias acrescidas de 1/3 pagas ao substituto pelos 120d de reposição | H58: =((((E12+(E12/3))*0.3333)/12)*2%) -> 1.7534543
A59: B | C59: Incidência dos encargos do Submódulo 2.2 sobre as férias acrescidas de 1/3 pagas ao substituto pelos 120d de reposição | H59: =H58*39.8% -> 0.6978748
A60: C | C60: Incidência dos encargos do Submódulo 2.2 sobre a remuneração e o 13º salário proporcionais aos 120d de reposição | H60: =(((E12+H17)*0.333)*2%)*39.8% -> 6.7979456
A61: D | C61: Outros
A62: TOTAL | H62: =SUM(H58:J61) -> 9.2492747
A63: SUBMÓDULO 4.2 -SUBSTITUTO NA INTRAJORNADA PAGAMENTO POR FATO GERADOR
A64: A | C64: Substituto na cobertura de intervalo para repouso ou alimentação | H64: =((((E18+(E18/3))*0.3333)/12)*2%) -> 8.9620667e-05
A65: B | C65: Incidência dos encargos do Submódulo 2.2 sobre o intervalo para repouso e alimentação | H65: =H64*39.8% -> 3.5669025e-05
A66: TOTAL | H66: =SUM(H64:J65) -> 0.00012528969
A67: TOTAL DO MÓDULO 4 | E67: =H66+H62+H56 -> 48.557121
A69: MÓDULO 5 - INSUMOS DIVERSOS
A70: A | C70: Uniformes | H70: 45
A71: B | C71: Materiais
A72: C | C72: Equipamentos | H72: 150
A73: D | C73: Outros (especificar) | H73: 6.5
A74: TOTAL MODULO 5 | H74: =SUM(H70:J73) -> 201.5
A76: MÓDULO 6 - CUSTOS INDIRETOS, TRIBUTOS E LUCRO ****
A77: A | C77: Custos indiretos | E77: 0.07 | H77: =(H74+E67+H46+E37+E12)*E77 -> 305.87439
A78: B | C78: Lucro | E78: 0.099999049 | H78: =E78*(H74+E67+H46+E37+E12) -> 436.95925
A79: C | C79: Tributos | E79: 0.8575 | H79: =(H74+E67+H46+E37+E12)/E79 -> 5095.7832
A80: D | C80: Tributos Federais (PIS) | E80: 0.0165 | H80: =E80*D88 -> 60.44676
A81: D | C81: Tributos Federais (COFINS) | E81: 0.076 | H81: =E81*D88 -> 278.42144
A82: E | C82: Tributos Estaduais (ICMS)
A83: F | C83: Tributos Estaduais (ISS) | E83: 0.05 | H83: =E83*D88 -> 183.172
A84: TOTAL MODULO 6 | H84: =H77+H78+H80+H81+H83 -> 1264.8738
A86: CUSTO TOTAL POR EMPREGADO | H86: =SUM(H84+H74+E67+H46+E37+E12) -> 5634.5079
D88: 3663.44

Sheet TECNICO RX NOITE
A1: ANEXO I - PLANILHA DE VALORES E CUSTOS DOS POSTOS
A2: CARGO | D2: TÉCNICO EM RADIOLOGIA / RX - NOTURNO
A4: MÓDULO 1 - COMPOSIÇÃO DA REMUNERAÇÃO *
A5: * Valor mensal devido ao empregado pela prestação do serviço no período de 12 meses
A6: A | B6: Salário-base | E6: 1691
A7: B | B7: Adicional de Periculosidade
A8: C | B8: Adicional Noturno | E8: =((((E6+E11)/220)*50%)*9)*8 -> 387.39273
A9: D | B9: Adicional de Hora Noturna Reduzida
A10: E | B10: Outros (especificar)
A11: F | B11: Adicional de Insalubridade 40% | E11: =E6*40% -> 676.4
A12: TOTAL MODULO 1 | E12: =SUM(E6:J11) -> 2754.7927
A13: Incidência dos encargos do Submódulo 2.2 sobre a composição da remuneração | E13: =E12*E30 -> 1013.7637
A15: MÓDULO 2 - ENCARGOS E BENEFÍCIOS ANUAIS, MENSAIS E DIÁRIOS
A16: SUBMÓDULO 2.1 - 13º SALÁRIO, FÉRIAS E ADICIONAL DE FÉRIAS PAGAMENTO POR FATO GERADOR
A17: A | B17: 13º Salário | E17: 0.0833 | H17: =E17*E12 -> 229.47423
A18: B | B18: Férias e Adicional de férias | E18: 0.121 | H18: =E18*E12 -> 333.32992
A19: TOTAL | H19: =SUM(H17:J18) -> 562.80415
A20: C | B20: Incidências dos encargos do submódulo 2.2 sobre o 13º salário, férias e adicional de férias | E20: 0.0782 | H20: =E12*E20 -> 215.42479
A21: SUBMÓDULO 2.2 - ENCARGOS PREVIDENCIÁRIOS (GPS), FUNDO DE GARANTIA POR TEMPO DE SERVIÇO (FGTS) E OUTRAS CONTRIBUIÇÕES *
A22: A | C22: INSS | E22: 0.2 | H22: =E22*(E12+H19) -> 663.51938
A23: B | C23: Salário Educação | E23: 0.025 | H23: =E23*(E12+H19) -> 82.939922
A24: C | C24: SAT | E24: 0.03 | H24: =E24*(E12+H19) -> 99.527906
A25: D | C25: SESC ou SESI | E25: 0.015 | H25: =E25*(E12+H19) -> 49.763953
A26: E | C26: SENAI - SENAC | E26: 0.01 | H26: =E26*(E12+H19) -> 33.175969
A27: F | C27: SEBRAE | E27: 0.006 | H27: =E27*(E12+H19) -> 19.905581
A28: G | C28: INCRA | E28: 0.002 | H28: =E28*(E12+H19) -> 6.6351938
A29: H | C29: FGTS | E29: 0.08 | H29: =E29*(E12+H19) -> 265.40775
A30: TOTAL | E30: =SUM(E22:G29) -> 0.368 | H30: =SUM(H22:J29) -> 1220.8757
A31: SUBMÓDULO 2.3 - BENEFÍCIOS MENSAIS E DIÁRIOS **
A32: A | C32: Transporte | H32: 0
A33: B | C33: Auxílio-Refeição/Alimentação | H33: =5*8 -> 40
A34: C | C34: Assistência médica e familiar | H34: 0
A35: D | C35: Outros (especificar) | H35: 25.95
A36: TOTAL | H36: =SUM(H32:J35) -> 65.95
A37: TOTAL DO MÓDULO 2 | E37: =H19+H30+H36 -> 1849.6298
A39: MÓDULO 3 - PROVISÃO PARA RESCISÃO -PAGAMENTO POR FATO GERADOR
A40: A | C40: Aviso-prévio indenizado | H40: =E12/12*5% -> 11.478303
A41: B | C41: Incidência do FGTS sobre aviso-prévio indenizado | H41: =H40*8% -> 0.91826424
A42: C | C42: Multa sobre FGTS e contribuições sociais sobre aviso-prévio indenizado | H42: =E42*E12 -> 0
A43: D | C43: Aviso-prévio trabalhado | H43: =E12/30/12*7*100% -> 53.565414
A44: E | C44: Incidência de GPS, FGTS e outras constribuições sobre o aviso-prévio trabalhado *** | H44: =H43*39.8% -> 21.319035
A45: F | C45: Multa sobre FGTS e contribuições sociais sobre aviso-prévio indenizado | H45: =E12*5% -> 137.73964
A46: TOTAL MODULO 3 | H46: =SUM(H40:J45) -> 225.02065
A48: MÓDULO 4 - CUSTO DE REPOSIÇÃO DE PROFISSIONAL AUSENTE PAGAMENTO POR FATO GERADOR
A49: A | C49: Substituto na cobertura de férias | H49: =E20/12*5% -> 0.00032583333
A50: B | C50: Substituto na cobertura de ausencias legais | H50: =E12/30/12 -> 7.652202
A51: C | C51: Substituto na cobertura de licença-paternidade | H51: =E12/30/12*5*1.5% -> 0.57391515
A52: D | C52: Substituto na cobertura de Ausencia por acidente de trabalho | H52: =E12/30/12*15*8% -> 9.1826424
A53: E | C53: Substituto na cobertura de Afastamento Maternidade | H53: =E20*5% -> 0.00391
A54: F | C54: Substituto na cobertura de outras ocorrencias (especificar) | H54: =E12/30/12*5*40% -> 15.304404
A55: G | C55: Incidência dos encargos do submódulo 2.2 sobre as ausências legais | H55: =SUM(H49:J54)*39.8% -> 13.021525
A56: TOTAL | H56: =SUM(H49:J55) -> 45.738924
A57: SUBMÓDULO 4.1 - AFASTAMENTO MATERNIDADE PAGAMENTO POR FATO GERADOR
A58: A | C58: Férias acrescidas de 1/3 pagas ao substituto pelos 120d de reposição | H58: =((((E12+(E12/3))*0.3333)/12)*2%) -> 2.0403831
A59: B | C59: Incidência dos encargos do Submódulo 2.2 sobre as férias acrescidas de 1/3 pagas ao substituto pelos 120d de reposição | H59: =H58*39.8% -> 0.81207249
A60: C | C60: Incidência dos encargos do Submódulo 2.2 sobre a remuneração e o 13º salário proporcionais aos 120d de reposição | H60: =(((E12+H17)*0.333)*2%)*39.8% -> 7.9103367
A61: D | C61: Outros
A62: TOTAL | H62: =SUM(H58:J61) -> 10.762792
A63: SUBMÓDULO 4.2 -SUBSTITUTO NA INTRAJORNADA PAGAMENTO POR FATO GERADOR
A64: A | C64: Substituto na cobertura de intervalo para repouso ou alimentação | H64: =((((E18+(E18/3))*0.3333)/12)*2%) -> 8.9620667e-05
A65: B | C65: Incidência dos encargos do Submódulo 2.2 sobre o intervalo para repouso e alimentação | H65: =H64*39.8% -> 3.5669025e-05
A66: TOTAL | H66: =SUM(H64:J65) -> 0.00012528969
A67: TOTAL DO MÓDULO 4 | E67: =H66+H62+H56 -> 56.501842
A69: MÓDULO 5 - INSUMOS DIVERSOS
A70: A | C70: Uniformes | H70: 45
A71: B | C71: Materiais
A72: C | C72: Equipamentos | H72: 150
A73: D | C73: Outros (especificar) | H73: 6.5
A74: TOTAL MODULO 5 | H74: =SUM(H70:J73) -> 201.5
A76: MÓDULO 6 - CUSTOS INDIRETOS, TRIBUTOS E LUCRO ****
A77: A | C77: Custos indiretos | E77: 0.07 | H77: =(H74+E67+H46+E37+E12)*E77 -> 356.12115
A78: B | C78: Lucro | E78: 0.099999049 | H78: =E78*(H74+E67+H46+E37+E12) -> 508.73967
A79: C | C79: Tributos | E79: 0.8575 | H79: =(H74+E67+H46+E37+E12)/E79 -> 5932.8805
A80: D | C80: Tributos Federais (PIS) | E80: 0.0165 | H80: =E80*D88 -> 60.44676
A81: D | C81: Tributos Federais (COFINS) | E81: 0.076 | H81: =E81*D88 -> 278.42144
A82: E | C82: Tributos Estaduais (ICMS)
A83: F | C83: Tributos Estaduais (ISS) | E83: 0.05 | H83: =E83*D88 -> 183.172
A84: TOTAL MODULO 6 | H84: =H77+H78+H80+H81+H83 -> 1386.901
A86: CUSTO TOTAL POR EMPREGADO | H86: =SUM(H84+H74+E67+H46+E37+E12) -> 6474.346
D88: 3663.44

Sheet TELEFONISTA 
A1: ANEXO I - PLANILHA DE VALORES E CUSTOS DOS POSTOS
A2: CARGO | D2: TELEFONISTA
A4: MÓDULO 1 - COMPOSIÇÃO DA REMUNERAÇÃO *
A5: * Valor mensal devido ao empregado pela prestação do serviço no período de 12 meses
A6: A | B6: Salário-base | E6: 1832.78
A7: B | B7: Adicional de Periculosidade
A8: C | B8: Adicional Noturno
A9: D | B9: Adicional de Hora Noturna Reduzida
A10: E | B10: Outros (especificar)
A11: F | B11: Adicional de Insalubridade (Ver grau de ins. 10%, 20% ou 40% Sobre o salário mínimo)
A12: TOTAL MODULO 1 | E12: =SUM(E6:J11) -> 1832.78
A13: Incidência dos encargos do Submódulo 2.2 sobre a composição da remuneração | E13: =E12*E30 -> 674.46304
A15: MÓDULO 2 - ENCARGOS E BENEFÍCIOS ANUAIS, MENSAIS E DIÁRIOS
A16: SUBMÓDULO 2.1 - 13º SALÁRIO, FÉRIAS E ADICIONAL DE FÉRIAS PAGAMENTO POR FATO GERADOR
A17: A | B17: 13º Salário | E17: 0.0833 | H17: =E17*E12 -> 152.67057
A18: B | B18: Férias e Adicional de férias | E18: 0.121 | H18: =E18*E12 -> 221.76638
A19: TOTAL | H19: =SUM(H17:J18) -> 374.43695
A20: C | B20: Incidências dos encargos do submódulo 2.2 sobre o 13º salário, férias e adicional de férias | E20: 0.0782 | H20: =E12*E20 -> 143.3234
A21: SUBMÓDULO 2.2 - ENCARGOS PREVIDENCIÁRIOS (GPS), FUNDO DE GARANTIA POR TEMPO DE SERVIÇO (FGTS) E OUTRAS CONTRIBUIÇÕES *
A22: A | C22: INSS | E22: 0.2 | H22: =E22*(E12+H19) -> 441.44339
A23: B | C23: Salário Educação | E23: 0.025 | H23: =E23*(E12+H19) -> 55.180424
A24: C | C24: SAT | E24: 0.03 | H24: =E24*(E12+H19) -> 66.216509
A25: D | C25: SESC ou SESI | E25: 0.015 | H25: =E25*(E12+H19) -> 33.108254
A26: E | C26: SENAI - SENAC | E26: 0.01 | H26: =E26*(E12+H19) -> 22.07217
A27: F | C27: SEBRAE | E27: 0.006 | H27: =E27*(E12+H19) -> 13.243302
A28: G | C28: INCRA | E28: 0.002 | H28: =E28*(E12+H19) -> 4.4144339
A29: H | C29: FGTS | E29: 0.08 | H29: =E29*(E12+H19) -> 176.57736
A30: TOTAL | E30: =SUM(E22:G29) -> 0.368 | H30: =SUM(H22:J29) -> 812.25584
A31: SUBMÓDULO 2.3 - BENEFÍCIOS MENSAIS E DIÁRIOS **
A32: A | C32: Transporte | H32: =(3.9*2*25.5)-6%*E6 -> 88.9332
A33: B | C33: Auxílio-Refeição/Alimentação | H33: 0
A34: C | C34: Assistência médica e familiar | H34: 0
A35: D | C35: Outros (especificar) | H35: 25.9
A36: TOTAL | H36: =SUM(H32:J35) -> 114.8332
A37: TOTAL DO MÓDULO 2 | E37: =H19+H30+H36 -> 1301.526
A39: MÓDULO 3 - PROVISÃO PARA RESCISÃO -PAGAMENTO POR FATO GERADOR
A40: A | C40: Aviso-prévio indenizado | H40: =E12/12*5% -> 7.6365833
A41: B | C41: Incidência do FGTS sobre aviso-prévio indenizado | H41: =H40*8% -> 0.61092667
A42: C | C42: Multa sobre FGTS e contribuições sociais sobre aviso-prévio indenizado | H42: =E42*E12 -> 0
A43: D | C43: Aviso-prévio trabalhado | H43: =E12/30/12*7*100% -> 35.637389
A44: E | C44: Incidência de GPS, FGTS e outras constribuições sobre o aviso-prévio trabalhado *** | H44: =H43*39.8% -> 14.183681
A45: F | C45: Multa sobre FGTS e contribuições sociais sobre aviso-prévio indenizado | H45: =E12*5% -> 91.639
A46: TOTAL MODULO 3 | H46: =SUM(H40:J45) -> 149.70758
A48: MÓDULO 4 - CUSTO DE REPOSIÇÃO DE PROFISSIONAL AUSENTE PAGAMENTO POR FATO GERADOR
A49: A | C49: Substituto na cobertura de férias | H49: =E20/12*5% -> 0.00032583333
A50: B | C50: Substituto na cobertura de ausencias legais | H50: =E12/30/12 -> 5.0910556
A51: C | C51: Substituto na cobertura de licença-paternidade | H51: =E12/30/12*5*1.5% -> 0.38182917
A52: D | C52: Substituto na cobertura de Ausencia por acidente de trabalho | H52: =E12/30/12*15*8% -> 6.1092667
A53: E | C53: Substituto na cobertura de Afastamento Maternidade | H53: =E20*5% -> 0.00391
A54: F | C54: Substituto na cobertura de outras ocorrencias (especificar) | H54: =E12/30/12*5*40% -> 10.182111
A55: G | C55: Incidência dos encargos do submódulo 2.2 sobre as ausências legais | H55: =SUM(H49:J54)*39.8% -> 8.6638623
A56: TOTAL | H56: =SUM(H49:J55) -> 30.432361
A57: SUBMÓDULO 4.1 - AFASTAMENTO MATERNIDADE - PAGAMENTO POR FATO GERADOR
A58: A | C58: Férias acrescidas de 1/3 pagas ao substituto pelos 120d de reposição | H58: =((((E12+(E12/3))*0.3333)/12)*2%) -> 1.3574791
A59: B | C59: Incidência dos encargos do Submódulo 2.2 sobre as férias acrescidas de 1/3 pagas ao substituto pelos 120d de reposição | H59: =H58*39.8% -> 0.54027666
A60: C | C60: Incidência dos encargos do Submódulo 2.2 sobre a remuneração e o 13º salário proporcionais aos 120d de reposição | H60: =(((E12+H17)*0.333)*2%)*39.8% -> 5.2627941
A61: D | C61: Outros
A62: TOTAL | H62: =SUM(H58:J61) -> 7.1605498
A63: SUBMÓDULO 4.2 -SUBSTITUTO NA INTRAJORNADA -PAGAMENTO POR FATO GERADOR
A64: A | C64: Substituto na cobertura de intervalo para repouso ou alimentação | H64: =((((E18+(E18/3))*0.3333)/12)*2%) -> 8.9620667e-05
A65: B | C65: Incidência dos encargos do Submódulo 2.2 sobre o intervalo para repouso e alimentação | H65: =H64*39.8% -> 3.5669025e-05
A66: TOTAL | H66: =SUM(H64:J65) -> 0.00012528969
A67: TOTAL DO MÓDULO 4 | E67: =H66+H62+H56 -> 37.593036
A69: MÓDULO 5 - INSUMOS DIVERSOS
A70: A | C70: Uniformes | H70: 200
A71: B | C71: Materiais
A72: C | C72: Equipamentos | H72: 15
A73: D | C73: Outros (especificar) | H73: 4.5
A74: TOTAL MODULO 5 | H74: =SUM(H70:J73) -> 219.5
A76: MÓDULO 6 - CUSTOS INDIRETOS, TRIBUTOS E LUCRO ****
A77: A | C77: Custos indiretos | E77: 0.07 | H77: =(H74+E67+H46+E37+E12)*E77 -> 247.87746
A78: B | C78: Lucro | E78: 0.099999049 | H78: =E78*(H74+E67+H46+E37+E12) -> 354.10729
A79: C | C79: Tributos | E79: 0.8575 | H79: =(H74+E67+H46+E37+E12)/E79 -> 4129.5704
A80: D | C80: Tributos Federais (PIS) | E80: 0.0165 | H80: =E80*D88 -> 60.44676
A81: D | C81: Tributos Federais (COFINS) | E81: 0.076 | H81: =E81*D88 -> 278.42144
A82: E | C82: Tributos Estaduais (ICMS)
A83: F | C83: Tributos Estaduais (ISS) | E83: 0.05 | H83: =E83*D88 -> 183.172
A84: TOTAL MODULO 6 | H84: =H77+H78+H80+H81+H83 -> 1124.025
A86: CUSTO TOTAL POR EMPREGADO | H86: =SUM(H84+H74+E67+H46+E37+E12) -> 4665.1316
D88: 3663.44

Sheet MONITOR DE TRANSPORTES
A1: ANEXO I - PLANILHA DE VALORES E CUSTOS DOS POSTOS
A2: CARGO | D2: MONITOR DE TRANSPORTE
A4: MÓDULO 1 - COMPOSIÇÃO DA REMUNERAÇÃO *
A5: A | B5: Salário-base | E5: 1054
A6: B | B6: Adicional de Periculosidade
A7: C | B7: Adicional Noturno
A8: D | B8: Adicional de Hora Noturna Reduzida
A9: E | B9: Outros (especificar)
A10: F | B10: Adicional de Insalubridade (Ver grau de ins. 10%, 20% ou 40% Sobre o salário mínimo)
A11: TOTAL MODULO 1 | E11: =SUM(E5:J10) -> 1054
A12: Incidência dos encargos do Submódulo 2.2 sobre a composição da remuneração | E12: =E11*E29 -> 387.872
A14: MÓDULO 2 - ENCARGOS E BENEFÍCIOS ANUAIS, MENSAIS E DIÁRIOS
A15: SUBMÓDULO 2.1 - 13º SALÁRIO, FÉRIAS E ADICIONAL DE FÉRIAS PAGAMENTO POR FATO GERADOR
A16: A | B16: 13º Salário | E16: 0.0833 | H16: =E16*E11 -> 87.7982
A17: B | B17: Férias e Adicional de férias | E17: 0.121 | H17: =E17*E11 -> 127.534
A18: TOTAL | H18: =SUM(H16:J17) -> 215.3322
A19: C | B19: Incidências dos encargos do submódulo 2.2 sobre o 13º salário, férias e adicional de férias | E19: 0.0782 | H19: =E11*E19 -> 82.4228
A20: SUBMÓDULO 2.2 - ENCARGOS PREVIDENCIÁRIOS (GPS), FUNDO DE GARANTIA POR TEMPO DE SERVIÇO (FGTS) E OUTRAS CONTRIBUIÇÕES *
A21: A | C21: INSS | E21: 0.2 | H21: =E21*(E11+H18) -> 253.86644
A22: B | C22: Salário Educação | E22: 0.025 | H22: =E22*(E11+H18) -> 31.733305
A23: C | C23: SAT | E23: 0.03 | H23: =E23*(E11+H18) -> 38.079966
A24: D | C24: SESC ou SESI | E24: 0.015 | H24: =E24*(E11+H18) -> 19.039983
A25: E | C25: SENAI - SENAC | E25: 0.01 | H25: =E25*(E11+H18) -> 12.693322
A26: F | C26: SEBRAE | E26: 0.006 | H26: =E26*(E11+H18) -> 7.6159932
A27: G | C27: INCRA | E27: 0.002 | H27: =E27*(E11+H18) -> 2.5386644
A28: H | C28: FGTS | E28: 0.08 | H28: =E28*(E11+H18) -> 101.54658
A29: TOTAL | E29: =SUM(E21:G28) -> 0.368 | H29: =SUM(H21:J28) -> 467.11425
A30: SUBMÓDULO 2.3 - BENEFÍCIOS MENSAIS E DIÁRIOS **
A31: A | C31: Transporte | H31: =(3.9*2*25.5)-6%*E5 -> 135.66
A32: B | C32: Auxílio-Refeição/Alimentação | H32: 326.42
A33: C | C33: Assistência médica e familiar | H33: 35.4
A34: D | C34: Outros (especificar) | H34: 25.95
A35: E | C35: Outros (especificar) | H35: 14.95
A36: TOTAL | H36: =SUM(H31:J35) -> 538.38
A37: TOTAL DO MÓDULO 2 | E37: =H18+H29+H36 -> 1220.8264
A39: MÓDULO 3 - PROVISÃO PARA RESCISÃO - PAGAMENTO POR FATO GERADOR
A40: A | C40: Aviso-prévio indenizado | H40: =E11/12*5% -> 4.3916667
A41: B | C41: Incidência do FGTS sobre aviso-prévio indenizado | H41: =H40*8% -> 0.35133333
A42: C | C42: Multa sobre FGTS e contribuições sociais sobre aviso-prévio indenizado | H42: =E42*E11 -> 0
A43: D | C43: Aviso-prévio trabalhado | H43: =E11/30/12*7*100% -> 20.494444
A44: E | C44: Incidência de GPS, FGTS e outras constribuições sobre o aviso-prévio trabalhado *** | H44: =H43*39.8% -> 8.1567889
A45: F | C45: Multa sobre FGTS e contribuições sociais sobre aviso-prévio indenizado | H45: =E11*5% -> 52.7
A46: TOTAL MODULO 3 | H46: =SUM(H40:J45) -> 86.094233
A48: MÓDULO 4 - CUSTO DE REPOSIÇÃO DE PROFISSIONAL AUSENTE PAGAMENTO POR FATO GERADOR
A49: A | C49: Substituto na cobertura de férias | H49: =E19/12*5% -> 0.00032583333
A50: B | C50: Substituto na cobertura de ausencias legais | H50: =E11/30/12 -> 2.9277778
A51: C | C51: Substituto na cobertura de licença-paternidade | H51: =E11/30/12*5*1.5% -> 0.21958333
A52: D | C52: Substituto na cobertura de Ausencia por acidente de trabalho | H52: =E11/30/12*15*8% -> 3.5133333
A53: E | C53: Substituto na cobertura de Afastamento Maternidade | H53: =E19*5% -> 0.00391
A54: F | C54: Substituto na cobertura de outras ocorrencias (especificar) | H54: =E11/30/12*5*40% -> 5.8555556
A55: G | C55: Incidência dos encargos do submódulo 2.2 sobre as ausências legais | H55: =SUM(H49:J54)*39.8% -> 4.9831534
A56: TOTAL | H56: =SUM(H49:J55) -> 17.503639
A57: SUBMÓDULO 4.1 - AFASTAMENTO MATERNIDADE - PAGAMENTO POR FATO GERADOR
A58: A | C58: Férias acrescidas de 1/3 pagas ao substituto pelos 120d de reposição | H58: =((((E11+(E11/3))*0.3333)/12)*2%) -> 0.78066267
A59: B | C59: Incidência dos encargos do Submódulo 2.2 sobre as férias acrescidas de 1/3 pagas ao substituto pelos 120d de reposição | H59: =H58*39.8% -> 0.31070374
A60: C | C60: Incidência dos encargos do Submódulo 2.2 sobre a remuneração e o 13º salário proporcionais aos 120d de reposição | H60: =(((E11+H16)*0.333)*2%)*39.8% -> 3.0265417
A61: D | C61: Outros
A62: TOTAL | H62: =SUM(H58:J61) -> 4.1179081
A63: SUBMÓDULO 4.2 -SUBSTITUTO NA INTRAJORNADA - PAGAMENTO POR FATO GERADOR
A64: A | C64: Substituto na cobertura de intervalo para repouso ou alimentação | H64: =((((E17+(E17/3))*0.3333)/12)*2%) -> 8.9620667e-05
A65: B | C65: Incidência dos encargos do Submódulo 2.2 sobre o intervalo para repouso e alimentação | H65: =H64*39.8% -> 3.5669025e-05
A66: TOTAL | H66: =SUM(H64:J65) -> 0.00012528969
A67: TOTAL DO MÓDULO 4 | E67: =H66+H62+H56 -> 21.621673
A69: MÓDULO 5 - INSUMOS DIVERSOS
A70: A | C70: Uniformes | H70: 375
A71: B | C71: Materiais | H71: 25
A72: C | C72: Equipamentos | H72: 50
A73: D | C73: Outros (especificar) | H73: 4.5
A74: TOTAL MODULO 5 | H74: =SUM(H70:J73) -> 454.5
A76: MÓDULO 6 - CUSTOS INDIRETOS, TRIBUTOS E LUCRO ****
A77: A | C77: Custos indiretos | E77: 0.07 | H77: =(H74+E67+H46+E37+E11)*E77 -> 198.59296
A78: B | C78: Lucro | E78: 0.075774699 | H78: =E78*(H74+E67+H46+E37+E11) -> 214.97603
A79: C | C79: Tributos | E79: 0.8575 | H79: =(H74+E67+H46+E37+E11)/E79 -> 3308.5042
A80: D | C80: Tributos Federais (PIS) | E80: 0.0165 | H80: =E80*D88 -> 47.67213
A81: D | C81: Tributos Federais (COFINS) | E81: 0.076 | H81: =E81*D88 -> 219.58072
A82: E | C82: Tributos Estaduais (ICMS)
A83: F | C83: Tributos Estaduais (ISS) | E83: 0.05 | H83: =E83*D88 -> 144.461
A84: TOTAL MODULO 6 | H84: =H77+H78+H80+H81+H83 -> 825.28285
A86: CUSTO TOTAL POR EMPREGADO | H86: =SUM(H84+H74+E67+H46+E37+E11) -> 3662.3252
D88: 2889.22

Sheet MOTORISTA DE CAMINHÃO
A1: ANEXO I - PLANILHA DE VALORES E CUSTOS DOS POSTOS
A2: CARGO | D2: MOTORISTA DE CAMINHÃO
A4: MÓDULO 1 - COMPOSIÇÃO DA REMUNERAÇÃO *
A5: * Valor mensal devido ao empregado pela prestação do serviço no período de 12 meses
A6: A | B6: Salário-base | E6: 1865.86
A7: B | B7: Adicional de Periculosidade
A8: C | B8: Adicional Noturno
A9: D | B9: Adicional de Hora Noturna Reduzida
A10: E | B10: Outros (especificar)
A11: F | B11: Adicional de Insalubridade (Ver grau de ins. 10%, 20% ou 40% Sobre o salário mínimo)
A12: TOTAL MODULO 1 | E12: =SUM(E6:J11) -> 1865.86
A13: Incidência dos encargos do Submódulo 2.2 sobre a composição da remuneração | E13: =E12*E30 -> 686.63648
A15: MÓDULO 2 - ENCARGOS E BENEFÍCIOS ANUAIS, MENSAIS E DIÁRIOS
A16: SUBMÓDULO 2.1 - 13º SALÁRIO, FÉRIAS E ADICIONAL DE FÉRIAS PAGAMENTO POR FATO GERADOR
A17: A | B17: 13º Salário | E17: 0.0833 | H17: =E17*E12 -> 155.42614
A18: B | B18: Férias e Adicional de férias | E18: 0.121 | H18: =E18*E12 -> 225.76906
A19: TOTAL | H19: =SUM(H17:J18) -> 381.1952
A20: C | B20: Incidências dos encargos do submódulo 2.2 sobre o 13º salário, férias e adicional de férias | E20: 0.0782 | H20: =E12*E20 -> 145.91025
A21: SUBMÓDULO 2.2 - ENCARGOS PREVIDENCIÁRIOS (GPS), FUNDO DE GARANTIA POR TEMPO DE SERVIÇO (FGTS) E OUTRAS CONTRIBUIÇÕES *
A22: A | C22: INSS | E22: 0.2 | H22: =E22*(E12+H19) -> 449.41104
A23: B | C23: Salário Educação | E23: 0.025 | H23: =E23*(E12+H19) -> 56.17638
A24: C | C24: SAT | E24: 0.03 | H24: =E24*(E12+H19) -> 67.411656
A25: D | C25: SESC ou SESI | E25: 0.015 | H25: =E25*(E12+H19) -> 33.705828
A26: E | C26: SENAI - SENAC | E26: 0.01 | H26: =E26*(E12+H19) -> 22.470552
A27: F | C27: SEBRAE | E27: 0.006 | H27: =E27*(E12+H19) -> 13.482331
A28: G | C28: INCRA | E28: 0.002 | H28: =E28*(E12+H19) -> 4.4941104
A29: H | C29: FGTS | E29: 0.08 | H29: =E29*(E12+H19) -> 179.76442
A30: TOTAL | E30: =SUM(E22:G29) -> 0.368 | H30: =SUM(H22:J29) -> 826.91631
A31: SUBMÓDULO 2.3 - BENEFÍCIOS MENSAIS E DIÁRIOS **
A32: A | C32: Transporte | H32: =(3.9*2*25.5)-6%*E6 -> 86.9484
A33: B | C33: Auxílio-Refeição/Alimentação | H33: =21.63*25.5-20% -> 551.365
A34: C | C34: Assistência médica e familiar | H34: 0
A35: D | C35: Outros (especificar) - | H35: 25.95
A36: TOTAL | H36: =SUM(H32:J35) -> 664.2634
A37: TOTAL DO MÓDULO 2 | E37: =H19+H30+H36 -> 1872.3749
A39: MÓDULO 3 - PROVISÃO PARA RESCISÃO - PAGAMENTO POR FATO GERADOR
A40: A | C40: Aviso-prévio indenizado | H40: =E12/12*5% -> 7.7744167
A41: B | C41: Incidência do FGTS sobre aviso-prévio indenizado | H41: =H40*8% -> 0.62195333
A42: C | C42: Multa sobre FGTS e contribuições sociais sobre aviso-prévio indenizado | H42: =E42*E12 -> 0
A43: D | C43: Aviso-prévio trabalhado | H43: =E12/30/12*7*100% -> 36.280611
A44: E | C44: Incidência de GPS, FGTS e outras constribuições sobre o aviso-prévio trabalhado *** | H44: =H43*39.8% -> 14.439683
A45: F | C45: Multa sobre FGTS e contribuições sociais sobre aviso-prévio indenizado | H45: =E12*5% -> 93.293
A46: TOTAL MODULO 3 | H46: =SUM(H40:J45) -> 152.40966
A48: MÓDULO 4 - CUSTO DE REPOSIÇÃO DE PROFISSIONAL AUSENTE PAGAMENTO POR FATO GERADOR
A49: A | C49: Substituto na cobertura de férias | H49: =E20/12*5% -> 0.00032583333
A50: B | C50: Substituto na cobertura de ausencias legais | H50: =E12/30/12 -> 5.1829444
A51: C | C51: Substituto na cobertura de licença-paternidade | H51: =E12/30/12*5*1.5% -> 0.38872083
A52: D | C52: Substituto na cobertura de Ausencia por acidente de trabalho | H52: =E12/30/12*15*8% -> 6.2195333
A53: E | C53: Substituto na cobertura de Afastamento Maternidade | H53: =E20*5% -> 0.00391
A54: F | C54: Substituto na cobertura de outras ocorrencias (especificar) | H54: =E12/30/12*5*40% -> 10.365889
A55: G | C55: Incidência dos encargos do submódulo 2.2 sobre as ausências legais | H55: =SUM(H49:J54)*39.8% -> 8.8202067
A56: TOTAL | H56: =SUM(H49:J55) -> 30.98153
A57: SUBMÓDULO 4.1 - AFASTAMENTO MATERNIDADE - PAGAMENTO POR FATO GERADOR
A58: A | C58: Férias acrescidas de 1/3 pagas ao substituto pelos 120d de reposição | H58: =((((E12+(E12/3))*0.3333)/12)*2%) -> 1.3819803
A59: B | C59: Incidência dos encargos do Submódulo 2.2 sobre as férias acrescidas de 1/3 pagas ao substituto pelos 120d de reposição | H59: =H58*39.8% -> 0.55002816
A60: C | C60: Incidência dos encargos do Submódulo 2.2 sobre a remuneração e o 13º salário proporcionais aos 120d de reposição | H60: =(((E12+H17)*0.333)*2%)*39.8% -> 5.3577827
A61: D | C61: Outros
A62: TOTAL | H62: =SUM(H58:J61) -> 7.2897912
A63: SUBMÓDULO 4.2 -SUBSTITUTO NA INTRAJORNADA - PAGAMENTO POR FATO GERADOR
A64: A | C64: Substituto na cobertura de intervalo para repouso ou alimentação | H64: =((((E18+(E18/3))*0.3333)/12)*2%) -> 8.9620667e-05
A65: B | C65: Incidência dos encargos do Submódulo 2.2 sobre o intervalo para repouso e alimentação | H65: =H64*39.8% -> 3.5669025e-05
A66: TOTAL | H66: =SUM(H64:J65) -> 0.00012528969
A67: TOTAL DO MÓDULO 4 | E67: =H66+H62+H56 -> 38.271447
A69: MÓDULO 5 - INSUMOS DIVERSOS
A70: A | C70: Uniformes | H70: 200
A71: B | C71: Materiais
A72: C | C72: Equipamentos | H72: 15
A73: D | C73: Outros (especificar) | H73: 4.5
A74: TOTAL MODULO 5 | H74: =SUM(H70:J73) -> 219.5
A76: MÓDULO 6 - CUSTOS INDIRETOS, TRIBUTOS E LUCRO ****
A77: A | C77: Custos indiretos | E77: 0.07 | H77: =(H74+E67+H46+E37+E12)*E77 -> 290.38912
A78: B | C78: Lucro | E78: 0.075774403 | H78: =E78*(H74+E67+H46+E37+E12) -> 314.34375
A79: C | C79: Tributos | E79: 0.8575 | H79: =(H74+E67+H46+E37+E12)/E79 -> 4837.8029
A80: D | C80: Tributos Federais (PIS) | E80: 0.0165 | H80: =E80*D88 -> 62.03505
A81: D | C81: Tributos Federais (COFINS) | E81: 0.076 | H81: =E81*D88 -> 285.7372
A82: E | C82: Tributos Estaduais (ICMS)
A83: F | C83: Tributos Estaduais (ISS) | E83: 0.05 | H83: =E83*D88 -> 187.985
A84: TOTAL MODULO 6 | H84: =H77+H78+H80+H81+H83 -> 1140.4901
A86: CUSTO TOTAL POR EMPREGADO | H86: =SUM(H84+H74+E67+H46+E37+E12) -> 5288.9061
D88: 3759.7

Sheet MOTORISTA DE CARRO
A1: ANEXO I - PLANILHA DE VALORES E CUSTOS DOS POSTOS
A2: CARGO | D2: MOTORISTA DE ÔNIBUS
A4: MÓDULO 1 - COMPOSIÇÃO DA REMUNERAÇÃO *
A5: * Valor mensal devido ao empregado pela prestação do serviço no período de 12 meses
A6: A | B6: Salário-base | E6: 1832.02
A7: B | B7: Adicional de Periculosidade
A8: C | B8: Adicional Noturno
A9: D | B9: Adicional de Hora Noturna Reduzida
A10: E | B10: Outros (especificar)
A11: F | B11: Adicional de Insalubridade (Ver grau de ins. 10%, 20% ou 40% Sobre o salário mínimo)
A12: TOTAL MODULO 1 | E12: =SUM(E6:J11) -> 1832.02
A13: Incidência dos encargos do Submódulo 2.2 sobre a composição da remuneração | E13: =E12*E30 -> 674.18336
A15: MÓDULO 2 - ENCARGOS E BENEFÍCIOS ANUAIS, MENSAIS E DIÁRIOS
A16: SUBMÓDULO 2.1 - 13º SALÁRIO, FÉRIAS E ADICIONAL DE FÉRIAS PAGAMENTO POR FATO GERADOR
A17: A | B17: 13º Salário | E17: 0.0833 | H17: =E17*E12 -> 152.60727
A18: B | B18: Férias e Adicional de férias | E18: 0.121 | H18: =E18*E12 -> 221.67442
A19: TOTAL | H19: =SUM(H17:J18) -> 374.28169
A20: C | B20: Incidências dos encargos do submódulo 2.2 sobre o 13º salário, férias e adicional de férias | E20: 0.0782 | H20: =E12*E20 -> 143.26396
A21: SUBMÓDULO 2.2 - ENCARGOS PREVIDENCIÁRIOS (GPS), FUNDO DE GARANTIA POR TEMPO DE SERVIÇO (FGTS) E OUTRAS CONTRIBUIÇÕES *
A22: A | C22: INSS | E22: 0.2 | H22: =E22*(E12+H19) -> 441.26034
A23: B | C23: Salário Educação | E23: 0.025 | H23: =E23*(E12+H19) -> 55.157542
A24: C | C24: SAT | E24: 0.03 | H24: =E24*(E12+H19) -> 66.189051
